Workbook

Sheet Reform FAQs
B1: YOUR MOST IMPORTANT REFORM QUESTIONS ANSWERED - SIMPLE & STRAIGHTFORWARD
A2: 1 | B2: Why was it necessary to remove fuel subsidy? Why was a gradual sequencing with stronger cushioning measures to protect citizens from the immediate impact not considered?
A3: =A2+1 -> 2 | B3: What was the rationale for devaluing the Naira and allowing it to float freely given the predictable impact on the economy that is heavily import dependent?
A4: =A3+1 -> 3 | B4: If revenue collection has surpassed target, why is government still borrowing and how is all the money being spent?
A5: =A4+1 -> 4 | B5: With current borrowing levels, is Nigeria at risk of a debt trap, and mortgaging the future generations?
A6: =A5+1 -> 5 | B6: With the increase in poverty levels while macroeconomic indicators are improving, how do these reforms translate into tangible benefits for ordinary citizens?
A7: =A6+1 -> 6 | B7: Why does government prioritise building external reserves rather than deploying some of the resources toward economic relief or poverty alleviation?
A8: =A7+1 -> 7 | B8: It is generally believed that the federal government retains the largest share of federation revenues, why isn't this reflected in more infrastructure and human development spending rather than overhead?
A9: =A8+1 -> 8 | B9: If reforms are working, why does Nigeria continue to attract mostly short-term portfolio ("hot money") inflows rather than sustained foreign direct investment?
A10: =A9+1 -> 9 | B10: How realistic is government's goal of achieving a USD 1 trillion economy by 2030, and what is the roadmap to get there?
A11: =A10+1 -> 10 | B11: What concrete, measurable milestones can citizens hold government to, to track whether these reforms are delivering as promised?

Sheet Publication
B1: SUBSIDY SAVINGS, HIGHER REVENUE AND BORROWING - HOW THE MONEY IS SPENT
B2: Period Covered: June 2023 to December 2025 | Prepared by Federal Ministry of Finance - August 2026
B4: TABLE A - SUBSIDY SAVINGS | F4: APPENDINX 2
B5: Government | C5: Notes | D5: N'Billion | G5: How the Reform Benefits Ordinary Nigerians
B6: FG | C6: 1 | D6: ='Receipts & Utilisation'!J10+'Receipts & Utilisation'!J13 -> 5426.0728 | F6: 1 | G6: Wage increases and timely payment of salaries and pensions
B7: States | C7: 1 | D7: ='Receipts & Utilisation'!J11 -> 6524.76 | F7: =F6+1 -> 2 | G7: Settlement of pension arrears and gratuities owed to retirees
B8: LGs | C8: 1 | D8: ='Receipts & Utilisation'!J12 -> 3876.1985 | F8: =F7+1 -> 3 | G8: Wealth creation for millions of Nigerians through capital market gains
B9: TOTAL | D9: =SUM(D6:D8) -> 15827.031 | F9: =F8+1 -> 4 | G9: Transformative infrastructure development nationwide
F10: =F9+1 -> 5 | G10: Top globally friendly student loan scheme (NELFUND) and affordable consumer/SME credit
B11: TABLE B - INCREMENTAL BORROWING | F11: =F10+1 -> 6 | G11: Subsidised mortgage and housing schemes, plus social transfers to most vulnerable
B12: Period | C12: Notes | D12: N'Billion | F12: =F11+1 -> 7 | G12: Agricultural interventions strengthening food security
B13: 2023 (Jun - Dec) | C13: 3 | D13: ='Receipts & Utilisation'!G45 -> -647.3294 | F13: =F12+1 -> 8 | G13: Fuel availability and energy security despite global shocks
B14: 2024 (Jan - Dec) | C14: 3 | D14: ='Receipts & Utilisation'!H45 -> 4402.6133 | F14: =F13+1 -> 9 | G14: Return of investor confidence, driving local and international investment
B15: 2025 (Jan - Dec) | C15: 3 | D15: ='Receipts & Utilisation'!I45 -> 8098.2578 | F15: =F14+1 -> 10 | G15: Tax exemption for low-income earners and small businesses, and a friendlier tax environment for all
B16: TOTAL | D16: =SUM(D13:D15) -> 11853.542
G17: Harm the Reforms Prevented
B18: TABLE C - OTHER INCREMENTAL REVENUES (FG ONLY) | F18: 1 | G18: Hyperinflation from unchecked printing of the Naira
B19: Description | C19: Notes | D19: N'Billion | F19: =F18+1 -> 2 | G19: Total collapse of the Naira's value
B20: Internally generated revenues | D20: ='Receipts & Utilisation'!J21 -> 0 | F20: =F19+1 -> 3 | G20: Fuel scarcity and disruption of economic activities
B21: Government Owned Entities | C21: 2 | D21: ='Receipts & Utilisation'!J22 -> 3124.5105 | F21: =F20+1 -> 4 | G21: Greater poverty across the country
B22: TOTAL | D22: =SUM(D20:D21) -> 3124.5105 | F22: =F21+1 -> 5 | G22: Worsening insecurity fueled by economic crisis
F23: =F22+1 -> 6 | G23: Mass business collapse and deeper job losses
B24: TABLE D - TOTAL INCREMENTAL RESOURCES (FG ONLY) | F24: =F23+1 -> 7 | G24: Corruption in FX allocation and fuel subsidy scheme
B25: Description | C25: Notes | D25: N'Billion | F25: =F24+1 -> 8 | G25: Bankruptcy of many states and local governments
B26: Subsidy savings (FG) | D26: =D6 -> 5426.0728 | F26: =F25+1 -> 9 | G26: Much higher interest rates
B27: Other incremental revenues | D27: =D22 -> 3124.5105 | F27: =F26+1 -> 10 | G27: Multiplicity of taxes deepening the taxation of poverty
B28: Incremental borrowing | D28: =D16 -> 11853.542
B29: TOTAL | D29: =SUM(D26:D28) -> 20404.125 | G29: Call to Action
F30: 1 | G30: Be a Citizen - Support positive government policies. We can not build our country by opposing every government action.
B31: TABLE E - HOW THE MONEY IS SPENT | F31: =F30+1 -> 2 | G31: Criticise Constructively - Don’t run your country down. Whatever we amplify shapes perception and ultimately our economic reality.
B32: Descriptions | C32: Notes | D32: N'Billion | F32: =F31+1 -> 3 | G32: Play Your Part - Seek facts and proper understanding - not populist views or sensational headlines.
B33: Ext. debt service – impact of exch rate depreciation | D33: ='Receipts & Utilisation'!J59 -> 9365.7083
B34: Wage adjustments (min. wage increase, wage awards, allowances) | D34: ='Receipts & Utilisation'!J56 -> 9386.8979 | F34: For more information: Visit www.finance.gov.ng
B35: Strategic infrastructure development | C35: 3E | D35: ='Receipts & Utilisation'!J57 -> 6465.3932
B36: Electricity subsidy (incremental amount) | D36: ='Receipts & Utilisation'!J58 -> 3138.1467
B37: Domestic debt service – Impact of MPC rate hike | D37: ='Receipts & Utilisation'!J60 -> 1240.2411
B38: FCT Development, Ecological Fund, Natural Resource Inv etc | D38: ='Receipts & Utilisation'!J13 -> 419.10035
B39: Social welfare transfers | D39: ='Receipts & Utilisation'!J61 -> 423.8
B40: Higher naira cost of foreign obligations | D40: ='Receipts & Utilisation'!J62 -> 201.25717
B41: Total incremental expenses | D41: =SUM(D33:D40) -> 30640.545
B42: Reform costs funded from existing revenue base | D42: =D41-D29 -> 10236.42
B44: APPENDIX 1
B45: Nigeria Economic Reform Scorecard
B46: Gains, Costs & Harms Prevented
B47: Fiscal sustainability: substantially improved | External stability: substantially improved | Investor confidence: significantly improved, FDI rising | Growth: improving, needs to accelerate | Household welfare: weak, beginning to improve
B48: 1. Fiscal Sustainability — fiscal capacity, debt burden, revenue mobilisation & discipline
B49: Indicator | C49: Baseline (May '23) | D49: Current Position | E49: No-Reform '26 Est. | F49: Reform Assessment
B50: Debt Service / Revenue | C50: ~100% (2022) | D50: ~50% (2026 proj.) | E50: 100–200% | F50: 🟢 Major improvement
B51: Tax-to-GDP Ratio | C51: <10% | D51: ~12.5% | E51: ~6% | F51: 🟢 Gains in growth phase
B52: States Unable to Pay Salaries | C52: 27 States (2023) | D52: 0 State (2026) | E52: At least 30 States | F52: 🟢 Bankruptcy prevented
B53: Ways & Means / Monetary Financing | C53: ₦30tn legacy stock | D53: Curtailed | E53: At least ₦60tn and rising | F53: 🟢 Structural improvement
B54: Sovereign Credit Rating (S&P) | C54: B− | D54: B / Stable | E54: CCC risk | F54: 🟢 Upgraded
B55: 2. External Stability — external buffers, currency stability, external-sector credibility
B56: Indicator | C56: Baseline (May '23) | D56: Current Position | E56: No-Reform '26 Est. | F56: Reform Assessment
B57: Gross FX Reserves | C57: ~$35bn | D57: $52.5bn (Jul 2026) | E57: $15–25bn | F57: 🟢 Major improvement
B58: Net FX Reserves | C58: ~$3.0bn (2023) | D58: $34.8bn (end-2025) | E58: Near zero / negative | F58: 🟢 Major improvement
B59: Official Exchange Rate | C59: ~₦460/$ | D59: ~₦1,358/$ (Aug 2026) | E59: ₦550–800/$ but unavailable | F59: 🟡 Structural improvement
B60: Official/Parallel FX Premium | C60: ~60%+ | D60: <5% | E60: 150–200%+ | F60: 🟢 Major normalisation
B61: Current Account Balance | C61: $1.21bn surplus (2023) | D61: $14.04bn surplus (2025) | E61: $2bn to $5bn deficit | F61: 🟢 Much stronger balance
B62: 3. Investment Climate — financial conditions, investor confidence, capital markets
B63: Indicator | C63: Baseline (May '23) | D63: Current Position | E63: No-Reform '26 Est. | F63: Reform Assessment
C64: $1.13bn (Q1-2023) | D64: $10.37bn (Q1-2026) | E64: $1–3bn/quarter | F64: 🟢 Very strong recovery
B65: FDI | C65: $895m (2022) | D65: $4.01bn (2025) | E65: <$500m | F65: 🟡 Better, growing stronger
B66: Stock Market Capitalisation | C66: ~₦31tn (May-2023) | D66: ~₦150tn (June-2026) | E66: <₦30tn | F66: 🟢 Very strong recovery
B67: Monetary Policy Rate | C67: 0.185 | D67: 0.265 | E67: >35%+ under crisis adj. | F67: 🟡 Cost of stabilisation
B68: Sovereign Eurobond Yield | C68: ~10 to 13% | D68: ~7–8% (mid-2026) | E68: 12–18% / impaired access | F68: 🟢 Improved
B69: 4. Social Impact — how macro conditions translate into household welfare
B70: Indicator | C70: Baseline (May '23) | D70: Current Position | E70: No-Reform '26 Est. | F70: Reform Assessment
B71: Headline Inflation | C71: 0.2241 | D71: 15.91% (Jun 2026) | E71: 30–50% after disorderly adj. | F71: 🟢 Improving, after early pain
B72: Food Inflation | C72: 0.2482 | D72: 0.1752 | E72: 35–60% | F72: 🟡 Improving
B73: PMS Price / litre | C73: ~₦185 | D73: ~₦1,100 to ₦1,400 | E73: ~₦185 unavailable, >₦3,000 black market | F73: 🟡 Major cost factor but the worse prevented
B74: Minimum Wage | C74: 30000 | D74: 70000 | E74: ₦30,000–50,000 unpaid | F74: 🟡 Nominal gain; real mixed
B75: Poverty / Household Welfare | C75: High | D75: High; recovery in progress | E75: Severe under crisis scenario | F75: 🟡 WIP, unfinished business
B76: 5. Growth & Productivity — scale, pace, and breadth of economic expansion
B77: Indicator | C77: Baseline (May '23) | D77: Current Position | E77: No-Reform '26 Est. | F77: Reform Assessment
B78: Real GDP Growth | C78: 2.31% (Q1-2023) | D78: 3.89% (Q1-2026) | E78: Likely recession -1–2.5% | F78: 🟢 Improved
B79: Real GDP Per Capita Growth | C79: Negative / contracting | D79: Positive / expanding | E79: −2% to 0% | F79: 🟢 Wrong direction reversed
B80: Non-Oil GDP Growth | C80: <2.0% Weak | D80: ~4.0% (2026 proj.) | E80: 1.0 to –2% | F80: 🟢 Improving
B81: Manufacturing Growth | C81: <1.0%, very weak | D81: 3.29% (Q1-2026) | E81: 0 to –2% | F81: 🟢 Improved
B82: Oil Production | C82: ~1.2–1.4 mbpd | D82: ~1.6–1.75 mbpd | E82: <1.2 mbpd | F82: 🟢 Improved

Sheet Receipts & Utilisation
B1: NOTE 1
B2: SUBSIDY SAVINGS - JUNE 2023 TO DECEMBER 2025
B3: Description | E3: Notes | F3: 2022 [Pre-subsidy removal] | G3: 2023 | H3: 2024 | I3: 2025 | J3: Total
B4: Period covered | F4: Jun 2022 - May 2023 | G4: June-Dec | H4: Jan-Dec | I4: Jan-Dec | J4: June 2023 - Dec 2025
F5: NGN'Billion | G5: NGN'Billion | H5: NGN'Billion | I5: NGN'Billion | J5: NGN'Billion
B6: Net FAAC revenue (actual) | E6: 1A | F6: =SUM(FAAC!E11:E17)+SUM(FAAC!E26:E30) -> 9511.961 | G6: =SUM(FAAC!E31:E37) -> 6843.146 | H6: =FAAC!E58 -> 15259.004 | I6: =FAAC!E78 -> 21897.289 | J6: =SUM(G6:I6) -> 43999.439
B7: Net FAAC revenue (without subsidy removal) | D7: 0.08 | E7: 1B | F7: =F6 -> 9511.961 | G7: =(F7/12*7)*(100%+(D7/12*7)) -> 5807.5806 | H7: =(G7/7*12)*(1+D7) -> 10752.321 | I7: =H7*(1+D7) -> 11612.506 | J7: =SUM(G7:I7) -> 28172.408
B8: Subsidy Savings | F8: =F6-F7 -> 0 | G8: =G6-G7 -> 1035.5654 | H8: =H6-H7 -> 4506.6833 | I8: =I6-I7 -> 10284.783 | J8: =J6-J7 -> 15827.031
B9: Distribution of savings:
B10: Allocated to: | C10: Federal Government | E10: 1A | F10: 0 | G10: =FAAC!F39*'Receipts & Utilisation'!G8 -> 357.9637 | H10: =FAAC!F59*'Receipts & Utilisation'!H8 -> 1349.8267 | I10: =FAAC!F79*'Receipts & Utilisation'!I8 -> 3299.182 | J10: =SUM(F10:I10) -> 5006.9724
C11: States | E11: 1A | F11: 0 | G11: =FAAC!G39*'Receipts & Utilisation'!G8 -> 399.03091 | H11: =FAAC!G59*'Receipts & Utilisation'!H8 -> 1929.6196 | I11: =FAAC!G79*'Receipts & Utilisation'!I8 -> 4196.1095 | J11: =SUM(F11:I11) -> 6524.76
C12: Local governments | E12: 1A | F12: 0 | G12: =FAAC!H39*'Receipts & Utilisation'!G8 -> 248.39111 | H12: =FAAC!H59*'Receipts & Utilisation'!H8 -> 1114.7523 | I12: =FAAC!H79*'Receipts & Utilisation'!I8 -> 2513.0551 | J12: =SUM(F12:I12) -> 3876.1985
C13: Others - Ecological Fund, Stabilisation Fund, Dev of Nat. Resources, FCT | E13: 1A | F13: 0 | G13: =G8-G10-G11-G12 -> 30.179654 | H13: =H8-H10-H11-H12 -> 112.48466 | I13: =I8-I10-I11-I12 -> 276.43604 | J13: =J8-J10-J11-J12 -> 419.10035
C14: Total net savings | F14: =SUM(F10:F12) -> 0 | G14: =SUM(G10:G13) -> 1035.5654 | H14: =SUM(H10:H13) -> 4506.6833 | I14: =SUM(I10:I13) -> 10284.783 | J14: =SUM(J10:J13) -> 15827.031
B16: NOTE 2
B17: OTHER INCREMENTAL REVENUE - JUNE 2023 TO DECEMBER 2025
B18: Description | E18: Notes | F18: 2022 [Pre-subsidy removal] | G18: 2023 | H18: 2024 | I18: 2025 | J18: Total
B19: Period covered | F19: Jun 2022 - May 2023 | G19: June-Dec | H19: Jan-Dec | I19: Jan-Dec | J19: June 2023 - Dec 2025
F20: NGN'Billion | G20: NGN'Billion | H20: NGN'Billion | I20: NGN'Billion | J20: NGN'Billion
B21: Government Owned Entities - FG | F21: 0 | G21: 0 | H21: 0 | I21: 0 | J21: =SUM(G21:I21) -> 0
B22: Other Independent Revenues - FG | F22: =(IGR!F7/1000000000)/12*5+(IGR!G6/1000000000) -> 1452.8908 | G22: =IGR!H9/1000000000 -> -336.9143 | H22: =IGR!I9/1000000000 -> 1551.443 | I22: =IGR!J9/1000000000 -> 1909.9818 | J22: =SUM(G22:I22) -> 3124.5105
B23: Total IGR - Actual | F23: =SUM(F21:F22) -> 1452.8908 | G23: =SUM(G21:G22) -> -336.9143 | H23: =SUM(H21:H22) -> 1551.443 | I23: =SUM(I21:I22) -> 1909.9818 | J23: =SUM(G23:I23) -> 3124.5105
B24: Total IGR at normal growth rate | D24: =IGR!K10 -> 0.60930133 | J24: =SUM(G24:I24) -> 0
B25: Incremental IGR | F25: =F23-F24 -> 1452.8908 | G25: =G23-G24 -> -336.9143 | H25: =H23-H24 -> 1551.443 | I25: =I23-I24 -> 1909.9818 | J25: =J23-J24 -> 3124.5105
B27: NOTE 3
B28: INCREMENTAL BORROWING - JUNE 2023 TO DECEMBER 2025
B29: Description | E29: Notes | F29: Jun 2023 [pre-reform) | G29: Dec 2023 | H29: Dec 2024 | I29: Dec 2025 | J29: Total
B30: Total public debt: | F30: Billion | G30: Billion | H30: Billion | I30: Billion | J30: Billion
C31: External (USD) | E31: 2 | F31: =Debt!C5/1000 -> 42.6717 | G31: =Debt!E5/1000 -> 42.49516 | H31: =Debt!G5/1000 -> 45.78045 | I31: =Debt!I5/1000 -> 51.85603 | K31: Balances per DMO
C32: Exchange rate [USD to NGN] | E32: 2 | F32: 460.35 | G32: =Debt!E10 -> 907.11 | H32: =Debt!G10 -> 1535 | I32: =Debt!I10 -> 1450.3 | K32: Applicable closing exch rates
C33: Naira value of external debt | F33: =F31*F32 -> 19643.917 | G33: =G31*G32 -> 38547.785 | H33: =H31*H32 -> 70272.991 | I33: =I31*I32 -> 75206.8
C34: Domestic debt component (NGN) | E34: 2 | F34: =(Debt!D9/1000)-'Receipts & Utilisation'!F33 -> 30209.768 | G34: =Debt!F6/1000 -> 59120.859 | H34: =Debt!H6/1000 -> 74377.92 | I34: =Debt!J6/1000 -> 84849.334
C35: Total public debt (NGN) | F35: =SUM(F33:F34) -> 49853.685 | G35: =SUM(G33:G34) -> 97668.643 | H35: =SUM(H33:H34) -> 144650.91 | I35: =SUM(I33:I34) -> 160056.13
B36: Adjustments:
C37: States debt portion | E37: 2 | F37: =Debt!D8/1000 -> 5478.9936 | G37: =Debt!F8/1000 -> 5862.8469 | H37: =Debt!H8/1000 -> 3968.0573 | I37: =Debt!J8/1000 -> 4360.4688
C38: Exch rate valuation of opening external debt | F38: 0 | G38: =F31*(G32-F32) -> 19064.009 | H38: =(G31*(H32-G32)+G38) -> 45746.295 | I38: =(H31*(I32-H32)+H38) -> 41868.691 | K38: Adjust for exch rate impact of debt stock
C39: Previously unreported Ways & Means | F39: 0 | G39: 22719 | H39: =7000+G39 -> 29719 | I39: =H39 -> 29719 | K39: Cummulative Ways & Means Securitised.
C40: Total adjustments | F40: =SUM(F37:F39) -> 5478.9936 | G40: =SUM(G37:G39) -> 47645.856 | H40: =SUM(H37:H39) -> 79433.352 | I40: =SUM(I37:I39) -> 75948.159
B42: Public debt stock (FGN) | F42: =F35-F40 -> 44374.692 | G42: =G35-G40 -> 50022.788 | H42: =H35-H40 -> 65217.559 | I42: =I35-I40 -> 84107.975
B43: Net borrowing post reform (FGN) | F43: 0 | G43: =G42-F42 -> 5648.0961 | H43: =H42-G42 -> 15194.771 | I43: =I42-H42 -> 18890.416 | J43: =SUM(F43:I43) -> 39733.283 | K43: IMF debt repayment?
B44: Average annual borrowing pre reform | E44: 3X | G44: =Debt!F57/12*7 -> 6295.4255 | H44: =Debt!F57 -> 10792.158 | I44: =Debt!F57 -> 10792.158 | J44: =SUM(F44:I44) -> 27879.742
B45: Incremental borrowing | F45: =F43-F44 -> 0 | G45: =G43-G44 -> -647.3294 | H45: =H43-H44 -> 4402.6133 | I45: =I43-I44 -> 8098.2578 | J45: =J43-J44 -> 11853.542
B47: NOTE 4
B48: UTILISATION OF INCREMENTAL REVENUE AND BORROWING
B49: Receipts | F49: NGN'Billion | G49: NGN'Billion | H49: NGN'Billion | I49: NGN'Billion | J49: NGN'Billion
G50: Jun 2023 - Dec 2023 | H50: 2024 | I50: 2025 | J50: Total
C51: Subsidy savings (FG + Others) | F51: =F10+F13 -> 0 | G51: =G10+G13 -> 388.14335 | H51: =H10+H13 -> 1462.3113 | I51: =I10+I13 -> 3575.6181 | J51: =J10+J13 -> 5426.0728
C52: Other incremental revenue (FGN) | F52: =F25 -> 1452.8908 | G52: =G25 -> -336.9143 | H52: =H25 -> 1551.443 | I52: =I25 -> 1909.9818 | J52: =SUM(G52:I52) -> 3124.5105 | K52: Add FAAC transfers & non-reform revenues
C53: Incremental net borrowing post subsidy removal (FGN) | F53: =F45 -> 0 | G53: =G45 -> -647.3294 | H53: =H45 -> 4402.6133 | I53: =I45 -> 8098.2578 | J53: =J45 -> 11853.542
C54: Total incremental receipts | F54: =SUM(F51:F53) -> 1452.8908 | G54: =SUM(G51:G53) -> -596.10036 | H54: =SUM(H51:H53) -> 7416.3676 | I54: =SUM(I51:I53) -> 13583.858 | J54: =SUM(J51:J53) -> 20404.125
B55: Incremental Expenditure
C56: Wage adjustments (min wage increase, wage awards, increased allowances) | E56: x | F56: 0 | G56: 0 | H56: =Expenses!D8 -> 3297.231 | I56: =Expenses!D9 -> 6089.6669 | J56: =SUM(F56:I56) -> 9386.8979
C57: Strategic infrastructure development | E57: x | F57: 0 | G57: 0 | H57: =Infrastructure!$E$100/1000000000/2 -> 3232.6966 | I57: =Infrastructure!$E$100/1000000000/2 -> 3232.6966 | J57: =SUM(F57:I57) -> 6465.3932
C58: Electricity subsidy (incremental amount) | E58: x | F58: 0 | G58: ='Electricity subsidy'!G7/1000000000 -> 176.83708 | H58: ='Electricity subsidy'!H7/1000000000 -> 1486.6195 | I58: ='Electricity subsidy'!I7/1000000000 -> 1474.6901 | J58: =SUM(F58:I58) -> 3138.1467
C59: External debt service (impact of exch rate depreciation) | E59: x | F59: 0 | G59: =(Debt!C20/1000)/12*7 -> 455.63675 | H59: =Debt!D20/1000 -> 4603.5476 | I59: =Debt!E20/1000 -> 4306.524 | J59: =SUM(F59:I59) -> 9365.7083
C60: Domestic debt service (impact of rate hike by MPC to tackle inflation) | E60: x | F60: 0 | G60: =Debt!D36/12*7 -> -9.6290249 | H60: =Debt!E36 -> 450.16721 | I60: =Debt!F36 -> 799.70295 | J60: =SUM(F60:I60) -> 1240.2411
C61: Cash transfers, concesional loans for SMEs, NELFUND, MREIF, CreditCorp, Family Homes etc | E61: x | F61: 0 | G61: =Transfers!C8 -> 0 | H61: =Transfers!D8 -> 193.8 | I61: =Transfers!E8 -> 230 | J61: =SUM(F61:I61) -> 423.8
C62: Higher naira cost of foreign obligations (foreign missions, international membership etc) | E62: x | F62: 0 | G62: =Expenses!D29 -> 25.887167 | H62: =Expenses!E29 -> 165.31 | I62: =Expenses!F29 -> 10.06 | J62: =SUM(F62:I62) -> 201.25717 | K62: Paid portion estimated, actual higher but not fully paid
C63: Ecological Fund, Stabilisation Fund, Dev of Nat. Resources, FCT | F63: =F13 -> 0 | G63: =G13 -> 30.179654 | H63: =H13 -> 112.48466 | I63: =I13 -> 276.43604 | J63: =J13 -> 419.10035 | K63: Check FCT total releases (FCT+FG)
C64: Others - Balances, Savings & NSIA investment etc | F64: 0 | G64: 0 | H64: 0 | I64: 0 | J64: =SUM(F64:I64) -> 0
C65: Total incremental expenses | F65: =SUM(F56:F64) -> 0 | G65: =SUM(G56:G64) -> 678.91162 | H65: =SUM(H56:H64) -> 13541.857 | I65: =SUM(I56:I64) -> 16419.777 | J65: =SUM(J56:J64) -> 30640.545
J66: =J54-J65 -> -10236.42 | K66: Non-reform related revenue + FAAC transfers + Recoveries
B67: Notes:
B68: Subsidy removal resulted in less borrowing rather than huge savings. The real savings resulted from increases in fx taxes and NNPCL remittances
B69: FG made some payments, refunds and reimbusements to states
B70: Previous subsidy reduction savings were warehoused and managed only by FG
B71: Borrowing is within approvals by NASS and complies with the Fiscal Responsibility Act (HC and Capex)
B72: Increased spending on security
B74: How does the reform benefit the ordinary Nigerian?
A75: 1 | B75: Wage increases, wage awards and timely payments of salaries
A76: 2 | B76: Payment of pension arrears and gratuities
A77: 3 | B77: Capital market wealth
A78: 4 | B78: Inflation could have been worse
A79: 5 | B79: Less unemployment as more businesses would have exited or ceased
A80: 6 | B80: Availability of fx for subscription and debit cards usage
B82: Information Requests:
A83: 1 | B83: Director Home Finance | C83: FAAC monthly gross (oil, non-oil, VAT), net and distributions to FG, States, LGs and others from Jan 2020 to Dec 2025; savings & NSIA investments for 2022, 2023, 2024 & 2025
A84: 2 | B84: CBN | C84: Ways & Means balances from 2020 to 2025 and movements with explanation
A85: 3 | B85: DMO | C85: Debt stock and movements from 2022 to 2025 for FG & subnational (external & local) with respective exchange rates used for closing balance valuation
A86: 4 | B86: AGF | C86: Information on the inremental expenses above including any major expense increases ommited
A87: 5 | B87: FCT Minister | C87: Analysis of infrastructure expenditure from 2022 to 2025
B89: To Dos:
B90: Weighted FAAC shared ratios for FG, States & LGs for 2022 to 2025
B91: Design infographics and press release / consider a press briefing

Sheet FAAC
B2: NOTE 1A - FAAC ANALYSIS | L2: FAAC ANALYSIS
B4: 2022 | C4: Gross | D4: Deductions | E4: Net | F4: FG | G4: States | H4: LGs | I4: Others | L4: 2022 | M4: Gross | N4: Deductions | O4: Net | P4: FG | Q4: States | R4: LGs | S4: Others
C5: N'Billion | D5: N'Billion | E5: N'Billion | F5: N'Billion | G5: N'Billion | H5: N'Billion | I5: N'Billion | M5: N'Billion | N5: N'Billion | O5: N'Billion | P5: N'Billion | Q5: N'Billion | R5: N'Billion | S5: N'Billion
B6: January | C6: 0 | D6: 0 | E6: =C6-D6 -> 0 | F6: 0 | G6: 0 | H6: 0 | I6: 0 | L6: January | M6: 0 | N6: 0 | O6: 0 | P6: 0 | Q6: 0 | R6: 0 | S6: 0
B7: February | C7: 0 | D7: 0 | E7: =C7-D7 -> 0 | F7: 0 | G7: 0 | H7: 0 | I7: 0 | L7: February | M7: 0 | N7: 0 | O7: 0 | P7: 0 | Q7: 0 | R7: 0 | S7: 0
B8: March | C8: 0 | D8: 0 | E8: =C8-D8 -> 0 | F8: 0 | G8: 0 | H8: 0 | I8: 0 | L8: March | M8: 0 | N8: 0 | O8: 0 | P8: 0 | Q8: 0 | R8: 0 | S8: 0
B9: April | C9: 0 | D9: 0 | E9: =C9-D9 -> 0 | F9: 0 | G9: 0 | H9: 0 | I9: 0 | L9: April | M9: 0 | N9: 0 | O9: 0 | P9: 0 | Q9: 0 | R9: 0 | S9: 0
B10: May | C10: 0 | D10: 0 | E10: =C10-D10 -> 0 | F10: 0 | G10: 0 | H10: 0 | I10: 0 | L10: May | M10: 0 | N10: 0 | O10: 0 | P10: 0 | Q10: 0 | R10: 0 | S10: 0
B11: June | C11: ='2022'!J25 -> 904.45 | D11: ='2022'!J27+'2022'!J28 -> 223.668 | E11: =C11-D11 -> 680.782 | F11: ='2022'!J31 -> 211.911 | G11: ='2022'!J32+'2022'!J34 -> 275.277 | H11: ='2022'!J33 -> 175.942 | I11: ='2022'!J42 -> 17.652 | L11: June | M11: 904.45 | N11: 223.668 | O11: 680.782 | P11: 211.911 | Q11: 275.277 | R11: 175.942 | S11: 17.652
B12: July | C12: ='2022'!K25 -> 1220.211 | D12: ='2022'!K27+'2022'!K28 -> 417.806 | E12: =C12-D12 -> 802.405 | F12: ='2022'!K31 -> 296.69 | G12: ='2022'!K32+'2022'!K34 -> 298.217 | H12: ='2022'!K33 -> 182.33 | I12: ='2022'!K42 -> 25.168 | L12: July | M12: 1220.211 | N12: 417.806 | O12: 802.405 | P12: 296.69 | Q12: 298.217 | R12: 182.33 | S12: 25.168
B13: August | C13: ='2022'!L25 -> 1257.101 | D13: ='2022'!L27+'2022'!L28 -> 303.017 | E13: =C13-D13 -> 954.084 | F13: ='2022'!L31 -> 374.683 | G13: ='2022'!L32+'2022'!L34 -> 336.857 | H13: ='2022'!L33 -> 210.617 | I13: ='2022'!L42 -> 31.927 | L13: August | M13: 1257.101 | N13: 303.017 | O13: 954.084 | P13: 374.683 | Q13: 336.857 | R13: 210.617 | S13: 31.927
B14: September | C14: ='2022'!M25 -> 885.531 | D14: ='2022'!M27+'2022'!M28 -> 212.394 | E14: =C14-D14 -> 673.137 | F14: ='2022'!M31 -> 239.448 | G14: ='2022'!M32+'2022'!M34 -> 249.25 | H14: ='2022'!M33 -> 164.247 | I14: ='2022'!M42 -> 20.192 | L14: September | M14: 885.531 | N14: 212.394 | O14: 673.137 | P14: 239.448 | Q14: 249.25 | R14: 164.247 | S14: 20.192
B15: October | C15: ='2022'!N25 -> 1098.182 | D15: ='2022'!N27+'2022'!N28 -> 337.947 | E15: =C15-D15 -> 760.235 | F15: ='2022'!N31 -> 271.273 | G15: ='2022'!N32+'2022'!N34 -> 293.215 | H15: ='2022'!N33 -> 172.777 | I15: ='2022'!N42 -> 22.97 | L15: October | M15: 1098.182 | N15: 337.947 | O15: 760.235 | P15: 271.273 | Q15: 293.215 | R15: 172.777 | S15: 22.97
B16: November | C16: ='2022'!O25 -> 957.085 | D16: ='2022'!O27+'2022'!O28 -> 220.304 | E16: =C16-D16 -> 736.781 | F16: ='2022'!O31 -> 271.036 | G16: ='2022'!O32+'2022'!O34 -> 265.74 | H16: ='2022'!O33 -> 177.087 | I16: ='2022'!O42 -> 22.918 | L16: November | M16: 957.085 | N16: 220.304 | O16: 736.781 | P16: 271.036 | Q16: 265.74 | R16: 177.087 | S16: 22.918
B17: December | C17: ='2022'!P25 -> 1175.036 | D17: ='2022'!P27+'2022'!P28 -> 272.983 | E17: =C17-D17 -> 902.053 | F17: ='2022'!P31 -> 330.474 | G17: ='2022'!P32+'2022'!P34 -> 341.053 | H17: ='2022'!P33 -> 202.486 | I17: ='2022'!P42 -> 28.04 | L17: December | M17: 1175.036 | N17: 272.983 | O17: 902.053 | P17: 330.474 | Q17: 341.053 | R17: 202.486 | S17: 28.04
B18: TOTAL | C18: =SUM(C6:C17) -> 7497.596 | D18: =SUM(D6:D17) -> 1988.119 | E18: =SUM(E6:E17) -> 5509.477 | F18: =SUM(F6:F17) -> 1995.515 | G18: =SUM(G6:G17) -> 2059.609 | H18: =SUM(H6:H17) -> 1285.486 | I18: =SUM(I6:I17) -> 168.867 | L18: TOTAL | M18: 7497.596 | N18: 1988.119 | O18: 5509.477 | P18: 1995.515 | Q18: 2059.609 | R18: 1285.486 | S18: 168.867
B19: Share of net FAAC | C19: =100% -> 1 | D19: =D18/C18 -> 0.26516753 | E19: =E18/C18 -> 0.73483247 | F19: =F18/E18 -> 0.36219681 | G19: =G18/E18 -> 0.37383022 | H19: =H18/E18 -> 0.23332269 | I19: =I18/E18 -> 0.030650278 | L19: Share of net FAAC | M19: 1 | N19: 0.26516753 | O19: 0.73483247 | P19: 0.36219681 | Q19: 0.37383022 | R19: 0.23332269 | S19: 0.030650278
B20: Note: | L20: Note:
B21: Others is made up of Ecological Fund (1%), Stabilisation Fund (0.5%), Development of Natural Resources (1.68%), FCT 1% | L21: Others is made up of Ecological Fund (1%), Stabilisation Fund (0.5%), Development of Natural Resources (1.68%), FCT 1%
B22: Deductions comprise Statutory Transfers, Cost of Collections, Intervention, Refunds, Savings & Investments | L22: Deductions comprise Statutory Transfers, Cost of Collections, Intervention, Refunds, Savings & Investments
B24: 2023 | C24: Gross | D24: Deductions | E24: Net | F24: FG | G24: States | H24: LGs | I24: Others | L24: 2023 | M24: Gross | N24: Deductions | O24: Net | P24: FG | Q24: States | R24: LGs | S24: Others
C25: N'Billion | D25: N'Billion | E25: N'Billion | F25: N'Billion | G25: N'Billion | H25: N'Billion | I25: N'Billion | M25: N'Billion | N25: N'Billion | O25: N'Billion | P25: N'Billion | Q25: N'Billion | R25: N'Billion | S25: N'Billion
B26: January | C26: ='2023'!E25 -> 1436.865 | D26: =C26-E26 -> 446.675 | E26: ='2023'!E29 -> 990.19 | F26: ='2023'!E31 -> 346.016 | G26: ='2023'!E32+'2023'!E34 -> 393.077 | H26: ='2023'!E33 -> 221.807 | I26: ='2023'!E41 -> 29.29 | L26: January | M26: 1436.865 | N26: 446.675 | O26: 990.19 | P26: 346.016 | Q26: 393.077 | R26: 221.807 | S26: 29.29
B27: February | C27: ='2023'!F25 -> 1032.512 | D27: =C27-E27 -> 282.339 | E27: ='2023'!F29 -> 750.173 | F27: ='2023'!F31 -> 263.071 | G27: ='2023'!F32+'2023'!F34 -> 281.713 | H27: ='2023'!F33 -> 183.225 | I27: ='2023'!F41 -> 22.164 | L27: February | M27: 1032.512 | N27: 282.339 | O27: 750.173 | P27: 263.071 | Q27: 281.713 | R27: 183.225 | S27: 22.164
B28: March | C28: ='2023'!G25 -> 860.035 | D28: =C28-E28 -> 137.358 | E28: ='2023'!G29 -> 722.677 | F28: ='2023'!G31 -> 248.162 | G28: ='2023'!G32+'2023'!G34 -> 279.679 | H28: ='2023'!G33 -> 173.935 | I28: ='2023'!G41 -> 20.901 | L28: March | M28: 860.035 | N28: 137.358 | O28: 722.677 | P28: 248.162 | Q28: 279.679 | R28: 173.935 | S28: 20.901
B29: April | C29: ='2023'!H25 -> 872.55 | D29: =C29-E29 -> 157.922 | E29: ='2023'!H29 -> 714.628 | F29: ='2023'!H31 -> 254.643 | G29: ='2023'!H32+'2023'!H34 -> 267.231 | H29: ='2023'!H33 -> 171.257 | I29: ='2023'!H41 -> 21.497 | L29: April | M29: 872.55 | N29: 157.922 | O29: 714.628 | P29: 254.643 | Q29: 267.231 | R29: 171.257 | S29: 21.497
B30: May | C30: ='2023'!I25 -> 976.337 | D30: =C30-E30 -> 151.521 | E30: ='2023'!I29 -> 824.816 | F30: ='2023'!I31 -> 253.588 | G30: ='2023'!I32+'2023'!I34 -> 336.31 | H30: ='2023'!I33 -> 213.672 | I30: ='2023'!I41 -> 21.246 | L30: May | M30: 976.337 | N30: 151.521 | O30: 824.816 | P30: 253.588 | Q30: 336.31 | R30: 213.672 | S30: 21.246
B31: June | C31: ='2023'!J25 -> 1134.026 | D31: =C31-E31 -> 201.431 | E31: ='2023'!J29 -> 932.595 | F31: ='2023'!J31 -> 340.229 | G31: ='2023'!J32+'2023'!J34 -> 341.808 | H31: ='2023'!J33 -> 221.786 | I31: ='2023'!J41 -> 28.772 | L31: June | M31: 1134.026 | N31: 201.431 | O31: 932.595 | P31: 340.229 | Q31: 341.808 | R31: 221.786 | S31: 28.772
B32: July | C32: ='2023'!K25 -> 1886.301 | D32: =C32-E32 -> 979.247 | E32: ='2023'!K29 -> 907.054 | F32: ='2023'!K31 -> 318.686 | G32: ='2023'!K32+'2023'!K34 -> 343.426 | H32: ='2023'!K33 -> 218.064 | I32: ='2023'!K41 -> 26.878 | L32: July | M32: 1886.301 | N32: 979.247 | O32: 907.054 | P32: 318.686 | Q32: 343.426 | R32: 218.064 | S32: 26.878
B33: August | C33: ='2023'!L25 -> 1802.802 | D33: =C33-E33 -> 798.627 | E33: ='2023'!L29 -> 1004.175 | F33: ='2023'!L31 -> 361.374 | G33: ='2023'!L32+'2023'!L34 -> 376.012 | H33: ='2023'!L33 -> 236.232 | I33: ='2023'!L41 -> 30.557 | L33: August | M33: 1802.802 | N33: 798.627 | O33: 1004.175 | P33: 361.374 | Q33: 376.012 | R33: 236.232 | S33: 30.557
B34: September | C34: ='2023'!M25 -> 1483.904 | D34: =C34-E34 -> 383.801 | E34: ='2023'!M29 -> 1100.103 | F34: ='2023'!M31 -> 397.666 | G34: ='2023'!M32+'2023'!M34 -> 402.319 | H34: ='2023'!M33 -> 266.539 | I34: ='2023'!M41 -> 33.579 | L34: September | M34: 1483.904 | N34: 383.801 | O34: 1100.103 | P34: 397.666 | Q34: 402.319 | R34: 266.539 | S34: 33.579
B35: October | C35: ='2023'!N25 -> 1594.764 | D35: =C35-E35 -> 691.283 | E35: ='2023'!N29 -> 903.481 | F35: ='2023'!N31 -> 295.668 | G35: ='2023'!N32+'2023'!N34 -> 372.037 | H35: ='2023'!N33 -> 210.9 | I35: ='2023'!N41 -> 24.876 | L35: October | M35: 1594.764 | N35: 691.283 | O35: 903.481 | P35: 295.668 | Q35: 372.037 | R35: 210.9 | S35: 24.876
B36: November | C36: ='2023'!O25 -> 1346.52 | D36: =C36-E36 -> 439.564 | E36: ='2023'!O29 -> 906.956 | F36: ='2023'!O31 -> 298.342 | G36: ='2023'!O32+'2023'!O34 -> 358.392 | H36: ='2023'!O33 -> 225.21 | I36: ='2023'!O41 -> 25.012 | L36: November | M36: 1346.52 | N36: 439.564 | O36: 906.956 | P36: 298.342 | Q36: 358.392 | R36: 225.21 | S36: 25.012
B37: December | C37: ='2023'!P25 -> 1620.334 | D37: =C37-E37 -> 531.552 | E37: ='2023'!P29 -> 1088.782 | F37: ='2023'!P31 -> 371.562 | G37: ='2023'!P32+'2023'!P34 -> 427.106 | H37: ='2023'!P33 -> 258.81 | I37: ='2023'!P41 -> 31.304 | L37: December | M37: 1620.334 | N37: 531.552 | O37: 1088.782 | P37: 371.562 | Q37: 427.106 | R37: 258.81 | S37: 31.304
B38: TOTAL | C38: =SUM(C26:C37) -> 16046.95 | D38: =SUM(D26:D37) -> 5201.32 | E38: =SUM(E26:E37) -> 10845.63 | F38: =SUM(F26:F37) -> 3749.007 | G38: =SUM(G26:G37) -> 4179.11 | H38: =SUM(H26:H37) -> 2601.437 | I38: =SUM(I26:I37) -> 316.076 | L38: TOTAL | M38: 16046.95 | N38: 5201.32 | O38: 10845.63 | P38: 3749.007 | Q38: 4179.11 | R38: 2601.437 | S38: 316.076
B39: Share of net FAAC | C39: =100% -> 1 | D39: =D38/C38 -> 0.32413138 | E39: =E38/C38 -> 0.67586862 | F39: =F38/E38 -> 0.34566982 | G39: =G38/E38 -> 0.38532662 | H39: =H38/E38 -> 0.23986039 | I39: =I38/E38 -> 0.029143166 | L39: Share of net FAAC | M39: 1 | N39: 0.32413138 | O39: 0.67586862 | P39: 0.34566982 | Q39: 0.38532662 | R39: 0.23986039 | S39: 0.029143166
B40: Note: | L40: Note:
B41: Others is made up of Ecological Fund (1%), Stabilisation Fund (0.5%), Development of Natural Resources (1.68%), FCT 1% | L41: Others is made up of Ecological Fund (1%), Stabilisation Fund (0.5%), Development of Natural Resources (1.68%), FCT 1%
B42: Deductions comprise Statutory Transfers, Cost of Collections, Intervention, Refunds, Savings & Investments | L42: Deductions comprise Statutory Transfers, Cost of Collections, Intervention, Refunds, Savings & Investments
B44: 2024 | C44: Gross | D44: Deductions | E44: Net | F44: FG | G44: States | H44: LGs | I44: Others | L44: 2024 | M44: Gross | N44: Deductions | O44: Net | P44: FG | Q44: States | R44: LGs | S44: Others
C45: N'Billion | D45: N'Billion | E45: N'Billion | F45: N'Billion | G45: N'Billion | H45: N'Billion | I45: N'Billion | M45: N'Billion | N45: N'Billion | O45: N'Billion | P45: N'Billion | Q45: N'Billion | R45: N'Billion | S45: N'Billion
B46: January | C46: ='2024'!E25 -> 1674.23 | D46: =C46-E46 -> 546.822 | E46: ='2024'!E29 -> 1127.408 | F46: ='2024'!E31 -> 354.31951 | G46: ='2024'!E32+'2024'!E34 -> 454.6075 | H46: ='2024'!E33 -> 288.92809 | I46: ='2024'!E41 -> 29.552837 | L46: January | M46: 1674.23 | N46: 546.822 | O46: 1127.408 | P46: 354.31951 | Q46: 454.6075 | R46: 288.92809 | S46: 29.552837
B47: February | C47: ='2024'!F25 -> 2068.155 | D47: =C47-E47 -> 918.338 | E47: ='2024'!F29 -> 1149.817 | F47: ='2024'!F31 -> 375.7278 | G47: ='2024'!F32+'2024'!F34 -> 464.50762 | H47: ='2024'!F33 -> 278.04158 | I47: ='2024'!F41 -> 31.539995 | L47: February | M47: 2068.155 | N47: 918.338 | O47: 1149.817 | P47: 375.7278 | Q47: 464.50762 | R47: 278.04158 | S47: 31.539995
B48: March | C48: ='2024'!G25 -> 2326.149 | D48: =C48-E48 -> 1173.393 | E48: ='2024'!G29 -> 1152.756 | F48: ='2024'!G31 -> 325.29108 | G48: ='2024'!G32+'2024'!G34 -> 533.19463 | H48: ='2024'!G33 -> 267.15211 | I48: ='2024'!G41 -> 27.118178 | L48: March | M48: 2326.149 | N48: 1173.393 | O48: 1152.756 | P48: 325.29108 | Q48: 533.19463 | R48: 267.15211 | S48: 27.118178
B49: April | C49: ='2024'!H25 -> 1867.807 | D49: =C49-E49 -> 744.417 | E49: ='2024'!H29 -> 1123.39 | F49: ='2024'!H31 -> 319.44595 | G49: ='2024'!H32+'2024'!H34 -> 488.81343 | H49: ='2024'!H33 -> 288.68828 | I49: ='2024'!H41 -> 26.443616 | L49: April | M49: 1867.807 | N49: 744.417 | O49: 1123.39 | P49: 319.44595 | Q49: 488.81343 | R49: 288.68828 | S49: 26.443616
B50: May | C50: ='2024'!I25 -> 2192.077 | D50: =C50-E50 -> 983.996 | E50: ='2024'!I29 -> 1208.081 | F50: ='2024'!I31 -> 360.3552 | G50: ='2024'!I32+'2024'!I34 -> 523.85243 | H50: ='2024'!I33 -> 293.81729 | I50: ='2024'!I41 -> 30.05649 | L50: May | M50: 2192.077 | N50: 983.996 | O50: 1208.081 | P50: 360.3552 | Q50: 523.85243 | R50: 293.81729 | S50: 30.05649
B51: June | C51: ='2024'!J25 -> 2324.792 | D51: =C51-E51 -> 1181.582 | E51: ='2024'!J29 -> 1143.21 | F51: ='2024'!J31 -> 337.69625 | G51: ='2024'!J32+'2024'!J34 -> 494.92217 | H51: ='2024'!J33 -> 282.47615 | I51: ='2024'!J41 -> 28.115824 | L51: June | M51: 2324.792 | N51: 1181.582 | O51: 1143.21 | P51: 337.69625 | Q51: 494.92217 | R51: 282.47615 | S51: 28.115824
B52: July | C52: ='2024'!K25 -> 2483.89 | D52: =C52-E52 -> 1129.519 | E52: ='2024'!K29 -> 1354.371 | F52: ='2024'!K31 -> 424.32014 | G52: ='2024'!K32+'2024'!K34 -> 557.5759 | H52: ='2024'!K33 -> 337.0189 | I52: ='2024'!K41 -> 35.455335 | L52: July | M52: 2483.89 | N52: 1129.519 | O52: 1354.371 | P52: 424.32014 | Q52: 557.5759 | R52: 337.0189 | S52: 35.455335
B53: August | C53: ='2024'!L25 -> 2613.791 | D53: =C53-E53 -> 1255.716 | E53: ='2024'!L29 -> 1358.075 | F53: ='2024'!L31 -> 398.01763 | G53: ='2024'!L32+'2024'!L34 -> 583.29294 | H53: ='2024'!L33 -> 343.70327 | I53: ='2024'!L41 -> 33.061464 | L53: August | M53: 2613.791 | N53: 1255.716 | O53: 1358.075 | P53: 398.01763 | Q53: 583.29294 | R53: 343.70327 | S53: 33.061464
B54: September | C54: ='2024'!M25 -> 2278.385 | D54: =C54-E54 -> 1074.592 | E54: ='2024'!M29 -> 1203.793 | F54: ='2024'!M31 -> 346.22021 | G54: ='2024'!M32+'2024'!M34 -> 522.33476 | H54: ='2024'!M33 -> 306.5332 | I54: ='2024'!M41 -> 28.705144 | L54: September | M54: 2278.385 | N54: 1074.592 | O54: 1203.793 | P54: 346.22021 | Q54: 522.33476 | R54: 306.5332 | S54: 28.705144
B55: October | C55: ='2024'!N25 -> 2258.809 | D55: =C55-E55 -> 959.939 | E55: ='2024'!N29 -> 1298.87 | F55: ='2024'!N31 -> 392.22332 | G55: ='2024'!N32+'2024'!N34 -> 544.1392 | H55: ='2024'!N33 -> 329.86427 | I55: ='2024'!N41 -> 32.642986 | L55: October | M55: 2258.809 | N55: 959.939 | O55: 1298.87 | P55: 392.22332 | Q55: 544.1392 | R55: 329.86427 | S55: 32.642986
B56: November | C56: ='2024'!O25 -> 2668.853 | D56: =C56-E56 -> 1257.112 | E56: ='2024'!O29 -> 1411.741 | F56: ='2024'!O31 -> 399.87818 | G56: ='2024'!O32+'2024'!O34 -> 623.1005 | H56: ='2024'!O33 -> 355.62072 | I56: ='2024'!O41 -> 33.142692 | L56: November | M56: 2668.853 | N56: 1257.112 | O56: 1411.741 | P56: 399.87818 | Q56: 623.1005 | R56: 355.62072 | S56: 33.142692
B57: December | C57: ='2024'!P25 -> 3143.116 | D57: =C57-E57 -> 1415.624 | E57: ='2024'!P29 -> 1727.492 | F57: ='2024'!P31 -> 536.83049 | G57: ='2024'!P32+'2024'!P34 -> 743.08301 | H57: ='2024'!P33 -> 402.55285 | I57: ='2024'!P41 -> 45.025912 | L57: December | M57: 3143.116 | N57: 1415.624 | O57: 1727.492 | P57: 536.83049 | Q57: 743.08301 | R57: 402.55285 | S57: 45.025912
B58: TOTAL | C58: =SUM(C46:C57) -> 27900.054 | D58: =SUM(D46:D57) -> 12641.05 | E58: =SUM(E46:E57) -> 15259.004 | F58: =SUM(F46:F57) -> 4570.3258 | G58: =SUM(G46:G57) -> 6533.4241 | H58: =SUM(H46:H57) -> 3774.3967 | I58: =SUM(I46:I57) -> 380.86047 | L58: TOTAL | M58: 27900.054 | N58: 12641.05 | O58: 15259.004 | P58: 4570.3258 | Q58: 6533.4241 | R58: 3774.3967 | S58: 380.86047
B59: Share of net FAAC | C59: =100% -> 1 | D59: =D58/C58 -> 0.45308335 | E59: =E58/C58 -> 0.54691665 | F59: =F58/E58 -> 0.29951665 | G59: =G58/E58 -> 0.42816845 | H59: =H58/E58 -> 0.24735538 | I59: =I58/E58 -> 0.02495972 | L59: Share of net FAAC | M59: 1 | N59: 0.45308335 | O59: 0.54691665 | P59: 0.29951665 | Q59: 0.42816845 | R59: 0.24735538 | S59: 0.02495972
B60: Note: | L60: Note:
B61: Others is made up of Ecological Fund (1%), Stabilisation Fund (0.5%), Development of Natural Resources (1.68%), FCT 1% | L61: Others is made up of Ecological Fund (1%), Stabilisation Fund (0.5%), Development of Natural Resources (1.68%), FCT 1%
B62: Deductions comprise Statutory Transfers, Cost of Collections, Intervention, Refunds, Savings & Investments | L62: Deductions comprise Statutory Transfers, Cost of Collections, Intervention, Refunds, Savings & Investments
B64: 2025 | C64: Gross | D64: Deductions | E64: Net | F64: FG | G64: States | H64: LGs | I64: Others | L64: 2025 | M64: Gross | N64: Deductions | O64: Net | P64: FG | Q64: States | R64: LGs | S64: Others
C65: N'Billion | D65: N'Billion | E65: N'Billion | F65: N'Billion | G65: N'Billion | H65: N'Billion | I65: N'Billion | M65: N'Billion | N65: N'Billion | O65: N'Billion | P65: N'Billion | Q65: N'Billion | R65: N'Billion | S65: N'Billion
B66: January | C66: ='2025'!E25 -> 2310.877 | D66: =C66-E66 -> 885.955 | E66: ='2025'!E29 -> 1424.922 | F66: ='2025'!E31 -> 416.60157 | G66: ='2025'!E32+'2025'!E34 -> 611.97452 | H66: ='2025'!E33 -> 361.75295 | I66: ='2025'!E41 -> 34.590911 | L66: January | M66: 2310.877 | N66: 885.955 | O66: 1424.922 | P66: 416.60157 | Q66: 611.97452 | R66: 361.75295 | S66: 34.590911
B67: February | C67: ='2025'!F25 -> 2641.504 | D67: =C67-E67 -> 938.449 | E67: ='2025'!F29 -> 1703.055 | F67: ='2025'!F31 -> 510.1506 | G67: ='2025'!F32+'2025'!F34 -> 718.98004 | H67: ='2025'!F33 -> 431.48401 | I67: ='2025'!F41 -> 42.440183 | L67: February | M67: 2641.504 | N67: 938.449 | O67: 1703.055 | P67: 510.1506 | Q67: 718.98004 | R67: 431.48401 | S67: 42.440183
B68: March | C68: ='2025'!G25 -> 2344.641 | D68: =C68-E68 -> 666.189 | E68: ='2025'!G29 -> 1678.452 | F68: ='2025'!G31 -> 525.68195 | G68: ='2025'!G32+'2025'!G34 -> 698.23775 | H68: ='2025'!G33 -> 410.55895 | I68: ='2025'!G41 -> 43.974466 | L68: March | M68: 2344.641 | N68: 666.189 | O68: 1678.452 | P68: 525.68195 | Q68: 698.23775 | R68: 410.55895 | S68: 43.974466
B69: April | C69: ='2025'!H25 -> 2411.312 | D69: =C69-E69 -> 832.556 | E69: ='2025'!H29 -> 1578.756 | F69: ='2025'!H31 -> 487.92156 | G69: ='2025'!H32+'2025'!H34 -> 663.05905 | H69: ='2025'!H33 -> 387.00141 | I69: ='2025'!H41 -> 40.773534 | L69: April | M69: 2411.312 | N69: 832.556 | O69: 1578.756 | P69: 487.92156 | Q69: 663.05905 | R69: 387.00141 | S69: 40.773534
B70: May | C70: ='2025'!I25 -> 2848.72 | D70: =C70-E70 -> 1167.493 | E70: ='2025'!I29 -> 1681.227 | F70: ='2025'!I31 -> 521.66375 | G70: ='2025'!I32+'2025'!I34 -> 709.29475 | H70: ='2025'!I33 -> 406.62625 | I70: ='2025'!I41 -> 43.643985 | L70: May | M70: 2848.72 | N70: 1167.493 | O70: 1681.227 | P70: 521.66375 | Q70: 709.29475 | R70: 406.62625 | S70: 43.643985
B71: June | C71: ='2025'!J25 -> 2942.845 | D71: =C71-E71 -> 1282.954 | E71: ='2025'!J29 -> 1659.891 | F71: ='2025'!J31 -> 496.68309 | G71: ='2025'!J32+'2025'!J34 -> 701.9178 | H71: ='2025'!J33 -> 419.96852 | I71: ='2025'!J41 -> 41.320687 | L71: June | M71: 2942.845 | N71: 1282.954 | O71: 1659.891 | P71: 496.68309 | Q71: 701.9178 | R71: 419.96852 | S71: 41.320687
B72: July | C72: ='2025'!K25 -> 4332.629 | D72: =C72-E72 -> 2514.216 | E72: ='2025'!K29 -> 1818.413 | F72: ='2025'!K31 -> 595.43054 | G72: ='2025'!K32+'2025'!K34 -> 728.17573 | H72: ='2025'!K33 -> 444.85352 | I72: ='2025'!K41 -> 49.952585 | L72: July | M72: 4332.629 | N72: 2514.216 | O72: 1818.413 | P72: 595.43054 | Q72: 728.17573 | R72: 444.85352 | S72: 49.952585
B73: August | C73: ='2025'!L25 -> 3836.981 | D73: =C73-E73 -> 1836.152 | E73: ='2025'!L29 -> 2000.829 | F73: ='2025'!L31 -> 678.04458 | G73: ='2025'!L32+'2025'!L34 -> 780.70826 | H73: ='2025'!L33 -> 485.03902 | I73: ='2025'!L41 -> 57.036486 | L73: August | M73: 3836.981 | N73: 1836.152 | O73: 2000.829 | P73: 678.04458 | Q73: 780.70826 | R73: 485.03902 | S73: 57.036486
B74: September | C74: ='2025'!M25 -> 3635.802 | D74: =C74-E74 -> 1410.684 | E74: ='2025'!M29 -> 2225.118 | F74: ='2025'!M31 -> 747.11295 | G74: ='2025'!M32+'2025'!M34 -> 892.84282 | H74: ='2025'!M33 -> 522.22815 | I74: ='2025'!M41 -> 62.933342 | L74: September | M74: 3635.802 | N74: 1410.684 | O74: 2225.118 | P74: 747.11295 | Q74: 892.84282 | R74: 522.22815 | S74: 62.933342
B75: October | C75: ='2025'!N25 -> 3054.547 | D75: =C75-E75 -> 951.154 | E75: ='2025'!N29 -> 2103.393 | F75: ='2025'!N31 -> 656.5169 | G75: ='2025'!N32+'2025'!N34 -> 862.12723 | H75: ='2025'!N33 -> 529.95415 | I75: ='2025'!N41 -> 54.796702 | L75: October | M75: 3054.547 | N75: 951.154 | O75: 2103.393 | P75: 656.5169 | Q75: 862.12723 | R75: 529.95415 | S75: 54.796702
B76: November | C76: ='2025'!O25 -> 2934.604 | D76: =C76-E76 -> 839.881 | E76: ='2025'!O29 -> 2094.723 | F76: ='2025'!O31 -> 699.59464 | G76: ='2025'!O32+'2025'!O34 -> 830.51525 | H76: ='2025'!O33 -> 505.8028 | I76: ='2025'!O41 -> 58.811229 | L76: November | M76: 2934.604 | N76: 839.881 | O76: 2094.723 | P76: 699.59464 | Q76: 830.51525 | R76: 505.8028 | S76: 58.811229
B77: December | C77: ='2025'!P25 -> 2343.386 | D77: =C77-E77 -> 414.876 | E77: ='2025'!P29 -> 1928.51 | F77: ='2025'!P31 -> 688.87295 | G77: ='2025'!P32+'2025'!P34 -> 736.08647 | H77: ='2025'!P33 -> 445.26567 | I77: ='2025'!P41 -> 58.285265 | L77: December | M77: 2343.386 | N77: 414.876 | O77: 1928.51 | P77: 688.87295 | Q77: 736.08647 | R77: 445.26567 | S77: 58.285265
B78: TOTAL | C78: =SUM(C66:C77) -> 35637.848 | D78: =SUM(D66:D77) -> 13740.559 | E78: =SUM(E66:E77) -> 21897.289 | F78: =SUM(F66:F77) -> 7024.2751 | G78: =SUM(G66:G77) -> 8933.9197 | H78: =SUM(H66:H77) -> 5350.5354 | I78: =SUM(I66:I77) -> 588.55937 | L78: TOTAL | M78: 35637.848 | N78: 13740.559 | O78: 21897.289 | P78: 7024.2751 | Q78: 8933.9197 | R78: 5350.5354 | S78: 588.55937
B79: Share of net FAAC | C79: =100% -> 1 | D79: =D78/C78 -> 0.38556085 | E79: =E78/C78 -> 0.61443915 | F79: =F78/E78 -> 0.32078286 | G79: =G78/E78 -> 0.40799204 | H79: =H78/E78 -> 0.24434693 | I79: =I78/E78 -> 0.026878184 | L79: Share of net FAAC | M79: 1 | N79: 0.38556085 | O79: 0.61443915 | P79: 0.32078286 | Q79: 0.40799204 | R79: 0.24434693 | S79: 0.026878184
B80: Note: | L80: Note:
B81: Others is made up of Ecological Fund (1%), Stabilisation Fund (0.5%), Development of Natural Resources (1.68%), FCT 1% | L81: Others is made up of Ecological Fund (1%), Stabilisation Fund (0.5%), Development of Natural Resources (1.68%), FCT 1%
B82: Deductions comprise Statutory Transfers, Cost of Collections, Intervention, Refunds, Savings & Investments | L82: Deductions comprise Statutory Transfers, Cost of Collections, Intervention, Refunds, Savings & Investments
B85: NOTE 1B - NET FAAC TREND | L85: Net FAAC Trend
C86: Gross FAAC | D86: Net FAAC | E86: Growth Rate | F86: Average | N86: Net FAAC | O86: Growth Rate | P86: Average
B87: 2017 | D87: 5640 | L87: 2017 | N87: 5640
B88: 2018 | D88: 7980 | E88: =(D88-D87)/D88 -> 0.29323308 | L88: 2018 | N88: 7980 | O88: 0.29323308
B89: 2019 | D89: =7850 -> 7850 | E89: =(D89-D88)/D89 -> -0.01656051 | L89: 2019 | N89: 7850 | O89: -0.01656051
B90: 2020 | D90: 7110 | E90: =(D90-D89)/D90 -> -0.10407876 | L90: 2020 | N90: 7110 | O90: -0.10407876
B91: 2021 | D91: 8120 | E91: =(D91-D90)/D91 -> 0.12438424 | L91: 2021 | N91: 8120 | O91: 0.12438424
B92: 2022 | D92: 9180 | E92: =(D92-D91)/D92 -> 0.11546841 | F92: =AVERAGE(E88:E92) -> 0.082489291 | G92: Pre-reform | L92: 2022 | N92: 9180 | O92: 0.11546841 | P92: 0.082489291
B93: 2023 | C93: =C38 -> 16046.95 | D93: 10090 | E93: =(D93-D92)/D93 -> 0.090188305 | L93: 2023 | N93: 1090
B94: 2024 | C94: =C58 -> 27900.054 | D94: =E58 -> 15259.004 | E94: =(D94-D93)/D94 -> 0.33875107 | L94: 2024 | N94: 15259.004
B95: 2025 | C95: =C78 -> 35637.848 | D95: =E78 -> 21897.289 | E95: =(D95-D94)/D95 -> 0.30315556 | F95: =AVERAGE(E93:E95) -> 0.24403165 | G95: Post-reform | L95: 2025 | N95: 21897.289
B96: Update with actual gross and net figures from Home Finance
B99: PREVIOUS BREAKDOWN
B100: FAAC SUMMARY
C101: 2022 | D101: 2023 | E101: 2024 | F101: 2025 | G101: Total
B102: Net Distribution | C102: N'Billion | D102: N'Billion | E102: N'Billion | F102: N'Billion
B103: FG | C103: ='2022'!R31 -> 1995.515 | D103: ='2023'!R31 -> 3749.007 | E103: ='2024'!R31 -> 4570.3258 | F103: ='2025'!R31 -> 7024.2751 | G103: =SUM(C103:F103) -> 17339.123 | H103: =G103/G106 -> 0.36033277
B104: States | C104: ='2022'!R32 -> 1736.748 | D104: ='2023'!R32 -> 3530.897 | E104: ='2024'!R32 -> 5186.0896 | F104: ='2025'!R32 -> 7315.0371 | G104: =SUM(C104:F104) -> 17768.772 | H104: =G104/G106 -> 0.36926152
B105: LG | C105: ='2022'!R33 -> 1285.486 | D105: ='2023'!R33 -> 2601.437 | E105: ='2024'!R33 -> 3774.3967 | F105: ='2025'!R33 -> 5350.5354 | G105: =SUM(C105:F105) -> 13011.855 | H105: =G105/G106 -> 0.27040571
B106: Total | C106: =SUM(C103:C105) -> 5017.749 | D106: =SUM(D103:D105) -> 9881.341 | E106: =SUM(E103:E105) -> 13530.812 | F106: =SUM(F103:F105) -> 19689.848 | G106: =SUM(C106:F106) -> 48119.75
E107: ='2024'!R39 -> 15259.007 | F107: ='2025'!R39 -> 21897.29 | G107: Actual net distribution to be reconciled
B110: FAAC | C110: Pre Subsidy Removal N 'Billion | E110: Post Subsidy Removal N 'Billion
C111: 2022 | D111: Jan -May 2023 | E111: June to Dec. 2023 | F111: 2024 | G111: 2025
...

Sheet IGR
C2: NOTE 1C - OTHER INCREMENTAL REVENUES | H2: =AVERAGE(E10:G10) -> 0.60930133
D3: 2020 | E3: 2021 | F3: 2022 | G3: Jan-May 2023 | H3: Jun-Dec 2023 | I3: 2024 | J3: 2025 | K3: TOTAL
D4: N'Billion | E4: N'Billion | F4: N'Billion | G4: N'Billion | H4: N'Billion | I4: N'Billion | J4: N'Billion | K4: June 2023 to December 2025
C5: GOEs | D5: =R25 -> - | E5: =Q57 -> 0 | F5: 0.1 | G5: 0.1 | H5: =SUM(I113:O113) -> 0 | I5: =Q135 -> - | J5: =P177 -> -
C6: IGR | D6: =R36 -> 5.3290359e+11 | E6: =Q68 -> 1.0511318e+12 | F6: =R97 -> 1.3624999e+12 | G6: =SUM(D123:H123) -> 8.8518255e+11 | H6: =SUM(I123:O123) -> 9.0234127e+11 | I6: =Q153 -> 3.6758811e+12 | J6: =P196 -> 4.0344199e+12 | K6: =SUM(H6:J6) -> 8.6126423e+12
C7: Total | D7: =SUM(D5:D6) -> 5.3290359e+11 | E7: =SUM(E5:E6) -> 1.0511318e+12 | F7: =SUM(F5:F6) -> 1.3624999e+12 | G7: =SUM(G5:G6) -> 8.8518255e+11 | H7: =SUM(H5:H6) -> 9.0234127e+11 | I7: =SUM(I5:I6) -> 3.6758811e+12 | J7: =SUM(J5:J6) -> 4.0344199e+12 | K7: =SUM(H7:J7) -> 8.6126423e+12
C8: Pre-reform IGR | H8: =(G7/5*7) -> 1.2392556e+12 | I8: =(G7/5*12) -> 2.1244381e+12 | J8: =(G7/5*12) -> 2.1244381e+12 | K8: =SUM(H8:J8) -> 5.4881318e+12 | L8: Pre reform revenue level used for post reform period due to irregular pre reform growth rate.
C9: TOTAL | G9: =SUM(G8:G8) -> 0 | H9: =H7-H8 -> -3.369143e+11 | I9: =I7-I8 -> 1.551443e+12 | J9: =J7-J8 -> 1.9099818e+12 | K9: =SUM(H9:J9) -> 3.1245105e+12
C10: Average growth rate | E10: =(E7-D7)/D7 -> 0.97246155 | F10: =(F7-E7)/E7 -> 0.2962217 | G10: =((G7/5*12)-F7)/F7 -> 0.55922075 | K10: =AVERAGE(E10:G10) -> 0.60930133
C11: Source: Min of Finance Analysis
C12: Update with actual figures
B18: SUMMARY OF IGR PERFOMANCE : JANUARY - DECEMBER, 2020
B19: S/n | C19: AGENCY | D19: Jan | E19: Feb | F19: Mar | G19: Apr | H19: May | I19: Jun | J19: Jul | K19: AGENCY | L19: Aug | M19: Sept | N19: Oct | O19: Nov | P19: Dec | Q19: BUDGET PROJECTION | R19: GRAND TOTAL | S19: VARIANCE
D20: =N= | E20: =N= | F20: =N= | G20: =N= | H20: =N= | I20: =N= | J20: =N= | L20: =N= | M20: =N= | N20: =N= | O20: =N= | P20: =N= | Q20: =N= | R20: =N= | S20: =N=
B21: i | C21: Ministries | K21: Ministries | R21: -
B22: ii | C22: Extra-Ministerial Department | K22: Extra-Ministerial Department | R22: -
B23: iii | C23: Parastatals | K23: Parastatals | R23: -
B24: iv | C24: Federal Pay Offices | K24: Federal Pay Offices | R24: -
C25: SUB-TOTAL MDAS IGR(A) | K25: SUB-TOTAL MDAS IGR(A) | Q25: - | R25: - | S25: -
B26: v | C26: Operating Surplus | D26: 2.1855774e+08 | E26: 1.2144409e+10 | F26: 5.3859761e+09 | G26: 9500000000 | H26: 4.9126281e+09 | I26: 3.6267973e+09 | J26: 4.6429574e+09 | K26: Operating Surplus | L26: 4.3534487e+10 | M26: 2.8726071e+10 | N26: 2.3153248e+09 | O26: 2.7316707e+10 | P26: 9.5147578e+09 | Q26: - | R26: 1.5183867e+11 | S26: -
B27: vi | C27: Rent | K27: Rent | R27: -
B28: vii | C28: Monetisation (JP Morgan) | K28: Monetisation (JP Morgan) | M28: 8.0990803e+09 | R28: 8.0990803e+09
B29: v | C29: Others (CRF) | D29: 4.4789735e+09 | E29: 3.774723e+09 | F29: 5.2904489e+09 | G29: 1.3552425e+09 | H29: 2.4834169e+09 | I29: 1.6562871e+10 | J29: 2.6779371e+09 | K29: Others (CRF) | L29: 1.028705e+10 | M29: 9.9945552e+08 | N29: 1.2691482e+10 | O29: 4.6006207e+10 | P29: 6.5401031e+09 | R29: 1.1314791e+11
B30: vi | C30: Others (SUB REC) | D30: 6.6745183e+09 | E30: 1.7682245e+10 | F30: 2.3287836e+10 | G30: 3.3139251e+08 | H30: 1.2942936e+10 | I30: 1.2051978e+10 | J30: 2.7382301e+10 | K30: Others (SUB REC) | L30: 2.1972862e+10 | M30: 2.7532664e+10 | N30: 2.6463858e+08 | O30: 1.2500869e+09 | P30: 5.8259298e+10 | R30: 2.0963276e+11
C31: Others (TSA/CDF) | D31: 62092421 | E31: 61945961 | F31: 4.2349874e+08 | G31: 5.4101649e+09 | H31: 2.1075166e+09 | I31: 6.0945695e+08 | J31: 1.9748444e+10 | K31: Others (TSA/CDF) | L31: 1.8985122e+08 | M31: 1.8975579e+08 | N31: 8.3660789e+08 | P31: 1.319013e+09 | R31: 3.0958348e+10
B32: vii | C32: NON CLASSIFICATION | K32: NON CLASSIFICATION | R32: -
B33: v | C33: Refund (NMRB) | G33: - | K33: Refund (NMRB) | R33: -
C34: Spectrum Fees | K34: Spectrum Fees | N34: 1.9226823e+10 | R34: 1.9226823e+10
B35: vi | C35: Dividened | K35: Dividened | R35: -
B36: SUB TOTAL MOFI(B) | D36: 1.1434142e+10 | E36: 3.3663323e+10 | F36: 3.4387759e+10 | G36: 1.65968e+10 | H36: 2.2446498e+10 | I36: 3.2851103e+10 | J36: 5.445164e+10 | K36: Sub-Total | L36: 7.598425e+10 | M36: 6.5547027e+10 | N36: 3.5334876e+10 | O36: 7.4573001e+10 | P36: 7.5633172e+10 | R36: 5.3290359e+11
C37: Net Consolidated Revenue (PIT, PAYE) | K37: Net Consolidated Revenue (PIT, PAYE)
B38: xi | C38: FCT | D38: - | E38: - | F38: - | G38: - | H38: - | I38: - | K38: FCT
B39: xii | C39: FGN | D39: - | E39: - | F39: - | G39: - | H39: - | I39: - | J39: - | K39: FGN
C40: SUB-TOTAL CONSOLIDATED (C) | D40: - | E40: - | F40: - | G40: - | H40: - | I40: - | J40: - | K40: SUB-TOTAL CONSOLIDATED (C)
C41: GRAND TOTAL(A+B) | D41: 1.1434142e+10 | E41: 3.3663323e+10 | F41: 3.4387759e+10 | G41: 1.65968e+10 | H41: 2.2446498e+10 | I41: 3.2851103e+10 | J41: 5.445164e+10 | K41: GRAND TOTAL(A+B) | L41: 7.598425e+10 | M41: 6.5547027e+10 | N41: 3.5334876e+10 | O41: 7.4573001e+10 | P41: 7.5633172e+10 | Q41: 631079910674 | R41: 5.3290359e+11 | S41: 9.8176319e+10
C43: Dividend (Dollars $) | D43: $ | E43: $ | F43: $ | G43: $ | H43: $ | I43: $ | J43: $ | L43: $
B44: 1 | C44: African Re-Insurance Corp | D44: 1022975 | E44: 0 | F44: 0 | G44: 0 | H44: 0 | I44: 0 | J44: 1116000
B45: 2 | C45: Royal Swaziland Sugar Corp, Swaziland | D45: 0 | E45: 327179.27 | F45: 0 | G45: 0 | H45: 0 | I45: 508585.55
C46: TOTAL | D46: 0 | F46: 0 | G46: 0 | H46: 0 | I46: 0
B49: SUMMARY OF IGR PERFOMANCE : 2021
B51: S/N | C51: AGENCY | D51: January | E51: February | F51: March | G51: April | H51: May | I51: June | J51: July | K51: AGENCY | L51: August | M51: September | N51: October | O51: November | P51: December | Q51: GRAND TOTAL | R51: BUDGET PROJECTION | S51: VARIANCE
D52: =N= | E52: =N= | F52: =N= | G52: =N= | H52: =N= | I52: =N= | J52: =N= | L52: =N= | M52: =N= | N52: =N= | O52: =N= | P52: =N= | Q52: =N= | R52: =N= | S52: =N=
B53: i | C53: Ministries | K53: Ministries | Q53: =SUM(D53:P53) -> 0
B54: ii | C54: Extra-Ministerial Department | K54: Extra-Ministerial Department | Q54: =SUM(D54:P54) -> 0
B55: iii | C55: Parastatals | K55: Parastatals | Q55: =SUM(D55:P55) -> 0
B56: iv | C56: Federal Pay Offices | K56: Federal Pay Offices | Q56: =SUM(D56:P56) -> 0
C57: SUB-TOTAL MDAS IGR(A) | K57: SUB-TOTAL MDAS IGR(A) | Q57: =SUM(D57:P57) -> 0
B58: v | C58: Operating Surplus | D58: 10000000000 | E58: 3.03368e+09 | F58: 2712172000 | G58: 2.4562514e+10 | H58: 1.4283429e+10 | I58: 27765165065 | J58: 25000000000 | K58: Operating Surplus | L58: 9000000000 | M58: 1.6907206e+10 | N58: 2.4280541e+10 | O58: 1.0696738e+10 | Q58: =SUM(D58,E58,F58,G58,H58,I58,J58,L58,M58,N58,O58) -> 1.6824144e+11
B59: vi | C59: Rent | K59: Rent | Q59: =SUM(D59,E59,F59,G59,H59,I59,J59,L59,M59,N59,O59) -> 0
B60: vii | C60: Monetisation (JP Morgan) | K60: Monetisation (JP Morgan) | L60: 9.2507232e+09 | M60: 8.3816526e+09 | N60: 8.5927372e+10 | O60: 4.038828e+10 | P60: 6.3715601e+10 | Q60: =SUM(D60,E60,F60,G60,H60,I60,J60,L60,M60,N60,O60) -> 1.4394803e+11
B61: viii | C61: Others (CRF) | D61: 6.4107504e+09 | E61: 1.0420897e+10 | F61: 5.7959238e+10 | G61: 9.5160487e+09 | H61: 7.6664547e+09 | I61: 8.9431768e+09 | J61: 8.0561142e+09 | K61: Others (CRF) | L61: 4.1153954e+09 | M61: 5.3332068e+09 | N61: 1.7152794e+09 | O61: 3.0570819e+10 | P61: 5.2092953e+09 | Q61: =SUM(D61,E61,F61,G61,H61,I61,J61,L61,M61,N61,O61) -> 1.5070738e+11
B62: ix | C62: Others (SUB REC) | D62: 3.2268533e+10 | E62: 4.683901e+10 | F62: 1.7707315e+10 | G62: 2.2126172e+09 | H62: 6.9591361e+10 | I62: =8253539493.34+16000000000 -> 2.4253539e+10 | J62: 1.6737851e+10 | K62: OTHERS (SUB-REC) | L62: 5.4614502e+10 | M62: 4.2103934e+10 | N62: 6.5524202e+10 | O62: 2.9681445e+10 | P62: 6.6933968e+10 | Q62: =SUM(D62,E62,F62,G62,H62,I62,J62,L62,M62,N62,O62) -> 4.0153431e+11
B63: x | C63: Others (TSA/CDF) | D63: 7.3867884e+08 | E63: 3.5803451e+08 | F63: 4.2180242e+09 | G63: 7.1251795e+08 | H63: 3.24464e+09 | I63: 6.9148484e+08 | J63: 2.7961742e+08 | K63: Others (TSA/CDF) | L63: 3.8532923e+08 | M63: 1.7580015e+08 | N63: 2.0675832e+08 | O63: 1.5978574e+09 | P63: 2.6704888e+09 | Q63: =SUM(D63,E63,F63,G63,H63,I63,J63,L63,M63,N63,O63) -> 1.2608743e+10
B64: xi | C64: NON CLASSIFICATION | G64: 4.6891809e+09 | K64: NON CLASSIFICATION | Q64: =SUM(D64,E64,F64,G64,H64,I64,J64,L64,M64,N64,O64) -> 4.6891809e+09
B65: xii | C65: Refund (NMRB) | K65: ROYALTY | O65: 3.0471108e+08 | Q65: =SUM(D65,E65,F65,G65,H65,I65,J65,L65,M65,N65,O65) -> 3.0471108e+08
B66: xii | C66: Spectrum Fees | E66: 53708337067 | H66: 7.3649951e+10 | K66: Spectrum Fees | Q66: =SUM(D66,E66,F66,G66,H66,I66,J66,L66,M66,N66,O66) -> 1.2735829e+11
B67: xiv | C67: Dividened | E67: 1201126750 | K67: Dividened | M67: 4.0538632e+10 | Q67: =SUM(D67,E67,F67,G67,H67,I67,J67,L67,M67,N67,O67) -> 4.1739759e+10
B68: SUB TOTAL MOFI(B) | D68: =SUM(D58:D67) -> 4.9417962e+10 | E68: =SUM(E58:E67) -> 115561085862 | F68: =SUM(F58:F67) -> 8.2596749e+10 | G68: =SUM(G58:G67) -> 4.1692879e+10 | H68: =SUM(H58:H67) -> 1.6843584e+11 | I68: =SUM(I58:I67) -> 6.1653366e+10 | J68: =SUM(J58:J67) -> 5.0073583e+10 | K68: Sub-Total | L68: =SUM(L58:L67) -> 7.736595e+10 | M68: =SUM(M58:M67) -> 1.1344043e+11 | N68: =SUM(N58:N67) -> 1.7765415e+11 | O68: =SUM(O58:O67) -> 1.1323985e+11 | P68: =SUM(P58:P67) -> 1.3852935e+11 | Q68: =SUM(D68,E68,F68,G68,H68,I68,J68,L68,M68,N68,O68) -> 1.0511318e+12
B69: xv | C69: Net Consolidated Revenue (PIT, PAYE) | K69: Net Consolidated Revenue (PIT, PAYE)
B70: xvi | C70: FCT | D70: 0 | K70: FCT
B71: xvii | C71: FGN | D71: 0 | K71: FGN
C72: SUB-TOTAL CONSOLIDATED (C) | D72: =SUM(D70:D71) -> 0 | K72: SUB-TOTAL CONSOLIDATED (C)
C73: GRAND TOTAL(A+B) | D73: =SUM(D57+D68) -> 4.9417962e+10 | E73: =SUM(E57+E68) -> 115561085862 | F73: =SUM(F57+F68) -> 8.2596749e+10 | G73: =SUM(G57+G68) -> 4.1692879e+10 | H73: =SUM(H57+H68) -> 1.6843584e+11 | I73: =SUM(I57+I68) -> 6.1653366e+10 | J73: =SUM(J57+J68) -> 5.0073583e+10 | K73: GRAND TOTAL(A+B) | L73: =L72+L68+L57 -> 7.736595e+10 | M73: =M72+M68+M57 -> 1.1344043e+11 | N73: =N72+N68+N57 -> 1.7765415e+11 | O73: =O72+O68+O57 -> 1.1323985e+11 | P73: =P72+P68+P57 -> 1.3852935e+11 | Q73: =SUM(D73:P73) -> 1.1896612e+12 | R73: 1061898590939 | S73: =Q73-R73 -> 1.2776261e+11
B74: xviii | C74: Consolidated Pool Account | D74: 5.6184589e+09 | E74: 8.1654663e+09 | F74: 8.6168401e+09 | G74: 3.7548144e+09 | H74: 2.4661522e+09 | I74: 9.4685373e+09 | J74: 2.9288151e+09 | K74: Consolidated Pool Account. | L74: 2.8629199e+09 | M74: 2.6284029e+09 | N74: 2.5820323e+09 | O74: 2.6890489e+09 | P74: 9.1497551e+09 | Q74: =SUM(D74:P74) -> 6.0931244e+10
C75: G TOTAL + CONSOLIDATED POOL | D75: =SUM(D73:D74) -> 5.5036421e+10 | E75: =E73+E74 -> 1.2372655e+11 | F75: =F73+F74 -> 9.1213589e+10 | G75: =G73+G74 -> 4.5447693e+10 | H75: =H73+H74 -> 1.7090199e+11 | I75: =I73+I74 -> 7.1121903e+10 | J75: =J73+J74 -> 5.3002398e+10 | K75: G TOTAL + CONSOLIDATED POOL | L75: =SUM(L73:L74) -> 80228869736 | M75: =SUM(M73:M74) -> 1.1606883e+11 | N75: =SUM(N73:N74) -> 1.8023619e+11 | O75: =SUM(O73:O74) -> 1.159289e+11 | P75: =SUM(P73:P74) -> 1.4767911e+11 | Q75: =SUM(D75:P75) -> 1.2505924e+12 | R75: 1061898590939 | S75: =Q75-R75 -> 1.8869385e+11
B78: SUMMARY OF IGR PERFOMANCE : 2022
B80: S/N | C80: AGENCY | D80: January | E80: February | F80: March | G80: April | H80: May | I80: June | J80: July | K80: S/N | L80: AGENCY | M80: August | N80: September | O80: October | P80: November | Q80: December | R80: GRAND TOTAL | S80: BUDGET PROJECTION | T80: VARIANCE
D81: =N= | E81: =N= | F81: =N= | G81: =N= | H81: =N= | I81: =N= | J81: =N= | M81: =N= | N81: =N= | O81: =N= | P81: =N= | Q81: =N= | R81: =N= | S81: =N= | T81: =N=
B82: i | C82: Ministries | K82: i | L82: Ministries | R82: =SUM(D82:Q82) -> 0
B83: ii | C83: Extra-Ministerial Department | K83: ii | L83: Extra-Ministerial Department | R83: =SUM(D83:Q83) -> 0
B84: iii | C84: Parastatals | K84: iii | L84: Parastatals | R84: =SUM(D84:Q84) -> 0
B85: iv | C85: Federal Pay Offices | K85: iv | L85: Federal Pay Offices | R85: =SUM(D85:Q85) -> 0
C86: SUB-TOTAL MDAS IGR(A) | L86: SUB-TOTAL MDAS IGR(A) | R86: =SUM(D86:Q86) -> 0
B87: v | C87: Operating Surplus | D87: 3.0178618e+09 | E87: 7.2986325e+09 | F87: 12450378498 | G87: 3.2634794e+10 | H87: 2.5751602e+10 | I87: 1.1321693e+10 | J87: 42841811305 | K87: v | L87: Operating Surplus | M87: 19139779000 | N87: 43325881 | O87: 4500000000 | P87: 15000000000 | Q87: 7.2262731e+09 | R87: =SUM(D87,E87,F87,G87,H87,I87,J87,M87,N87,O87,P87+Q87) -> 1.8122615e+11
B88: vi | C88: Rent | K88: vi | L88: Rent | R88: =SUM(D88,E88,F88,G88,H88,I88,J88,M88,N88,O88,P88+Q88) -> 0
B89: vii | C89: Monetisation (JP Morgan) | F89: 9.7187278e+09 | H89: 1.5597795e+09 | I89: 1.5796951e+09 | K89: vii | L89: Monetisation (JP Morgan) | R89: =SUM(D89,E89,F89,G89,H89,I89,J89,M89,N89,O89,P89+Q89) -> 1.2858202e+10
B90: viii | C90: Others (CRF) | D90: 2.3605021e+10 | E90: 2.4460157e+09 | F90: 3.4452255e+09 | G90: 1.5819514e+09 | H90: 4.3678047e+09 | I90: 6.0361012e+09 | J90: 3.4869415e+09 | K90: viii | L90: Others (CRF) | M90: 3.9475786e+10 | N90: 1.941142e+10 | O90: 8.2418722e+08 | P90: 5.1368498e+08 | Q90: 2.9859894e+08 | R90: =SUM(D90,E90,F90,G90,H90,I90,J90,M90,N90,O90,P90+Q90) -> 1.0549274e+11
B91: ix | C91: Others (SUB REC) | D91: 4.7332907e+10 | E91: 5.2697414e+10 | F91: 2.8293513e+10 | G91: 3.2238243e+10 | H91: 4.9844104e+10 | I91: 2.9274872e+10 | J91: 1.0133468e+11 | K91: ix | L91: OTHERS (SUB-REC) | M91: 4.5363812e+10 | N91: 4.9461623e+10 | O91: 1.4449944e+11 | P91: 6.4238135e+10 | Q91: 6.4604217e+10 | R91: =SUM(D91,E91,F91,G91,H91,I91,J91,M91,N91,O91,P91+Q91) -> 7.0918296e+11
B92: x | C92: Others (TSA/CDF) | D92: 5.1409171e+09 | E92: 1.0012165e+09 | G92: 1.4808148e+09 | H92: 4.4489826e+09 | I92: 6.8331113e+08 | J92: 7.8050576e+08 | K92: x | L92: Others (TSA/CDF) | M92: 2.0179248e+09 | N92: 6.1580954e+09 | O92: 7.1428834e+08 | P92: 8.3549574e+08 | Q92: 2.0041934e+09 | R92: =SUM(D92,E92,F92,G92,H92,I92,J92,M92,N92,O92,P92+Q92) -> 2.5265745e+10
B93: xi | C93: NON CLASSIFICATION | K93: xi | L93: Foregn Missiom | N93: 1.3586798e+11 | R93: =SUM(D93,E93,F93,G93,H93,I93,J93,M93,N93,O93,P93+Q93) -> 1.3586798e+11
B94: xii | C94: Refund (NMRB) | K94: xii | L94: ROYALTY | N94: 2250000000 | R94: =SUM(D94,E94,F94,G94,H94,I94,J94,M94,N94,O94,P94+Q94) -> 2250000000
B95: xii | C95: Spectrum Fees | F95: 1.7182907e+10 | G95: 109027515996 | I95: 15000000000 | K95: xii | L95: Spectrum Fees | R95: =SUM(D95,E95,F95,G95,H95,I95,J95,M95,N95,O95,P95+Q95) -> 1.4121042e+11
B96: xiv | C96: Dividened | H96: 46849000000 | J96: 2296700000 | K96: xiv | L96: Dividened | R96: =SUM(D96,E96,F96,G96,H96,I96,J96,M96,N96,O96,P96+Q96) -> 49145700000
B97: SUB TOTAL MOFI(B) | D97: =SUM(D87:D96) -> 7.9096707e+10 | E97: =SUM(E87:E96) -> 6.3443278e+10 | F97: =SUM(F82:F96) -> 7.1090752e+10 | G97: =SUM(G82:G96) -> 1.7696332e+11 | H97: =SUM(H82:H96) -> 1.3282127e+11 | I97: =SUM(I82:I96) -> 6.3895672e+10 | J97: =SUM(J82:J96) -> 1.5074064e+11 | L97: =SUM(L82:L96) -> 0 | M97: =SUM(M82:M96) -> 1.059973e+11 | N97: =SUM(N82:N96) -> 2.1319245e+11 | O97: =SUM(O82:O96) -> 1.5053791e+11 | P97: =SUM(P82:P96) -> 8.0587315e+10 | Q97: =SUM(Q82:Q96) -> 7.4133283e+10 | R97: =SUM(D97,E97,F97,G97,H97,I97,J97,M97,N97,O97,P97+Q97) -> 1.3624999e+12
B98: xv | C98: Net Consolidated Revenue (PIT, PAYE) | K98: xv | L98: Net Consolidated Revenue (PIT, PAYE)
B99: xvi | C99: FCT | D99: 0 | K99: xvi | L99: FCT
B100: xvii | C100: FGN | D100: 0 | K100: xvii | L100: FGN
C101: SUB-TOTAL CONSOLIDATED (C) | D101: =SUM(D99:D100) -> 0 | L101: SUB-TOTAL CONSOLIDATED (C)
C102: GRAND TOTAL(A+B) | D102: =SUM(D86+D97) -> 7.9096707e+10 | E102: =SUM(E86+E97) -> 6.3443278e+10 | F102: =SUM(F86+F97) -> 7.1090752e+10 | G102: =SUM(G86+G97) -> 1.7696332e+11 | H102: =SUM(H86+H97) -> 1.3282127e+11 | I102: =SUM(I86+I97) -> 6.3895672e+10 | J102: =SUM(J86+J97) -> 1.5074064e+11 | L102: GRAND TOTAL(A+B) | M102: =M101+M97+M86 -> 1.059973e+11 | N102: =N101+N97+N86 -> 2.1319245e+11 | O102: =O101+O97+O86 -> 1.5053791e+11 | P102: =P101+P97+P86 -> 8.0587315e+10 | Q102: =Q101+Q97+Q86 -> 7.4133283e+10 | R102: =SUM(D102:Q102) -> 1.3624999e+12 | S102: 2216217091075 | T102: =R102-S102 -> -8.5371718e+11
B103: xviii | C103: Consolidated Pool Account | D103: 2.6133431e+09 | E103: 2.7377782e+09 | F103: 3.7516583e+09 | G103: 3.0642889e+09 | H103: 1.5499332e+08 | I103: 4.8065657e+09 | J103: 2.4771101e+09 | K103: xviii | L103: Consolidated Pool Account. | M103: 2.5110346e+09 | N103: 2.6988836e+09 | O103: 4.6785008e+09 | P103: 4.1802193e+08 | Q103: 5.1322875e+09 | R103: =SUM(D103:Q103) -> 3.5044466e+10
C104: G TOTAL + CONSOLIDATED POOL | D104: =SUM(D102:D103) -> 8.171005e+10 | E104: =SUM(E102:E103) -> 66181056513 | F104: =SUM(F102:F103) -> 7.484241e+10 | G104: =SUM(G102:G103) -> 1.8002761e+11 | H104: =SUM(H102:H103) -> 1.3297627e+11 | I104: =SUM(I102:I103) -> 6.8702238e+10 | J104: =SUM(J102:J103) -> 1.5321775e+11 | L104: G TOTAL + CONSOLIDATED POOL | M104: =SUM(M102:M103) -> 1.0850834e+11 | N104: =SUM(N102:N103) -> 2.1589133e+11 | O104: =SUM(O102:O103) -> 1.5521642e+11 | P104: =SUM(P102:P103) -> 8.1005337e+10 | Q104: =SUM(Q102:Q103) -> 7.926557e+10 | R104: =SUM(D104:Q104) -> 1.3975444e+12 | S104: 2216217091075 | T104: =R104-S104 -> -8.1867272e+11
B106: 2023
B107: S/N | C107: AGENCY | D107: January | E107: February | F107: March | G107: April | H107: May | I107: June | J107: July | K107: August | L107: September | M107: October | N107: November | O107: December | P107: TOTAL
D108: =N= | E108: =N= | F108: =N= | G108: =N= | H108: =N= | I108: =N= | J108: =N= | K108: =N= | L108: =N= | M108: =N= | N108: =N= | O108: =N=
B109: i | C109: Ministries | P109: =SUM(D109:O109) -> 0
B110: ii | C110: Extra-Ministerial Department | P110: =SUM(D110:O110) -> 0
B111: iii | C111: Parastatals | P111: =SUM(D111:O111) -> 0
B112: iv | C112: Federal Pay Offices | P112: =SUM(D112:O112) -> 0
C113: SUB-TOTAL | P113: =SUM(D113:O113) -> 0
B114: v | C114: Operating Surplus | D114: 1.5478496e+10 | E114: 6.1815858e+09 | F114: 2.8314641e+10 | G114: 3.8516225e+09 | H114: 7.3417787e+10 | I114: 3.0116563e+10 | J114: 5.4025252e+09 | K114: 5.8500504e+10 | L114: 18273710147 | M114: 1.5666427e+11 | N114: 73012426090 | O114: 2.5883666e+10 | P114: =SUM(D114:O114) -> 4.9509779e+11
...

Sheet Debt
B2: NOTE 2A - ANALYSIS OF PUBLIC DEBT STOCK
B3: Debt stock balances as at | C3: 31 March 2023 | E3: 31 December 2023 | G3: 31 December 2024 | I3: 31 December 2025 | K3: 31 March 2026
C4: US$’M | D4: N'M | E4: US$’M | F4: N'M | G4: US$’M | H4: N'M | I4: US$’M | J4: N'M | K4: US$’M | L4: N'M
B5: External Debt | C5: 42671.7 | D5: 19643917 | E5: 42495.16 | F5: 38219849 | G5: 45780.45 | H5: 70287531 | I5: 51856.03 | J5: 74426735 | K5: 51904.08 | L5: 71950245
B6: Domestic Debt | C6: 65623.48 | D6: 24730775 | E6: 65734.18 | F6: 59120859 | G6: 48444.65 | H6: 74377920 | I6: 59117.86 | J6: 84849334 | K6: 63050.32 | L6: 87401336
B7: FGN Only | C7: 53721.68 | D7: 5478993.6 | E7: 59242.12 | F7: 53281950 | G7: 45860.13 | H7: 70409863 | I7: 56079.75 | J7: 80488865 | K7: 59786.96 | L7: 82877622
B8: States & FCT | C8: 11901.8 | D8: 5478993.6 | E8: 6518.67 | F8: 5862846.9 | G8: 2584.52 | H8: 3968057.3 | I8: 3038.11 | J8: 4360468.8 | K8: 3263.36 | L8: 4523714.3
B9: Total Public Debt | C9: 108295.18 | D9: 49853685 | E9: 108229.34 | F9: 97340708 | G9: 94225.1 | H9: 1.4466545e+08 | I9: 110973.89 | J9: 1.5927607e+08 | K9: 114954.4 | L9: 1.5935158e+08
B10: Period end closing exchange rates | C10: 460 | E10: 907.11 | G10: 1535 | I10: 1450.3 | K10: 1384.77
B11: Source: Debt Management Office
B13: NOTE 2B - EFFECT OF EXCHANGE RATE ON DEBT SERVICE | C13: 646 | D13: 1480 | E13: 1520 | G13: Actual average exch rates
B14: Description | C14: 2023 | D14: 2024 | E14: 2025 | F14: Q1 2026
B15: Base Exchange Rate (US$/N) (Constant as at 01/01/2023) | C15: 461.06 | D15: 461.06 | E15: 461.06 | F15: 461.06 | G15: Use 31 May 2023 exch rate
B16: Average Actual Exchange Rate (US$/N) | C16: 684.00544 | D16: 1449.6331 | E16: 1529.1039 | F16: 1372.1619 | G16: Derived actual average exch rates
B17: Actual External Debt Service (US$'M) | C17: 3503.51 | D17: 4656.76 | E17: 4032.16 | F17: 954.06
B18: External Debt Service at Base Exchange Rate (N'M) (A) | C18: =C17*C15 -> 1615328.3 | D18: =D17*D15 -> 2147045.8 | E18: =E17*E15 -> 1859067.7 | F18: 427943.61
B19: Actual External Debt Service at Average Actual Exchange Rate (N'M) (B) | C19: =C17*C16 -> 2396419.9 | D19: =D17*D16 -> 6750593.3 | E19: =E17*E16 -> 6165591.7 | F19: =F17*F16 -> 1309124.8
B20: Impact of Naira exchange rate depreciation | C20: =C19-C18 -> 781091.57 | D20: =D19-D18 -> 4603547.6 | E20: =E19-E18 -> 4306524 | F20: =F19-F18 -> 881181.17
B21: Total Debt Service
B22: Actual Domestic Debt Service (N'M) | C22: 4381207.4 | D22: 5869905.5 | E22: 8607151.9 | F22: 3138892.4
B23: Actual External Debt Service (N'M) | C23: 2396419.9 | D23: 6750593.3 | E23: 6165591.7 | F23: 1309124.8
B24: Total Debt Service (N'M) | C24: =C23+C22 -> 6777627.2 | D24: =D23+D22 -> 12620499 | E24: =E23+E22 -> 14772744 | F24: =F23+F22 -> 4448017.1
B25: Source: Debt Management Office
B27: NOTE 2C - IMPACT OF INTEREST RATE HIKE ON DOMESTIC BORROWING
C28: 2022 | D28: 2023 | E28: 2024 | F28: 2025 | G28: Total
C29: N'Billion | D29: N'Billion | E29: N'Billion | F29: N'Billion | G29: N'Billion
B30: Incremental domestic borrowing | C30: 0 | D30: ='Receipts & Utilisation'!G53 -> -647.3294 | E30: ='Receipts & Utilisation'!H53 -> 4402.6133 | F30: ='Receipts & Utilisation'!I53 -> 8098.2578 | G30: =SUM(C30:F30) -> 11853.542
B31: Average Coupon:
B32: - Short Term | C32: =(4.5%+7.5%)/2 -> 0.06 | D32: =(7%+12.5%)/2 -> 0.0975 | E32: =(16.5%+21.5%)/2 -> 0.19 | F32: =(17.5%+23%)/2 -> 0.2025
B33: - Long Term | C33: =(11.5%+13.8%)/2 -> 0.1265 | D33: =(13.5%+14.5%)/2 -> 0.14 | E33: =(18.5%+21.7%)/2 -> 0.201 | F33: =(16.8%+19.5%)/2 -> 0.1815
B34: Average | C34: =AVERAGE(C32:C33) -> 0.09325 | D34: =AVERAGE(D32:D33) -> 0.11875 | E34: =AVERAGE(E32:E33) -> 0.1955 | F34: =AVERAGE(F32:F33) -> 0.192
B36: Incremental cost of interest rate hike | C36: 0 | D36: =(D34-C34)*D30 -> -16.5069 | E36: =(E34-C34)*E30 -> 450.16721 | F36: =(F34-C34)*F30 -> 799.70295 | G36: =SUM(C36:F36) -> 1233.3633
B37: Source: Min of Finance Analysis
B40: NOTE 2D - WAYS & MEANS
B41: Year | C41: Balance | D41: Movement | E41: Average
C42: N'Billion | D42: N'Billion | E42: N'Billion
B43: 2018 | C43: 5038.333 | D43: =C43 -> 5038.333
B44: 2019 | C44: 8416.261 | D44: =C44-C43 -> 3377.928
B45: 2020 | C45: 12809.144 | D45: =C45-C44 -> 4392.883
B46: 2021 | C46: 17106.485 | D46: =C46-C45 -> 4297.341
B47: 2022 | C47: 23175.185 | D47: =C47-C46 -> 6068.7 | E47: =AVERAGE(D43:D47) -> 4635.037
B48: 2023 | C48: 7862.322 | D48: =C48-C47 -> -15312.863
B49: 2024 | C49: 3156.654 | D49: =C49-C48 -> -4705.668
B50: 2025 | C50: 2896.816 | D50: =C50-C49 -> -259.838 | E50: =AVERAGE(D48:D50) -> -6759.4563 | F50: Securitisation of circa N30T
B52: NOTE 2E - BORROWING PRE REFORM
C53: 2020 | D53: 2021 | E53: 2022 | F53: Average
C54: N'Billion | D54: N'Billion | E54: N'Billion | F54: N'Billion
B55: Public debt - FG | C55: =H77/1000 -> 5434.4374 | D55: =J77/1000 -> 6368.2845 | E55: =L77/1000 -> 5814.8281 | F55: =AVERAGE(C55:E55) -> 5872.5167 | G55: Updated using debt stock movement
B56: Ways & Means | C56: =D45 -> 4392.883 | D56: =D46 -> 4297.341 | E56: =D47 -> 6068.7 | F56: =AVERAGE(C56:E56) -> 4919.6413
C57: =SUM(C55:C56) -> 9827.3204 | D57: =SUM(D55:D56) -> 10665.626 | E57: =SUM(E55:E56) -> 11883.528 | F57: =SUM(F55:F56) -> 10792.158
B60: BUDGET DEFICIT AND NEW BORROWING (2015 - 2026)
B61: Year | C61: Budget Deficit (₦' Billion) | D61: Approved New Borrowing (foreign & domestic) (₦' Billion) | E61: Approved Borrowing to Deficit Ratio
B62: 2015 | C62: 1616.01 | D62: 1457.12 | E62: =D62/C62 -> 0.90167759
B63: 2016 | C63: 2204.74 | D63: 1818.68 | E63: =D63/C63 -> 0.82489545
B64: 2017 | C64: 2356.28 | D64: 2321.77 | E64: =D64/C64 -> 0.98535403
B65: 2018 | C65: 1954.46 | D65: 1643.46 | E65: =D65/C65 -> 0.84087676
B66: 2019 | C66: 1918.48 | D66: 1605.64 | E66: =D66/C66 -> 0.83693341
B67: 2020 | C67: 4608.24 | D67: 4198.57 | E67: =D67/C67 -> 0.91110055
B68: 2021 | C68: 5739.66 | D68: 5488.88 | E68: =D68/C68 -> 0.95630752
B69: 2022 | C69: 6386.07 | D69: 5139.52 | E69: =D69/C69 -> 0.8048017
B70: 2023 | C70: 10782.08 | D70: 8804.49 | E70: =D70/C70 -> 0.81658548
B71: 2024 | C71: 9178.93 | D71: 7828.53 | E71: =D71/C71 -> 0.85288046
B72: 2025 | C72: 14100 | D72: 10423.81 | E72: =D72/C72 -> 0.7392773
B73: 2026 (Jan - Jun) | C73: 31456.63 | D73: 29218.56 | E73: =D73/C73 -> 0.9288522
B77: Movements | F77: =(F84-F83)-(D84-D83) -> 2761430.7 | H77: =(H84-H83)-(F84-F83) -> 5434437.4 | J77: =(J84-J83)-(H84-H83) -> 6368284.5 | L77: =(L84-L83)-(J84-J83) -> 5814828.1 | N77: =(N84-N83)-(L84-L83) -> 50565245 | P77: =(P84-P83)-(N84-N83) -> 49219532 | R77: =(R84-R83)-(P84-P83) -> 14218207
C78: December 31, 2018 | E78: December 31, 2019 | G78: December 31, 2020 | I78: December 31, 2021 | K78: December 31, 2022 | M78: December 31, 2023 | O78: December 31, 2024 | Q78: December 31, 2025
C79: Amount Outstanding (US$’M) | D79: Amount Outstanding (N'M) | E79: Amount Outstanding (US$’M) | F79: Amount Outstanding (N'M) | G79: Amount Outstanding (US$’M) | H79: Amount Outstanding (N'M) | I79: Amount Outstanding (US$’M) | J79: Amount Outstanding (N'M) | K79: Amount Outstanding (US$’M) | L79: Amount Outstanding (N'M) | M79: Amount Outstanding (US$’M) | N79: Amount Outstanding (N'M) | O79: Amount Outstanding (US$’M) | P79: Amount Outstanding (N'M) | Q79: Amount Outstanding (US$’M) | R79: Amount Outstanding (N'M)
B80: External Debt | C80: 25274.365 | D80: 7759230 | E80: 27676.14 | F80: 9022421.6 | G80: 33348.083 | H80: 12705618 | I80: 38391.32 | J80: 15855231 | K80: 41694.91 | L80: 18702252 | M80: 42495.16 | N80: 38219849 | O80: 45780.45 | P80: 70287531 | Q80: 51856.03 | R80: 74426735
B81: Domestic Debt | C81: =C83+C82 -> 54162.352 | D81: =D83+D82 -> 16627842 | E81: =E83+E82 -> 56377.18 | F81: =F83+F82 -> 18378960 | G81: =G83+G82 -> 53044.46 | H81: =H83+H82 -> 20209896 | I81: =I83+I82 -> 57388.32 | J81: =J83+J82 -> 23700801 | ... R81: =R83+R82 -> 84849334
B82: FGN Only | C82: 41610.442 | D82: 12774406 | E82: 43781.12 | F82: 14272645 | G82: 42057.55 | H82: 16023885 | I82: 46593.28 | J82: 19242557 | K82: 49515.92 | L82: 22210365 | M82: 59215.51 | N82: 53258012 | O82: 45860.13 | P82: 70409863 | Q82: 56079.75 | R82: 80488865
B83: States & FCT | C83: 12551.91 | D83: 3853436 | E83: 12596.06 | F83: 4106314.9 | G83: 10986.91 | H83: 4186011 | I83: 10795.04 | J83: 4458244.1 | K83: 11900.01 | L83: 5337751.5 | M83: 6518.67 | N83: 5862846.9 | O83: 2584.52 | P83: 3968057.3 | Q83: 3038.11 | R83: 4360468.8
B84: Total Public Debt | C84: =C80+C81 -> 79436.717 | D84: =D80+D81 -> 24387072 | E84: =E80+E81 -> 84053.32 | F84: =F80+F81 -> 27401381 | G84: =G80+G81 -> 86392.543 | H84: =H80+H81 -> 32915515 | I84: =I80+I81 -> 95779.64 | J84: =J80+J81 -> 39556032 | ... R84: =R80+R81 -> 1.5927607e+08
B85: Exchange Rate | C85: US$/N307.00 | E85: US$/N326.00 | G85: US$/N381.00 | I85: US$/N412.99 | K85: US$/N448.55 | M85: US$/N899.393 | O85: US$1/N1,535.3176 | Q85: US$1/N1,435.2571
E86: Total Public Debt moved from N24.39 trillion as at December 31, 2018 to N27.40 trillion as at December 31, 2019, representing an increase of 12.36 percent. The increase was mainly attributed to:ii. New Borrowings of N7.48 trillion in the 2024 Appropriation Act: i. New Borrowing of N1.61 trillion in the 2019 Appropriation Act ii. Disbursements on existing loans from the Multilateral and Bilateral Creditors in the sum of US$2.49 billion. iii. Net Promissory Note Issuance of N397.21 billion iv. Depreciation of naira USD/N307.00 as at December 31, 2018 to USD/N326.00 as at December 31, 2019 which caused a valuation effect of about N0.48 trillion. | G86: Total Public Debt moved from N27.40 trillion as at December 31, 2019 to N32.92 trillion as at December 31, 2020, representing an increase of 20.12 percent. The increase was mainly attributed to: i. New Borrowing of N4.2 trillion in the 2020 Appropriation Act ii. The US$3.4 billion COVID support loan from IMF iii. Disbursements on existing loans from the Multilateral and Bilateral Creditors in the sum of US$2.09 billion. v. Net Promissory Note Issuance of N287.61 billion iv. Depreciation of naira USD/N326.00 as at December 31, 2019 to USD/N381.00 as at December 31, 2020 which caused a valuation effect of about N1.52 trillion | I86: Total Public Debt moved from N32.92 trillion as at December 31, 2020 to N39.56 trillion as at December 31, 2021, representing an increase of 20.17 percent. The increase was attributed to: i. New Borrowing of N5.49 trillion in the 2021 Appropriation Act: a. Domestic - N3.15 trillion. b. External – N2.34 trillion ii. Disbursements on existing loans from the Multilateral and Bilateral Creditors in the sum of US$1.77 billion. iii. Net Promissory Note Issuance of N39.52 billion iv. Depreciation of naira USD/N381.00 as at December 31, 2020 to USD/N412.00 as at December 31, 2021 which caused a valuation effect of about N1.07 trillion. | K86: Total Public Debt moved from N39.56 trillion as at December 31, 2020 to N46.25 trillion as at December 31, 2021, representing an increase of 16.92 percent. The increase was attributed to: i. New Borrowing of N6.1 trillion in the 2022 Appropriation Act: a. Domestic - N3.53 trillion. b. External – N2.57 trillion ii. Disbursements on existing loans from the Multilateral and Bilateral Creditors in the sum of US$3.76 billion. iii. Depreciation of naira USD/N412.99 as at December 31, 2020 to USD/N448.55 as at December 31, 2021 which caused a valuation effect of about N1.37 trillion. | M86: Total Public Debt moved from N46.25 trillion as at December 31, 2022 to N97.34 trillion as at December 31, 2023, representing an increase of 110.46 percent. The increase was attributed to: i. Inclusion of Ways and Means Advances at the CBN in the sum of N22.719 trillion in June 2023. ii. Devaluation of naira USD/N448.55 as at December 31, 2022 to USD/N899.393 as at December 31, 2023, which caused a valuation effect of about N18.80 trillion iii. New Domestic Borrowing of N7.04 trillion to part finance 2023 Appropriation Act. iv. Disbursements on existing loans from the Multilateral and Bilateral Creditors in the sum of US$3.4 billion. v. Net Promissory Note Issuance of N647.83 billion | O86: The Total Public Debt Stock moved to N144.67 trillion (US$94.23 billion) as at December 31, 2024 from N97.34 trillion (US$108.23 billion) as at December 31, 2023, representing an increase of 48.62 percent or N47.32 billion in Naira Terms. The increase was attributed to: i. Naira depreciation from US$/N899.393 as at December 31, 2023 to US$/ N1,535.3176 as at December 31, 2024, which caused a valuation effect of N27.025 trillion . ii. New Borrowings of N7.82 trillion in the 2024 Appropriation Act: a. Domestic - N6.06 trillion. b. External – N1.767 trillion iii. Issuance of Domestic FGN US Dollar Bond of US$917.41 million (or N1.41 trillion). iv. Inclusion of Ways and Means Advances of N7.3 trillion. v. Disbursements on existing loans from the Multilateral and Bilateral Creditors in the sum of US$4.1 billion to fund 2024 Appropriation Act. vi. Net Promissory Note Issuance of N425.65 billion | Q86: Total Public Debt increased to N159.28 trillion in Q4 2025 from N144.67 trillion at Q4 2024, representing an increase of 10.1 percent. The increase was attributed to: i. New Borrowings of N10.423 trillion in the 2025 Appropriation Act: a. Domestic – N8.58 trillion to fund 2025 Appropriation Act. b. External – N1.85trillion c. New Borrowing of N347 billion through the Issuance of Green Bonds and Sukuk to complete 2024 New Domestic Borrowing. ii. Syndicated Loans of US$2.51 billion: a. Kano-Maradi Rail - US$0.64 billion b. Lagos Calabar Coastal Road – US$1.87 billion. iii. Disbursements of US$1.5 billion from the World Bank for Reforms for Economic Stabilization to Enable Transformation Program. iv. Disbursements on existing loans from the Multilateral and Bilateral Creditors in the sum of US$1.62 billion. In Naira terms the appreciation of the naira from N1,535.3176 to N1,435.2571 reduced the Naira value of External Debt by N4.581 trillion, v.Net Promissory Note Issuance of N366.70 billion

Sheet Expenses
B2: NOTE 3- INCREMENTAL EXPENSES
B4: A. WAGE ADJUSTMENTS
B5: Year | C5: Annual Wage Bill | D5: Increase
C6: N'Billion | D6: N'Billion
B7: 2023 | C7: ='Wage Adjustment'!M16/1000000000 -> 3641.335 | D7: 0 | E7: Base Year
B8: 2024 | C8: ='Wage Adjustment'!R24/1000000000 -> 6938.566 | D8: =C8-C7 -> 3297.231
B9: 2025 | C9: ='Wage Adjustment'!P33/1000000000 -> 9731.0019 | D9: =C9-C7 -> 6089.6669
C10: =SUM(C7:C9) -> 20310.903 | D10: =SUM(D7:D9) -> 9386.8979
B12: B. SOCIAL WELFARE
B13: New Initiatives | D13: 2023 | E13: 2024 | F13: 2025 | G13: Total
D14: N'Billion | E14: N'Billion | F14: N'Billion | G14: N'Billion
B15: NELFUND | D15: 0 | E15: 143.8 | F15: 80 | G15: =SUM(E15:F15) -> 223.8
B16: Conditional Cash Transfers | D16: 0 | E16: 0 | F16: 0 | G16: =SUM(E16:F16) -> 0
B17: CREDICORP | D17: 0 | E17: 50 | F17: 0 | G17: =SUM(E17:F17) -> 50
B18: MREIF | D18: 0 | E18: 0 | F18: 150 | G18: =SUM(E18:F18) -> 150
B19: Total | D19: 0 | E19: 193.8 | F19: 230 | G19: =SUM(E19:F19) -> 423.8
B21: C. INTERNATIONAL MEMBERSHIP AND FOREIGN MISSIONS
C22: 2022 | D22: 2023 | E22: 2024 | F22: 2025 | G22: Total
D23: $million | E23: $million | F23: $million | G23: $million
B24: Subscriptions, Missions Funding and Assessed Contributions | D24: 200 | E24: 200 | F24: 200 | G24: =SUM(E24:F24) -> 400 | H24: Estimated amount paid (actual due may be higher)
B25: Average exch rates | C25: 423.71 | D25: 645.6 | E25: 1472.15 | F25: 1522.45
C27: N'Billion | D27: N'Billion | E27: N'Billion | F27: N'Billion | G27: N'Billion
B29: Exchange rate impact | D29: =(D25-C25)*D24/1000*(7/12) -> 25.887167 | E29: =(E25-D25)*E24/1000 -> 165.31 | F29: =(F25-E25)*F24/1000 -> 10.06 | G29: =SUM(C29:F29) -> 201.25717

Sheet Electricity subsidy
A2: NOTE 3D - ELECTRICITY SUBSIDY
C3: 2021 | D3: 2022 | E3: 2023 | F3: Jan - May 2023 | G3: Jun - Dec 2023 | H3: 2024 | I3: 2025 | J3: Total (Jun 2023 - Dec 2025)
B4: Total invoice values | C4: =SUM(C25:N25) -> 8.1745832e+11 | D4: =SUM(O25:Z25) -> 8.0867785e+11 | E4: =SUM(AA25:AL25) -> 1.3716577e+12 | F4: =SUM(AA25:AE25) -> 4.0922872e+11 | G4: =SUM(AF25:AL25) -> 9.6242898e+11 | H4: =SUM(AM25:AX25) -> 2.972597e+12 | I4: =SUM(AY25:BJ25) -> 3.1659182e+12 | J4: =SUM(G4:I4) -> 7.1009441e+12
B5: FG Invoices - Actual | C5: =SUM(C55:N55) -> 2.5107158e+11 | D5: =SUM(O55:Z55) -> 1.5105885e+11 | E5: =SUM(AA55:AL55) -> 6.3144374e+11 | F5: =SUM(AA55:AE55) -> 1.8941944e+11 | G5: =SUM(AF55:AL55) -> 4.420243e+11 | H5: =SUM(AM55:AX55) -> 1.9412262e+12 | I5: =SUM(AY55:BJ55) -> 1.9292968e+12 | J5: =SUM(G5:I5) -> 4.3125473e+12
B6: FG Invoices at pre-reform levels (est.) | C6: =C5 -> 2.5107158e+11 | D6: =D5 -> 1.5105885e+11 | E6: =F6+G6 -> 4.5460666e+11 | F6: =F5 -> 1.8941944e+11 | G6: =F6/5*7 -> 2.6518722e+11 | H6: =F6/5*12 -> 4.5460666e+11 | I6: =H6 -> 4.5460666e+11 | J6: =SUM(G6:I6) -> 1.1744005e+12
B7: Incremental subsidy | C7: =C5-C6 -> 0 | D7: =D5-D6 -> 0 | E7: =E5-E6 -> 1.7683708e+11 | F7: =F5-F6 -> 0 | G7: =G5-G6 -> 1.7683708e+11 | H7: =H5-H6 -> 1.4866195e+12 | I7: =I5-I6 -> 1.4746901e+12 | J7: =SUM(G7:I7) -> 3.1381467e+12
A10: Electricity Subsidy Detailed Breakdown - NBET
B12: INVOICES (N)
A13: INVOICES (N) | B13: DISCO | C13: 44197 | D13: 44228 | E13: 44256 | F13: 44287 | G13: 44317 | H13: 44348 | I13: 44378 | J13: 44409 | K13: 44440 | L13: 44470 | M13: 44501 | N13: 44531 | O13: 44562 | P13: 44593 | Q13: 44621 | R13: 44652 | S13: 44682 | T13: 44713 | U13: 44743 | V13: 44774 | W13: 44805 | X13: 44835 | Y13: 44866 | Z13: 44896 | AA13: 44927 | AB13: 44958 | AC13: 44986 | AD13: =[1]Sheet1!F2 -> 45017 | AE13: =[1]Sheet1!G2 -> 45047 | AF13: =[1]Sheet1!H2 -> 45078 | AG13: =[1]Sheet1!I2 -> 45108 | AH13: =[1]Sheet1!J2 -> 45139 | AI13: =[1]Sheet1!K2 -> 45170 | AJ13: =[1]Sheet1!L2 -> 45200 | AK13: =[1]Sheet1!M2 -> 45231 | ... BJ13: =[1]Sheet1!AL2 -> 45992
B14: ABUJA | C14: 8.6641239e+09 | D14: 8.2089694e+09 | E14: 8.8200864e+09 | F14: 8.9822932e+09 | G14: 8.9814734e+09 | H14: 7.961056e+09 | I14: 8.3230347e+09 | J14: 8.1577882e+09 | K14: 7.7749976e+09 | L14: 8.4182509e+09 | M14: 8.4876531e+09 | N14: 8.5483e+09 | O14: 8.8498824e+09 | P14: 8.2404061e+09 | Q14: 8.0625563e+09 | R14: 8.2728667e+09 | S14: 7.8463426e+09 | T14: 7.0902314e+09 | U14: 9.285099e+09 | V14: 9.3967925e+09 | W14: 9.8712796e+09 | X14: 1.0460867e+10 | Y14: 1.1028372e+10 | Z14: 1.1206535e+10 | AA14: 1.1142351e+10 | AB14: 1.0931839e+10 | AC14: 1.2799705e+10 | AD14: =[1]Sheet1!F3 -> 1.1739278e+10 | AE14: =[1]Sheet1!G3 -> 1.5075982e+10 | AF14: =[1]Sheet1!H3 -> 1.8923521e+10 | AG14: =[1]Sheet1!I3 -> 1.940297e+10 | AH14: =[1]Sheet1!J3 -> 1.9433616e+10 | AI14: =[1]Sheet1!K3 -> 1.9573887e+10 | AJ14: =[1]Sheet1!L3 -> 2.2553417e+10 | AK14: =[1]Sheet1!M3 -> 2.4232511e+10 | ... BJ14: =[1]Sheet1!AL3 -> 3.701386e+10
B15: BENIN | C15: 6.4328962e+09 | D15: 5.7715493e+09 | E15: 6.1753384e+09 | F15: 6.0829253e+09 | G15: 6.4476587e+09 | H15: 6.0025243e+09 | I15: 6.2757941e+09 | J15: 5.8663938e+09 | K15: 5.5994615e+09 | L15: 6.0002956e+09 | M15: 5.8558631e+09 | N15: 6.3572005e+09 | O15: 6.6938836e+09 | P15: 6.1276652e+09 | Q15: 6.2641699e+09 | R15: 5.6991278e+09 | S15: 5.925666e+09 | T15: 5.6473286e+09 | U15: 6.0373425e+09 | V15: 6.252842e+09 | W15: 6.4675662e+09 | X15: 6.3821204e+09 | Y15: 6.8091559e+09 | Z15: 6.5878649e+09 | AA15: 6.5805228e+09 | AB15: 6.4540609e+09 | AC15: 7.0655053e+09 | AD15: =[1]Sheet1!F4 -> 6.819212e+09 | AE15: =[1]Sheet1!G4 -> 9.3109459e+09 | AF15: =[1]Sheet1!H4 -> 1.0566798e+10 | AG15: =[1]Sheet1!I4 -> 1.0359143e+10 | AH15: =[1]Sheet1!J4 -> 1.0192209e+10 | AI15: =[1]Sheet1!K4 -> 1.1078907e+10 | AJ15: =[1]Sheet1!L4 -> 1.2230889e+10 | AK15: =[1]Sheet1!M4 -> 1.2744709e+10 | ... BJ15: =[1]Sheet1!AL4 -> 2.0445258e+10
B16: EKO | C16: 8.4737661e+09 | D16: 7.7635257e+09 | E16: 7.7648399e+09 | F16: 7.7138893e+09 | G16: 8.1144647e+09 | H16: 7.4918883e+09 | I16: 7.7171782e+09 | J16: 7.7269853e+09 | K16: 6.9580909e+09 | L16: 7.7631775e+09 | M16: 7.4865384e+09 | N16: 8.0334796e+09 | O16: 8.0211732e+09 | P16: 7.1721687e+09 | Q16: 6.6038202e+09 | R16: 6.7952355e+09 | S16: 7.2532942e+09 | T16: 6.2578702e+09 | U16: 6.6399262e+09 | V16: 7.8528465e+09 | W16: 6.7513317e+09 | X16: 6.4122535e+09 | Y16: 6.9173855e+09 | Z16: 7.7483177e+09 | AA16: 8.2297175e+09 | AB16: 7.4021091e+09 | AC16: 8.3817779e+09 | AD16: =[1]Sheet1!F5 -> 7.1397378e+09 | AE16: =[1]Sheet1!G5 -> 1.0243719e+10 | AF16: =[1]Sheet1!H5 -> 1.2331617e+10 | AG16: =[1]Sheet1!I5 -> 1.3219677e+10 | AH16: =[1]Sheet1!J5 -> 1.3595176e+10 | AI16: =[1]Sheet1!K5 -> 1.509974e+10 | AJ16: =[1]Sheet1!L5 -> 1.8676413e+10 | AK16: =[1]Sheet1!M5 -> 2.0996821e+10 | ... BJ16: =[1]Sheet1!AL5 -> 3.0464336e+10
B17: ENUGU | C17: 6.906863e+09 | D17: 6.2755357e+09 | E17: 6.3162994e+09 | F17: 6.2060947e+09 | G17: 6.4605368e+09 | H17: 6.0626336e+09 | I17: 6.3902549e+09 | J17: 6.0158682e+09 | K17: 5.6938474e+09 | L17: 6.1482147e+09 | M17: 6.094211e+09 | N17: 6.4840174e+09 | O17: 6.7713318e+09 | P17: 6.4176093e+09 | Q17: 6.3328859e+09 | R17: 5.8037893e+09 | S17: 5.7951177e+09 | T17: 5.5344415e+09 | U17: 6.3146019e+09 | V17: 6.407804e+09 | W17: 6.0579732e+09 | X17: 5.9778341e+09 | Y17: 6.5037809e+09 | Z17: 7.0949482e+09 | AA17: 6.8141871e+09 | AB17: 6.9698103e+09 | AC17: 7.0311876e+09 | AD17: =[1]Sheet1!F6 -> 6.8734125e+09 | AE17: =[1]Sheet1!G6 -> 8.9974016e+09 | AF17: =[1]Sheet1!H6 -> 1.0562532e+10 | AG17: =[1]Sheet1!I6 -> 1.0146893e+10 | AH17: =[1]Sheet1!J6 -> 1.0218065e+10 | AI17: =[1]Sheet1!K6 -> 1.0685407e+10 | AJ17: =[1]Sheet1!L6 -> 1.2900719e+10 | AK17: =[1]Sheet1!M6 -> 1.3234143e+10 | ... BJ17: =[1]Sheet1!AL6 -> 1.9429271e+10
B18: IBADAN | C18: 9.8225493e+09 | D18: 8.9357385e+09 | E18: 9.044445e+09 | F18: 9.0559371e+09 | G18: 9.2510225e+09 | H18: 8.2121632e+09 | I18: 9.1247028e+09 | J18: 8.8602012e+09 | K18: 8.473587e+09 | L18: 9.0058218e+09 | M18: 8.9971308e+09 | N18: 9.2894864e+09 | O18: 9.4100189e+09 | P18: 8.2671063e+09 | Q18: 7.9665588e+09 | R18: 8.082921e+09 | S18: 8.0162343e+09 | T18: 7.1695373e+09 | U18: 8.3578795e+09 | V18: 8.2289226e+09 | W18: 8.2391712e+09 | X18: 8.2338553e+09 | Y18: 8.9831443e+09 | Z18: 9.4988282e+09 | AA18: 8.7678614e+09 | AB18: 8.7676451e+09 | AC18: 9.8566694e+09 | AD18: =[1]Sheet1!F7 -> 8.7864295e+09 | AE18: =[1]Sheet1!G7 -> 1.2029206e+10 | AF18: =[1]Sheet1!H7 -> 1.3466169e+10 | AG18: =[1]Sheet1!I7 -> 1.3473944e+10 | AH18: =[1]Sheet1!J7 -> 1.3990602e+10 | AI18: =[1]Sheet1!K7 -> 1.5496385e+10 | AJ18: =[1]Sheet1!L7 -> 1.7315678e+10 | AK18: =[1]Sheet1!M7 -> 1.9378245e+10 | ... BJ18: =[1]Sheet1!AL7 -> 2.7749771e+10
B19: IKEJA | C19: 1.0846716e+10 | D19: 1.0063174e+10 | E19: 1.0245121e+10 | F19: 1.0239858e+10 | G19: 1.0869268e+10 | H19: 1.0162973e+10 | I19: 1.0297308e+10 | J19: 1.0011641e+10 | K19: 9.2590002e+09 | L19: 1.0022734e+10 | M19: 9.8286831e+09 | N19: 1.0660231e+10 | O19: 1.0805013e+10 | P19: 9.6223561e+09 | Q19: 9.1858211e+09 | R19: 9.1752706e+09 | S19: 9.4558329e+09 | T19: 8.2392483e+09 | U19: 9.103734e+09 | V19: 9.7775172e+09 | W19: 1.0317123e+10 | X19: 9.6707668e+09 | Y19: 1.0717197e+10 | Z19: 1.1831482e+10 | AA19: 1.1395077e+10 | AB19: 1.15332e+10 | AC19: 1.3153571e+10 | AD19: =[1]Sheet1!F8 -> 1.1650891e+10 | AE19: =[1]Sheet1!G8 -> 1.5880571e+10 | AF19: =[1]Sheet1!H8 -> 1.9338509e+10 | AG19: =[1]Sheet1!I8 -> 2.0500346e+10 | AH19: =[1]Sheet1!J8 -> 2.0784124e+10 | AI19: =[1]Sheet1!K8 -> 2.0503605e+10 | AJ19: =[1]Sheet1!L8 -> 2.2006837e+10 | AK19: =[1]Sheet1!M8 -> 2.4237211e+10 | ... BJ19: =[1]Sheet1!AL8 -> 3.5072377e+10
B20: JOS | C20: 3.4847771e+09 | D20: 3.1708693e+09 | E20: 3.4166705e+09 | F20: 3.4627624e+09 | G20: 3.734329e+09 | H20: 3.4595616e+09 | I20: 3.5255381e+09 | J20: 3.4010804e+09 | K20: 3.2224037e+09 | L20: 3.4191103e+09 | M20: 3.4407127e+09 | N20: 3.5937668e+09 | O20: 3.7920506e+09 | P20: 3.5392874e+09 | Q20: 3.6318068e+09 | R20: 3.5309653e+09 | S20: 3.5056016e+09 | T20: 3.2389993e+09 | U20: 3.6396894e+09 | V20: 3.7159257e+09 | W20: 3.8789115e+09 | X20: 4.1509758e+09 | Y20: 4.2719901e+09 | Z20: 4.6648919e+09 | AA20: 4.5611205e+09 | AB20: 4.423658e+09 | AC20: 4.6651465e+09 | AD20: =[1]Sheet1!F9 -> 4.3692095e+09 | AE20: =[1]Sheet1!G9 -> 5.6040079e+09 | AF20: =[1]Sheet1!H9 -> 5.4492835e+09 | AG20: =[1]Sheet1!I9 -> 6.6600963e+09 | AH20: =[1]Sheet1!J9 -> 6.5297175e+09 | AI20: =[1]Sheet1!K9 -> 7.0610194e+09 | AJ20: =[1]Sheet1!L9 -> 8.3272169e+09 | AK20: =[1]Sheet1!M9 -> 8.6493624e+09 | ... BJ20: =[1]Sheet1!AL9 -> 1.2695584e+10
B21: KADUNA | C21: 5.191388e+09 | D21: 4.8574758e+09 | E21: 5.2898753e+09 | F21: 5.6281806e+09 | G21: 5.6595453e+09 | H21: 5.3258661e+09 | I21: 5.3955945e+09 | J21: 5.2803154e+09 | K21: 4.9774388e+09 | L21: 5.4971553e+09 | M21: 5.3754633e+09 | N21: 5.4876733e+09 | O21: 5.6995563e+09 | P21: 5.2174127e+09 | Q21: 5.1459046e+09 | R21: 5.2393467e+09 | S21: 4.946945e+09 | T21: 4.4986034e+09 | U21: 4.4355469e+09 | V21: 4.840153e+09 | W21: 4.8268396e+09 | X21: 5.0968445e+09 | Y21: 5.1164081e+09 | Z21: 5.3790218e+09 | AA21: 5.2320566e+09 | AB21: 5.0815249e+09 | AC21: 5.3434563e+09 | AD21: =[1]Sheet1!F10 -> 4.5565396e+09 | AE21: =[1]Sheet1!G10 -> 5.4341618e+09 | AF21: =[1]Sheet1!H10 -> 5.8829896e+09 | AG21: =[1]Sheet1!I10 -> 7.3396346e+09 | AH21: =[1]Sheet1!J10 -> 7.3503796e+09 | AI21: =[1]Sheet1!K10 -> 7.3062279e+09 | AJ21: =[1]Sheet1!L10 -> 1.0116978e+10 | AK21: =[1]Sheet1!M10 -> 1.0741658e+10 | ... BJ21: =[1]Sheet1!AL10 -> 1.3477672e+10
B22: KANO | C22: 5.029144e+09 | D22: 4.6597078e+09 | E22: 5.013159e+09 | F22: 4.9749014e+09 | G22: 5.326603e+09 | H22: 4.8148267e+09 | I22: 4.5702419e+09 | J22: 4.7202606e+09 | K22: 4.2901439e+09 | L22: 4.9906481e+09 | M22: 4.9716741e+09 | N22: 5.3018263e+09 | O22: 5.4726429e+09 | P22: 4.9978705e+09 | Q22: 4.5529556e+09 | R22: 4.7676525e+09 | S22: 4.4019193e+09 | T22: 4.0394762e+09 | U22: 4.3920994e+09 | V22: 4.7208986e+09 | W22: 4.5589337e+09 | X22: 5.057964e+09 | Y22: 5.239069e+09 | Z22: 5.4138933e+09 | AA22: 5.3372921e+09 | AB22: 5.0912737e+09 | AC22: 5.8236328e+09 | AD22: =[1]Sheet1!F11 -> 4.8430307e+09 | AE22: =[1]Sheet1!G11 -> 6.2544073e+09 | AF22: =[1]Sheet1!H11 -> 6.1590469e+09 | AG22: =[1]Sheet1!I11 -> 7.0242033e+09 | AH22: =[1]Sheet1!J11 -> 7.3976965e+09 | AI22: =[1]Sheet1!K11 -> 8.0777502e+09 | AJ22: =[1]Sheet1!L11 -> 9.7681612e+09 | AK22: =[1]Sheet1!M11 -> 1.0614709e+10 | ... BJ22: =[1]Sheet1!AL11 -> 1.2636057e+10
B23: PH | C23: 4.5929938e+09 | D23: 4.4420729e+09 | E23: 4.634083e+09 | F23: 4.6944012e+09 | G23: 4.8113544e+09 | H23: 4.4708593e+09 | I23: 4.7067068e+09 | J23: 4.5699556e+09 | K23: 4.1507102e+09 | L23: 4.5252742e+09 | M23: 4.2500516e+09 | N23: 4.4322298e+09 | O23: 4.5187325e+09 | P23: 4.5497545e+09 | Q23: 4.463843e+09 | R23: 4.2082675e+09 | S23: 4.1604634e+09 | T23: 4.0615785e+09 | U23: 5.1470402e+09 | V23: 4.9738542e+09 | W23: 5.0736366e+09 | X23: 4.9648764e+09 | Y23: 5.2890866e+09 | Z23: 5.8646964e+09 | AA23: 5.7522538e+09 | AB23: 5.9265038e+09 | AC23: 5.9529833e+09 | AD23: =[1]Sheet1!F12 -> 5.7291802e+09 | AE23: =[1]Sheet1!G12 -> 7.9001472e+09 | AF23: =[1]Sheet1!H12 -> 8.5855703e+09 | AG23: =[1]Sheet1!I12 -> 8.9306681e+09 | AH23: =[1]Sheet1!J12 -> 9.4391279e+09 | AI23: =[1]Sheet1!K12 -> 9.3882843e+09 | AJ23: =[1]Sheet1!L12 -> 1.0307552e+10 | AK23: =[1]Sheet1!M12 -> 1.1154493e+10 | ... BJ23: =[1]Sheet1!AL12 -> 1.6076533e+10
B24: YOLA | C24: 2.5287624e+09 | D24: 2.0694955e+09 | E24: 2.2760413e+09 | F24: 2.3574368e+09 | G24: 2.3249642e+09 | H24: 2.0869e+09 | I24: 2.2015133e+09 | J24: 2.1336086e+09 | K24: 1.9713187e+09 | L24: 2.1319133e+09 | M24: 2.1152415e+09 | N24: 2.1821213e+09 | O24: 2.2674792e+09 | P24: 2.1807433e+09 | Q24: 2.2838752e+09 | R24: 2.2405385e+09 | S24: 2.0653794e+09 | T24: 1.9391402e+09 | U24: 1.9321752e+09 | V24: 1.9061155e+09 | W24: 1.9688685e+09 | X24: 2.0972546e+09 | Y24: 2.230292e+09 | Z24: 2.3718607e+09 | AA24: 2.417119e+09 | AB24: 2.3238797e+09 | AC24: 3.1112728e+09 | AD24: =[1]Sheet1!F13 -> 2.504639e+09 | AE24: =[1]Sheet1!G13 -> 3.1666382e+09 | AF24: =[1]Sheet1!H13 -> 3.0856476e+09 | AG24: =[1]Sheet1!I13 -> 3.9623746e+09 | AH24: =[1]Sheet1!J13 -> 3.7479134e+09 | AI24: =[1]Sheet1!K13 -> 4.0239544e+09 | AJ24: =[1]Sheet1!L13 -> 5.023155e+09 | AK24: =[1]Sheet1!M13 -> 5.4140548e+09 | ... BJ24: =[1]Sheet1!AL13 -> 5.804685e+09
B25: TOTAL | C25: =SUM(C14:C24) -> 7.197398e+10 | D25: =SUM(D14:D24) -> 6.6218114e+10 | E25: =SUM(E14:E24) -> 6.8995959e+10 | F25: =SUM(F14:F24) -> 6.9398681e+10 | G25: =SUM(G14:G24) -> 7.198122e+10 | H25: =SUM(H14:H24) -> 6.6051252e+10 | I25: =SUM(I14:I24) -> 6.8527868e+10 | J25: =SUM(J14:J24) -> 6.6744098e+10 | ... BJ25: =SUM(BJ14:BJ24) -> 2.3086541e+11
C26: 0 | D26: 0 | E26: 0 | F26: 0 | G26: 0 | H26: 0 | I26: 0 | J26: 0 | K26: 0 | L26: 0 | M26: 0 | N26: 0 | O26: 0 | P26: 0 | Q26: 0 | R26: 0 | S26: 0 | T26: 0 | U26: 0 | V26: 0 | W26: 0 | X26: 0 | Y26: 0 | Z26: 0 | AA26: 0 | AB26: 0 | AC26: 0 | AD26: 0 | AE26: =AE25 -> 9.9897188e+10 | AF26: 0 | AG26: 0 | AH26: 0 | AI26: 0 | AJ26: 0 | AK26: 0 | AL26: 0 | AM26: 0 | AN26: 0 | AO26: 0 | AP26: 0 | AQ26: 0 | AR26: 0 | AS26: 0 | AT26: 0 | AU26: 0 | AV26: 0 | AW26: 0 | AX26: 0 | AY26: 0 | AZ26: 0 | BA26: 0 | BB26: 0 | BC26: 0 | BD26: 0 | BE26: 0 | BF26: 0 | BG26: 0 | BH26: 0 | BI26: 0 | BJ26: 0
B27: MRO/DRO
A28: MRO/DRO | B28: =B13 -> DISCO | C28: =C13 -> 44197 | D28: =D13 -> 44228 | E28: =E13 -> 44256 | F28: =F13 -> 44287 | G28: =G13 -> 44317 | H28: =H13 -> 44348 | I28: =I13 -> 44378 | ... BJ28: =BJ13 -> 45992
B29: =B14 -> ABUJA | C29: 0.8177 | D29: 0.8177 | E29: 0.8177 | F29: 0.8177 | G29: 0.8177 | H29: 0.8177 | I29: 0.8177 | J29: 0.8177 | K29: 0.8177 | L29: 0.8177 | M29: 0.8177 | N29: 0.8177 | O29: 0.9004 | P29: 0.9004 | Q29: 0.9004 | R29: 0.9004 | S29: 0.9004 | T29: 0.9004 | U29: 0.9004 | V29: 0.9004 | W29: 0.9004 | X29: 0.9004 | Y29: 0.9004 | Z29: 0.9004 | AA29: 0.6652 | AB29: 0.6652 | AC29: 0.6652 | AD29: 0.6652 | AE29: 0.6652 | AF29: 0.6652 | AG29: 0.6652 | AH29: 0.6652 | AI29: 0.6652 | AJ29: 0.6652 | AK29: 0.6652 | AL29: 0.6652 | AM29: 0.1421 | AN29: 0.1427 | AO29: 0.1427 | AP29: 0.5227 | AQ29: 0.469 | AR29: 0.4751 | AS29: 0.4712 | AT29: 0.4608 | AU29: 0.4505 | AV29: 0.4341 | AW29: 0.4454 | AX29: 0.4357 | AY29: 0.4074 | AZ29: 0.4227 | BA29: 0.4056 | BB29: 0.4111 | BC29: 0.4111 | BD29: 0.411 | BE29: 0.4269 | BF29: 0.4194 | BG29: 0.4229 | BH29: 0.438 | BI29: 0.4986 | BJ29: 0.5081
B30: =B15 -> BENIN | C30: 0.5619 | D30: 0.5619 | E30: 0.5619 | F30: 0.5619 | G30: 0.5619 | H30: 0.5619 | I30: 0.5619 | J30: 0.5619 | K30: 0.5619 | L30: 0.5619 | M30: 0.5619 | N30: 0.5619 | O30: 0.8353 | P30: 0.8353 | Q30: 0.8353 | R30: 0.8353 | S30: 0.8353 | T30: 0.8353 | U30: 0.8353 | V30: 0.8353 | W30: 0.8353 | X30: 0.8353 | Y30: 0.8353 | Z30: 0.8353 | AA30: 0.5056 | AB30: 0.5056 | AC30: 0.5056 | AD30: 0.5056 | AE30: 0.5056 | AF30: 0.5056 | AG30: 0.5056 | AH30: 0.5056 | AI30: 0.5056 | AJ30: 0.5056 | AK30: 0.5056 | AL30: 0.5056 | AM30: 0.0841 | AN30: 0.0846 | AO30: 0.0846 | AP30: 0.4854 | AQ30: 0.4345 | AR30: 0.4379 | AS30: 0.4343 | AT30: 0.4219 | AU30: 0.412 | AV30: 0.4092 | AW30: 0.4086 | AX30: 0.3996 | AY30: 0.3747 | AZ30: 0.3979 | BA30: 0.368 | BB30: 0.38 | BC30: 0.3784 | BD30: 0.3783 | BE30: 0.3941 | BF30: 0.3875 | BG30: 0.3847 | BH30: 0.4035 | BI30: 0.4736 | BJ30: 0.4832
B31: =B16 -> EKO | C31: 0.7333 | D31: 0.7333 | E31: 0.7333 | F31: 0.7333 | G31: 0.7333 | H31: 0.7333 | I31: 0.7333 | J31: 0.7333 | K31: 0.7333 | L31: 0.7333 | M31: 0.7333 | N31: 0.7333 | O31: 0.8588 | P31: 0.8588 | Q31: 0.8588 | R31: 0.8588 | S31: 0.8588 | T31: 0.8588 | U31: 0.8588 | V31: 0.8588 | W31: 0.8588 | X31: 0.8588 | Y31: 0.8588 | Z31: 0.8588 | AA31: 0.5825 | AB31: 0.5825 | AC31: 0.5825 | AD31: 0.5825 | AE31: 0.5825 | AF31: 0.5825 | AG31: 0.5825 | AH31: 0.5825 | AI31: 0.5825 | AJ31: 0.5825 | AK31: 0.5825 | AL31: 0.5825 | AM31: 0.13 | AN31: 0.1306 | AO31: 0.1306 | AP31: 0.5674 | AQ31: 0.5178 | AR31: 0.5278 | AS31: 0.5236 | AT31: 0.5129 | AU31: 0.5012 | AV31: 0.4787 | AW31: 0.4933 | AX31: 0.4822 | AY31: 0.4366 | AZ31: 0.4455 | BA31: 0.4234 | BB31: 0.435 | BC31: 0.4334 | BD31: 0.4332 | BE31: 0.4503 | BF31: 0.4426 | BG31: 0.43911 | BH31: 0.4596 | BI31: 0.5266 | BJ31: 0.537
B32: =B17 -> ENUGU | C32: 0.7163 | D32: 0.7163 | E32: 0.7163 | F32: 0.7163 | G32: 0.7163 | H32: 0.7163 | I32: 0.7163 | J32: 0.7163 | K32: 0.7163 | L32: 0.7163 | M32: 0.7163 | N32: 0.7163 | O32: 0.8898 | P32: 0.8898 | Q32: 0.8898 | R32: 0.8898 | S32: 0.8898 | T32: 0.8898 | U32: 0.8898 | V32: 0.8898 | W32: 0.8898 | X32: 0.8898 | Y32: 0.8898 | Z32: 0.8898 | AA32: 0.578 | AB32: 0.578 | AC32: 0.578 | AD32: 0.578 | AE32: 0.578 | AF32: 0.578 | AG32: 0.578 | AH32: 0.578 | AI32: 0.578 | AJ32: 0.578 | AK32: 0.578 | AL32: 0.578 | AM32: 0.0505 | AN32: 0.044 | AO32: 0.044 | AP32: 0.4408 | AQ32: 0.4326 | AR32: 0.4121 | AS32: 0.409 | AT32: 0.406 | AU32: 0.3949 | AV32: 0.3806 | AW32: 0.3925 | AX32: 0.384 | AY32: 0.3574 | AZ32: 0.3835 | BA32: 0.3594 | BB32: 0.353 | BC32: 0.3525 | BD32: 0.3525 | BE32: 0.3672 | BF32: 0.361 | BG32: 0.3598 | BH32: 0.3772 | BI32: 0.4482 | BJ32: 0.4571
B33: =B18 -> IBADAN | C33: 0.6996 | D33: 0.6996 | E33: 0.6996 | F33: 0.6996 | G33: 0.6996 | H33: 0.6996 | I33: 0.6996 | J33: 0.6996 | K33: 0.6996 | L33: 0.6996 | M33: 0.6996 | N33: 0.6996 | O33: 0.8052 | P33: 0.8052 | Q33: 0.8052 | R33: 0.8052 | S33: 0.8052 | T33: 0.8052 | U33: 0.8052 | V33: 0.8052 | W33: 0.8052 | X33: 0.8052 | Y33: 0.8052 | Z33: 0.8052 | AA33: 0.4679 | AB33: 0.4679 | AC33: 0.4679 | AD33: 0.4679 | AE33: 0.4679 | AF33: 0.4679 | AG33: 0.4679 | AH33: 0.4679 | AI33: 0.4679 | AJ33: 0.4679 | AK33: 0.4679 | AL33: 0.4679 | AM33: 0.0979 | AN33: 0.0985 | AO33: 0.0985 | AP33: 0.4789 | AQ33: 0.4237 | AR33: 0.4276 | AS33: 0.4242 | AT33: 0.4151 | AU33: 0.4027 | AV33: 0.3855 | AW33: 0.3998 | AX33: 0.391 | AY33: 0.3579 | AZ33: 0.3739 | BA33: 0.3507 | BB33: 0.3408 | BC33: 0.3408 | BD33: 0.3407 | BE33: 0.3551 | BF33: 0.3494 | BG33: 0.3492 | BH33: 0.3665 | BI33: 0.4398 | BJ33: 0.4489
B34: =B19 -> IKEJA | C34: 0.7966 | D34: 0.7966 | E34: 0.7966 | F34: 0.7966 | G34: 0.7966 | H34: 0.7966 | I34: 0.7966 | J34: 0.7966 | K34: 0.7966 | L34: 0.7966 | M34: 0.7966 | N34: 0.7966 | O34: 0.8557 | P34: 0.8557 | Q34: 0.8557 | R34: 0.8557 | S34: 0.8557 | T34: 0.8557 | U34: 0.8557 | V34: 0.8557 | W34: 0.8557 | X34: 0.8557 | Y34: 0.8557 | Z34: 0.8557 | AA34: 0.6325 | AB34: 0.6325 | AC34: 0.6325 | AD34: 0.6325 | AE34: 0.6325 | AF34: 0.6325 | AG34: 0.6325 | AH34: 0.6325 | AI34: 0.6325 | AJ34: 0.6325 | AK34: 0.6325 | AL34: 0.6325 | AM34: 0.1174 | AN34: 0.118 | AO34: 0.118 | AP34: 0.5684 | AQ34: 0.5185 | AR34: 0.5286 | AS34: 0.5127 | AT34: 0.5057 | AU34: 0.4938 | AV34: 0.4732 | AW34: 0.4864 | AX34: 0.4757 | AY34: 0.4293 | AZ34: 0.4392 | BA34: 0.4187 | BB34: 0.4256 | BC34: 0.4246 | BD34: 0.4245 | BE34: 0.441 | BF34: 0.4334 | BG34: 0.4304 | BH34: 0.4494 | BI34: 0.5176 | BJ34: 0.5278
B35: =B20 -> JOS | C35: 0.3788 | D35: 0.3788 | E35: 0.3788 | F35: 0.3788 | G35: 0.3788 | H35: 0.3788 | I35: 0.3788 | J35: 0.3788 | K35: 0.3788 | L35: 0.3788 | M35: 0.3788 | N35: 0.3788 | O35: 0.6308 | P35: 0.6308 | Q35: 0.6308 | R35: 0.6308 | S35: 0.6308 | T35: 0.6308 | U35: 0.6308 | V35: 0.6308 | W35: 0.6308 | X35: 0.6308 | Y35: 0.6308 | Z35: 0.6308 | AA35: 0.377 | AB35: 0.377 | AC35: 0.377 | AD35: 0.377 | AE35: 0.377 | AF35: 0.377 | AG35: 0.377 | AH35: 0.377 | AI35: 0.377 | AJ35: 0.377 | AK35: 0.377 | AL35: 0.377 | AM35: 0.059 | AN35: 0.0594 | AO35: 0.0594 | AP35: 0.4061 | AQ35: 0.2603 | AR35: 0.2463 | AS35: 0.2429 | AT35: 0.3355 | AU35: 0.2096 | AV35: 0.2225 | AW35: 0.3349 | AX35: 0.3278 | AY35: 0.3265 | AZ35: 0.3456 | BA35: 0.3301 | BB35: 0.337 | BC35: 0.3378 | BD35: 0.3378 | BE35: 0.3516 | BF35: 0.3458 | BG35: 0.3392 | BH35: 0.351 | BI35: 0.4146 | BJ35: 0.4233
B36: =B21 -> KADUNA | C36: 0.74 | D36: 0.74 | E36: 0.74 | F36: 0.74 | G36: 0.74 | H36: 0.74 | I36: 0.74 | J36: 0.74 | K36: 0.74 | L36: 0.74 | M36: 0.74 | N36: 0.74 | O36: 0.8276 | P36: 0.8276 | Q36: 0.8276 | R36: 0.8276 | S36: 0.8276 | T36: 0.8276 | U36: 0.8276 | V36: 0.8276 | W36: 0.8276 | X36: 0.8276 | Y36: 0.8276 | Z36: 0.8276 | AA36: 0.4837 | AB36: 0.4837 | AC36: 0.4837 | AD36: 0.4837 | AE36: 0.4837 | AF36: 0.4837 | AG36: 0.4837 | AH36: 0.4837 | AI36: 0.4837 | AJ36: 0.4837 | AK36: 0.4837 | AL36: 0.4837 | AM36: 0.0299 | AN36: 0.0303 | AO36: 0.0303 | AP36: 0.4322 | AQ36: 0.3785 | AR36: 0.38 | AS36: 0.3665 | AT36: 0.3539 | AU36: 0.1799 | AV36: 0.1696 | AW36: 0.3424 | AX36: 0.3346 | AY36: 0.2798 | AZ36: 0.3005 | BA36: 0.2831 | BB36: 0.2754 | BC36: 0.2757 | BD36: 0.2758 | BE36: 0.2887 | BF36: 0.2846 | BG36: 0.284 | BH36: 0.2972 | BI36: 0.3702 | BJ36: 0.3784
B37: =B22 -> KANO | C37: 0.7838 | D37: 0.7838 | E37: 0.7838 | F37: 0.7838 | G37: 0.7838 | H37: 0.7838 | I37: 0.7838 | J37: 0.7838 | K37: 0.7838 | L37: 0.7838 | M37: 0.7838 | N37: 0.7838 | O37: 0.8246 | P37: 0.8246 | Q37: 0.8246 | R37: 0.8246 | S37: 0.8246 | T37: 0.8246 | U37: 0.8246 | V37: 0.8246 | W37: 0.8246 | X37: 0.8246 | Y37: 0.8246 | Z37: 0.8246 | AA37: 0.486 | AB37: 0.486 | AC37: 0.486 | AD37: 0.486 | AE37: 0.486 | AF37: 0.486 | AG37: 0.486 | AH37: 0.486 | AI37: 0.486 | AJ37: 0.486 | AK37: 0.486 | AL37: 0.486 | AM37: 0.0523 | AN37: 0.0527 | AO37: 0.0527 | AP37: 0.4539 | AQ37: 0.4018 | AR37: 0.4049 | AS37: 0.4016 | AT37: 0.3992 | AU37: 0.1945 | AV37: 0.1664 | AW37: 0.3846 | AX37: 0.376 | AY37: 0.3314 | AZ37: 0.3447 | BA37: 0.3308 | BB37: 0.3331 | BC37: 0.3334 | BD37: 0.3334 | BE37: 0.3475 | BF37: 0.3418 | BG37: 0.3414 | BH37: 0.3516 | BI37: 0.3053 | BJ37: 0.3444
B38: =B23 -> PH | C38: 0.5727 | D38: 0.5727 | E38: 0.5727 | F38: 0.5727 | G38: 0.5727 | H38: 0.5727 | I38: 0.5727 | J38: 0.5727 | K38: 0.5727 | L38: 0.5727 | M38: 0.5727 | N38: 0.5727 | O38: 0.81 | P38: 0.81 | Q38: 0.81 | R38: 0.81 | S38: 0.81 | T38: 0.81 | U38: 0.81 | V38: 0.81 | W38: 0.81 | X38: 0.81 | Y38: 0.81 | Z38: 0.81 | AA38: 0.5405 | AB38: 0.5405 | AC38: 0.5405 | AD38: 0.5405 | AE38: 0.5405 | AF38: 0.5405 | AG38: 0.5405 | AH38: 0.5405 | AI38: 0.5405 | AJ38: 0.5405 | AK38: 0.5405 | AL38: 0.5405 | AM38: 0.081 | AN38: 0.0815 | AO38: 0.0815 | AP38: 0.4604 | AQ38: 0.404 | AR38: 0.4073 | AS38: 0.4041 | AT38: 0.396 | AU38: 0.3883 | AV38: 0.3665 | AW38: 0.386 | AX38: 0.3775 | AY38: 0.3377 | AZ38: 0.3571 | BA38: 0.3295 | BB38: 0.3341 | BC38: 0.3339 | BD38: 0.3339 | BE38: 0.3485 | BF38: 0.3427 | BG38: 0.3384 | BH38: 0.3574 | BI38: 0.4159 | BJ38: 0.4246
B39: =B24 -> YOLA | C39: 0.2793 | D39: 0.2793 | E39: 0.2793 | F39: 0.2793 | G39: 0.2793 | H39: 0.2793 | I39: 0.2793 | J39: 0.2793 | K39: 0.2793 | L39: 0.2793 | M39: 0.2793 | N39: 0.2793 | O39: 0.105 | P39: 0.105 | Q39: 0.105 | R39: 0.105 | S39: 0.105 | T39: 0.105 | U39: 0.105 | V39: 0.105 | W39: 0.105 | X39: 0.105 | Y39: 0.105 | Z39: 0.105 | AA39: 0.0625 | AB39: 0.0625 | AC39: 0.0625 | AD39: 0.0625 | AE39: 0.0625 | AF39: 0.0625 | AG39: 0.0625 | AH39: 0.0625 | AI39: 0.0625 | AJ39: 0.0625 | AK39: 0.0625 | AL39: 0.0625 | AM39: 0.0085 | AN39: 0.0085 | AO39: 0.0085 | AP39: 0.1719 | AQ39: 0.0015 | AR39: 0.0015 | AS39: 0.0207 | AT39: 0.0685 | AU39: 0.005 | AV39: 0.005 | AW39: 0.0943 | AX39: 0.0934 | AY39: 0.1323 | AZ39: 0.1374 | BA39: 0.1128 | BB39: 0.0998 | BC39: 0.1158 | BD39: 0.116 | BE39: 0.1234 | BF39: 0.1214 | BG39: 0.1219 | BH39: 0.1292 | BI39: 0.1682 | BJ39: 0.1716
B42: FGN INVOICE
A43: FGN INVOICE | B43: =B28 -> DISCO | C43: =C13 -> 44197 | D43: =D13 -> 44228 | E43: =E13 -> 44256 | F43: =F13 -> 44287 | G43: =G13 -> 44317 | H43: =H13 -> 44348 | I43: =I13 -> 44378 | J43: =J13 -> 44409 | ... BJ43: =BJ13 -> 45992
B44: =B29 -> ABUJA | C44: =C14*(1-C29) -> 1.5794698e+09 | D44: =D14*(1-D29) -> 1.4964951e+09 | E44: =E14*(1-E29) -> 1.6079018e+09 | F44: =F14*(1-F29) -> 1.6374721e+09 | G44: =G14*(1-G29) -> 1.6373226e+09 | H44: =H14*(1-H29) -> 1.4513005e+09 | I44: =I14*(1-I29) -> 1.5172892e+09 | J44: =J14*(1-J29) -> 1.4871648e+09 | ... AL44: =AL14*(1-AL29) -> 8.3538662e+09 | AM44: 3.4233078e+10 | AN44: =AN14*(1-AN29) -> 2.7776797e+10 | AO44: =AO14*(1-AO29) -> 3.1885522e+10 | AP44: =AP14*(1-AP29) -> 1.6563846e+10 | AQ44: =AQ14*(1-AQ29) -> 2.0246333e+10 | AR44: =AR14*(1-AR29) -> 1.878033e+10 | AS44: =AS14*(1-AS29) -> 2.1178265e+10 | AT44: =AT14*(1-AT29) -> 2.0417885e+10 | AU44: =AU14*(1-AU29) -> 2.2659917e+10 | ... AX44: =AX14*(1-AX29) -> 2.3323841e+10 | AY44: 2.4550296e+10 | AZ44: =AZ14*(1-AZ29) -> 2.3438017e+10 | BA44: =BA14*(1-BA29) -> 2.8978241e+10 | BB44: 2.5713837e+10 | BC44: =BC14*(1-BC29) -> 2.486402e+10 | BD44: =BD14*(1-BD29) -> 2.3997699e+10 | BE44: =BE14*(1-BE29) -> 2.3543222e+10 | BF44: 2.1809691e+10 | BG44: =BG14*(1-BG29) -> 2.0132009e+10 | BH44: 2.1681074e+10 | BI44: =BI14*(1-BI29) -> 2.1437295e+10 | BJ44: =BJ14*(1-BJ29) -> 1.8207118e+10
B45: =B30 -> BENIN | C45: =C15*(1-C30) -> 2.8182518e+09 | D45: =D15*(1-D30) -> 2.5285157e+09 | E45: =E15*(1-E30) -> 2.7054157e+09 | F45: =F15*(1-F30) -> 2.6649296e+09 | G45: =G15*(1-G30) -> 2.8247193e+09 | H45: =H15*(1-H30) -> 2.6297059e+09 | I45: =I15*(1-I30) -> 2.7494254e+09 | J45: =J15*(1-J30) -> 2.5700671e+09 | ... AL45: =AL15*(1-AL30) -> 6.6975074e+09 | AM45: 1.8901019e+10 | AN45: =AN15*(1-AN30) -> 1.5562916e+10 | AO45: =AO15*(1-AO30) -> 1.6919358e+10 | AP45: =AP15*(1-AP30) -> 8.404664e+09 | AQ45: =AQ15*(1-AQ30) -> 1.0933145e+10 | AR45: =AR15*(1-AR30) -> 1.1107026e+10 | AS45: =AS15*(1-AS30) -> 1.2762628e+10 | AT45: =AT15*(1-AT30) -> 1.2432285e+10 | AU45: =AU15*(1-AU30) -> 1.4893631e+10 | ... AX45: =AX15*(1-AX30) -> 1.6299912e+10 | AY45: 1.8713139e+10 | AZ45: =AZ15*(1-AZ30) -> 1.5765353e+10 | BA45: =BA15*(1-BA30) -> 1.7372945e+10 | BB45: 1.5567348e+10 | BC45: =BC15*(1-BC30) -> 1.6972066e+10 | BD45: =BD15*(1-BD30) -> 1.3967393e+10 | BE45: =BE15*(1-BE30) -> 1.5890194e+10 | BF45: 1.4252972e+10 | BG45: =BG15*(1-BG30) -> 1.2580037e+10 | BH45: 1.4217069e+10 | BI45: =BI15*(1-BI30) -> 1.2867856e+10 | BJ45: =BJ15*(1-BJ30) -> 1.056611e+10
B46: =B31 -> EKO | C46: =C16*(1-C31) -> 2.2599534e+09 | D46: =D16*(1-D31) -> 2.0705323e+09 | E46: =E16*(1-E31) -> 2.0708828e+09 | F46: =F16*(1-F31) -> 2.0572943e+09 | G46: =G16*(1-G31) -> 2.1641277e+09 | H46: =H16*(1-H31) -> 1.9980866e+09 | I46: =I16*(1-I31) -> 2.0581714e+09 | J46: =J16*(1-J31) -> 2.060787e+09 | ... AL46: =AL16*(1-AL31) -> 8.8858827e+09 | AM46: 3.0969317e+10 | AN46: =AN16*(1-AN31) -> 2.30308e+10 | AO46: =AO16*(1-AO31) -> 2.7905647e+10 | AP46: =AP16*(1-AP31) -> 1.2646721e+10 | AQ46: =AQ16*(1-AQ31) -> 1.6211314e+10 | AR46: =AR16*(1-AR31) -> 1.4612163e+10 | AS46: =AS16*(1-AS31) -> 1.5901508e+10 | AT46: =AT16*(1-AT31) -> 1.5240466e+10 | AU46: =AU16*(1-AU31) -> 1.8747043e+10 | ... AX46: =AX16*(1-AX31) -> 1.937395e+10 | AY46: 2.3535197e+10 | AZ46: =AZ16*(1-AZ31) -> 2.1104026e+10 | BA46: =BA16*(1-BA31) -> 2.3069161e+10 | BB46: 1.9794187e+10 | BC46: =BC16*(1-BC31) -> 2.1890364e+10 | BD46: =BD16*(1-BD31) -> 1.9562235e+10 | BE46: =BE16*(1-BE31) -> 1.955422e+10 | BF46: 1.818527e+10 | BG46: =BG16*(1-BG31) -> 1.6445118e+10 | BH46: 1.8316764e+10 | BI46: =BI16*(1-BI31) -> 1.6490417e+10 | BJ46: =BJ16*(1-BJ31) -> 1.4104988e+10
B47: =B32 -> ENUGU | C47: =C17*(1-C32) -> 1.959477e+09 | D47: =D17*(1-D32) -> 1.7803695e+09 | E47: =E17*(1-E32) -> 1.7919341e+09 | F47: =F17*(1-F32) -> 1.7606691e+09 | G47: =G17*(1-G32) -> 1.8328543e+09 | H47: =H17*(1-H32) -> 1.7199692e+09 | I47: =I17*(1-I32) -> 1.8129153e+09 | J47: =J17*(1-J32) -> 1.7067018e+09 | ... AL47: =AL17*(1-AL32) -> 6.1869554e+09 | AM47: 1.9365022e+10 | AN47: =AN17*(1-AN32) -> 1.4929985e+10 | AO47: =AO17*(1-AO32) -> 1.6514618e+10 | AP47: =AP17*(1-AP32) -> 8.5938452e+09 | AQ47: =AQ17*(1-AQ32) -> 1.0202341e+10 | AR47: =AR17*(1-AR32) -> 1.0968446e+10 | AS47: =AS17*(1-AS32) -> 1.2214433e+10 | AT47: =AT17*(1-AT32) -> 1.2339514e+10 | AU47: =AU17*(1-AU32) -> 1.388745e+10 | ... AX47: =AX17*(1-AX32) -> 1.4426819e+10 | AY47: 1.5680359e+10 | AZ47: =AZ17*(1-AZ32) -> 1.4465558e+10 | BA47: =BA17*(1-BA32) -> 1.6809628e+10 | BB47: 1.5447582e+10 | BC47: =BC17*(1-BC32) -> 1.4414944e+10 | BD47: =BD17*(1-BD32) -> 1.4187067e+10 | BE47: =BE17*(1-BE32) -> 1.4107769e+10 | BF47: 1.2913852e+10 | BG47: =BG17*(1-BG32) -> 1.2509088e+10 | BH47: 1.3146713e+10 | BI47: =BI17*(1-BI32) -> 1.2184883e+10 | BJ47: =BJ17*(1-BJ32) -> 1.0548151e+10
B48: =B33 -> IBADAN | C48: =C18*(1-C33) -> 2.9506938e+09 | D48: =D18*(1-D33) -> 2.6842958e+09 | E48: =E18*(1-E33) -> 2.7169513e+09 | F48: =F18*(1-F33) -> 2.7204035e+09 | G48: =G18*(1-G33) -> 2.7790072e+09 | H48: =H18*(1-H33) -> 2.4669338e+09 | I48: =I18*(1-I33) -> 2.7410607e+09 | J48: =J18*(1-J33) -> 2.6616044e+09 | ... AL48: =AL18*(1-AL33) -> 1.0422443e+10 | AM48: 2.6224215e+10 | AN48: =AN18*(1-AN33) -> 2.213265e+10 | AO48: =AO18*(1-AO33) -> 2.3784423e+10 | AP48: =AP18*(1-AP33) -> 1.2047507e+10 | AQ48: =AQ18*(1-AQ33) -> 1.674673e+10 | AR48: =AR18*(1-AR33) -> 1.5757326e+10 | AS48: =AS18*(1-AS33) -> 1.8309805e+10 | AT48: =AT18*(1-AT33) -> 1.7822774e+10 | AU48: =AU18*(1-AU33) -> 2.0835415e+10 | ... AX48: =AX18*(1-AX33) -> 2.0992494e+10 | AY48: 2.2997203e+10 | AZ48: =AZ18*(1-AZ33) -> 1.9565776e+10 | BA48: =BA18*(1-BA33) -> 2.1479863e+10 | BB48: 2.1115931e+10 | BC48: =BC18*(1-BC33) -> 2.2051657e+10 | BD48: =BD18*(1-BD33) -> 2.0258687e+10 | BE48: =BE18*(1-BE33) -> 2.1276968e+10 | BF48: 2.0405516e+10 | BG48: =BG18*(1-BG33) -> 1.8074913e+10 | BH48: 1.9207923e+10 | BI48: =BI18*(1-BI33) -> 1.8206439e+10 | BJ48: =BJ18*(1-BJ33) -> 1.5292899e+10
B49: =B34 -> IKEJA | C49: =C19*(1-C34) -> 2.2062221e+09 | D49: =D19*(1-D34) -> 2.0468496e+09 | E49: =E19*(1-E34) -> 2.0838575e+09 | F49: =F19*(1-F34) -> 2.0827872e+09 | G49: =G19*(1-G34) -> 2.2108091e+09 | H49: =H19*(1-H34) -> 2.0671487e+09 | I49: =I19*(1-I34) -> 2.0944725e+09 | J49: =J19*(1-J34) -> 2.0363678e+09 | ... AL49: =AL19*(1-AL34) -> 9.1042857e+09 | AM49: 3.584121e+10 | AN49: =AN19*(1-AN34) -> 2.7374797e+10 | AO49: =AO19*(1-AO34) -> 3.2755069e+10 | AP49: =AP19*(1-AP34) -> 1.5405122e+10 | AQ49: =AQ19*(1-AQ34) -> 1.8903425e+10 | AR49: =AR19*(1-AR34) -> 1.7310595e+10 | AS49: =AS19*(1-AS34) -> 1.8623946e+10 | AT49: =AT19*(1-AT34) -> 1.8163987e+10 | AU49: =AU19*(1-AU34) -> 2.1690824e+10 | ... AX49: =AX19*(1-AX34) -> 2.2707142e+10 | AY49: 2.6284897e+10 | AZ49: =AZ19*(1-AZ34) -> 2.3387392e+10 | BA49: =BA19*(1-BA34) -> 2.639545e+10 | BB49: 2.4068582e+10 | BC49: =BC19*(1-BC34) -> 2.5728398e+10 | BD49: =BD19*(1-BD34) -> 2.3159233e+10 | BE49: =BE19*(1-BE34) -> 2.2988713e+10 | BF49: 2.0234345e+10 | BG49: =BG19*(1-BG34) -> 1.8980458e+10 | BH49: 2.0370547e+10 | BI49: =BI19*(1-BI34) -> 1.9203445e+10 | BJ49: =BJ19*(1-BJ34) -> 1.6561177e+10
B50: =B35 -> JOS | C50: =C20*(1-C35) -> 2.1647435e+09 | D50: =D20*(1-D35) -> 1.969744e+09 | E50: =E20*(1-E35) -> 2.1224357e+09 | F50: =F20*(1-F35) -> 2.151068e+09 | G50: =G20*(1-G35) -> 2.3197652e+09 | H50: =H20*(1-H35) -> 2.1490797e+09 | I50: =I20*(1-I35) -> 2.1900643e+09 | J50: =J20*(1-J35) -> 2.1127512e+09 | ... AL50: =AL20*(1-AL35) -> 5.6676164e+09 | AM50: 1.2855812e+10 | AN50: =AN20*(1-AN35) -> 1.1620745e+10 | AO50: =AO20*(1-AO35) -> 1.276694e+10 | AP50: =AP20*(1-AP35) -> 6.5453837e+09 | AQ50: =AQ20*(1-AQ35) -> 8.5006211e+09 | AR50: =AR20*(1-AR35) -> 9.4376742e+09 | AS50: =AS20*(1-AS35) -> 1.1326784e+10 | AT50: =AT20*(1-AT35) -> 9.4883392e+09 | AU50: =AU20*(1-AU35) -> 1.2585543e+10 | ... AX50: =AX20*(1-AX35) -> 7.9211921e+09 | AY50: 7.9645405e+09 | AZ50: =AZ20*(1-AZ35) -> 8.3284694e+09 | BA50: =BA20*(1-BA35) -> 1.1405692e+10 | BB50: 9.9104834e+09 | BC50: =BC20*(1-BC35) -> 9.2462503e+09 | BD50: =BD20*(1-BD35) -> 7.9963613e+09 | BE50: =BE20*(1-BE35) -> 8.2652527e+09 | BF50: 8.4933422e+09 | BG50: =BG20*(1-BG35) -> 8.0425083e+09 | BH50: 9.0602879e+09 | BI50: =BI20*(1-BI35) -> 7.4429935e+09 | BJ50: =BJ20*(1-BJ35) -> 7.3215431e+09
B51: =B36 -> KADUNA | C51: =C21*(1-C36) -> 1.3497609e+09 | D51: =D21*(1-D36) -> 1.2629437e+09 | E51: =E21*(1-E36) -> 1.3753676e+09 | F51: =F21*(1-F36) -> 1.463327e+09 | G51: =G21*(1-G36) -> 1.4714818e+09 | H51: =H21*(1-H36) -> 1.3847252e+09 | I51: =I21*(1-I36) -> 1.4028546e+09 | J51: =J21*(1-J36) -> 1.372882e+09 | ... AL51: =AL21*(1-AL36) -> 5.292503e+09 | AM51: 1.4534293e+10 | AN51: =AN21*(1-AN36) -> 1.2665557e+10 | AO51: =AO21*(1-AO36) -> 1.4188578e+10 | AP51: =AP21*(1-AP36) -> 7.4702921e+09 | AQ51: =AQ21*(1-AQ36) -> 9.6814339e+09 | AR51: =AR21*(1-AR36) -> 9.372079e+09 | AS51: =AS21*(1-AS36) -> 1.0673287e+10 | AT51: =AT21*(1-AT36) -> 9.9999941e+09 | AU51: =AU21*(1-AU36) -> 1.3353859e+10 | ... AX51: =AX21*(1-AX36) -> 9.1150341e+09 | AY51: 1.0314339e+10 | AZ51: =AZ21*(1-AZ36) -> 8.6428104e+09 | BA51: =BA21*(1-BA36) -> 1.3677946e+10 | BB51: 1.1956195e+10 | BC51: =BC21*(1-BC36) -> 1.0422127e+10 | BD51: =BD21*(1-BD36) -> 9.9345224e+09 | BE51: =BE21*(1-BE36) -> 1.0210265e+10 | BF51: 9.989781e+09 | BG51: =BG21*(1-BG36) -> 9.1249209e+09 | BH51: 1.030898e+10 | BI51: =BI21*(1-BI36) -> 9.7355851e+09 | BJ51: =BJ21*(1-BJ36) -> 8.3777212e+09
B52: =B37 -> KANO | C52: =C22*(1-C37) -> 1.0873009e+09 | D52: =D22*(1-D37) -> 1.0074288e+09 | E52: =E22*(1-E37) -> 1.083845e+09 | F52: =F22*(1-F37) -> 1.0755737e+09 | G52: =G22*(1-G37) -> 1.1516116e+09 | H52: =H22*(1-H37) -> 1.0409655e+09 | I52: =I22*(1-I37) -> 9.8808631e+08 | J52: =J22*(1-J37) -> 1.0205203e+09 | ... AL52: =AL22*(1-AL37) -> 5.5090348e+09 | AM52: 1.4392305e+10 | AN52: =AN22*(1-AN37) -> 1.234517e+10 | AO52: =AO22*(1-AO37) -> 1.3700267e+10 | AP52: =AP22*(1-AP37) -> 7.3556989e+09 | AQ52: =AQ22*(1-AQ37) -> 9.7836477e+09 | AR52: =AR22*(1-AR37) -> 8.4116365e+09 | AS52: =AS22*(1-AS37) -> 1.038886e+10 | AT52: =AT22*(1-AT37) -> 9.4546005e+09 | AU52: =AU22*(1-AU37) -> 1.4107703e+10 | ... AX52: =AX22*(1-AX37) -> 8.7744149e+09 | AY52: 8.4970808e+09 | AZ52: =AZ22*(1-AZ37) -> 8.7682822e+09 | BA52: =BA22*(1-BA37) -> 1.2890972e+10 | BB52: 1.1903493e+10 | BC52: =BC22*(1-BC37) -> 1.0988435e+10 | BD52: =BD22*(1-BD37) -> 9.8157979e+09 | BE52: =BE22*(1-BE37) -> 9.2595026e+09 | BF52: 9.7012093e+09 | BG52: =BG22*(1-BG37) -> 9.2579719e+09 | BH52: 9.5184266e+09 | BI52: =BI22*(1-BI37) -> 9.6342683e+09 | BJ52: =BJ22*(1-BJ37) -> 8.2841992e+09
B53: =B38 -> PH | C53: =C23*(1-C38) -> 1.9625862e+09 | D53: =D23*(1-D38) -> 1.8980977e+09 | E53: =E23*(1-E38) -> 1.9801437e+09 | F53: =F23*(1-F38) -> 2.0059176e+09 | G53: =G23*(1-G38) -> 2.0558917e+09 | H53: =H23*(1-H38) -> 1.9103982e+09 | I53: =I23*(1-I38) -> 2.0111758e+09 | J53: =J23*(1-J38) -> 1.952742e+09 | ... AL53: =AL23*(1-AL38) -> 5.5475091e+09 | AM53: 1.7146921e+10 | AN53: =AN23*(1-AN38) -> 1.4671463e+10 | AO53: =AO23*(1-AO38) -> 1.5630033e+10 | AP53: =AP23*(1-AP38) -> 8.6062521e+09 | AQ53: =AQ23*(1-AQ38) -> 1.0369391e+10 | AR53: =AR23*(1-AR38) -> 1.0355368e+10 | AS53: =AS23*(1-AS38) -> 1.1454411e+10 | AT53: =AT23*(1-AT38) -> 1.0585399e+10 | AU53: =AU23*(1-AU38) -> 1.2186618e+10 | ... AX53: =AX23*(1-AX38) -> 1.4029023e+10 | AY53: 1.515562e+10 | AZ53: =AZ23*(1-AZ38) -> 1.3062248e+10 | BA53: =BA23*(1-BA38) -> 1.4867584e+10 | BB53: 1.2640922e+10 | BC53: =BC23*(1-BC38) -> 1.2483914e+10 | BD53: =BD23*(1-BD38) -> 1.2886184e+10 | BE53: =BE23*(1-BE38) -> 1.2953341e+10 | BF53: 1.169075e+10 | BG53: =BG23*(1-BG38) -> 1.1191483e+10 | BH53: 1.1673747e+10 | BI53: =BI23*(1-BI38) -> 1.0503818e+10 | BJ53: =BJ23*(1-BJ38) -> 9.250437e+09
B54: =B39 -> YOLA | C54: =C24*(1-C39) -> 1.8224791e+09 | D54: =D24*(1-D39) -> 1.4914854e+09 | E54: =E24*(1-E39) -> 1.640343e+09 | F54: =F24*(1-F39) -> 1.6990047e+09 | G54: =G24*(1-G39) -> 1.6756017e+09 | H54: =H24*(1-H39) -> 1.5040288e+09 | I54: =I24*(1-I39) -> 1.5866306e+09 | J54: =J24*(1-J39) -> 1.5376917e+09 | ... AL54: =AL24*(1-AL39) -> 4.2333013e+09 | AM54: 7.2868046e+09 | AN54: =AN24*(1-AN39) -> 6.4657931e+09 | AO54: =AO24*(1-AO39) -> 6.7859011e+09 | AP54: =AP24*(1-AP39) -> 3.8697754e+09 | AQ54: =AQ24*(1-AQ39) -> 2.4933159e+09 | AR54: =AR24*(1-AR39) -> 5.9880917e+09 | AS54: =AS24*(1-AS39) -> 6.4026288e+09 | AT54: =AT24*(1-AT39) -> 5.7357553e+09 | AU54: =AU24*(1-AU39) -> 6.8180242e+09 | ... AX54: =AX24*(1-AX39) -> 6.0864084e+09 | AY54: 5.6615138e+09 | AZ54: =AZ24*(1-AZ39) -> 5.5269108e+09 | BA54: =BA24*(1-BA39) -> 8.0094754e+09 | BB54: 7.2277797e+09 | BC54: =BC24*(1-BC39) -> 7.9580852e+09 | BD54: =BD24*(1-BD39) -> 6.3594795e+09 | BE54: =BE24*(1-BE39) -> 5.6582842e+09 | BF54: 5.6445915e+09 | BG54: =BG24*(1-BG39) -> 5.3889756e+09 | BH54: 5.7424104e+09 | BI54: =BI24*(1-BI39) -> 5.4091216e+09 | BJ54: =BJ24*(1-BJ39) -> 4.808601e+09
B55: =B25 -> TOTAL | C55: =SUM(C44:C54) -> 2.2160939e+10 | D55: =SUM(D44:D54) -> 2.0236758e+10 | E55: =SUM(E44:E54) -> 2.1179078e+10 | F55: =SUM(F44:F54) -> 2.1318447e+10 | G55: =SUM(G44:G54) -> 2.2123192e+10 | H55: =SUM(H44:H54) -> 2.0322342e+10 | I55: =SUM(I44:I54) -> 2.1152146e+10 | J55: =SUM(J44:J54) -> 2.051928e+10 | ... BJ55: =SUM(BJ44:BJ54) -> 1.2332294e+11
C56: 0 | D56: 0 | E56: 0 | F56: 0 | G56: 0 | H56: 0 | I56: 0 | J56: 0 | K56: 0 | L56: 0 | M56: 0 | N56: 0 | O56: 0 | P56: 0 | Q56: 0 | R56: 0 | S56: 0 | T56: 0 | U56: 0 | V56: 0 | W56: 0 | X56: 0 | Y56: 0 | Z56: 0 | AA56: 0 | AB56: 0 | AC56: 0 | AD56: 0 | AE56: =AE55 -> 4.6071838e+10 | AF56: 0 | AG56: 0 | AH56: 0 | AI56: 0 | AJ56: 0 | AK56: 0 | AL56: 0 | AM56: 0 | AN56: 0 | AO56: 0 | AP56: 0 | AQ56: 0 | AR56: 0 | AS56: 0 | AT56: 0 | AU56: 0 | AV56: 0 | AW56: 0 | AX56: 0 | AY56: 0 | AZ56: 0 | BA56: 0 | BB56: 0 | BC56: 0 | BD56: 0 | BE56: 0 | BF56: 0 | BG56: 0 | BH56: 0 | BI56: 0 | BJ56: 0
A58: GENCO INVOICES (N) | B58: GENCOS | C58: =C28 -> 44197 | D58: =D28 -> 44228 | E58: =E28 -> 44256 | F58: =F28 -> 44287 | G58: =G28 -> 44317 | H58: =H28 -> 44348 | I58: =I28 -> 44378 | J58: =J28 -> 44409 | ... BJ58: =BJ28 -> 45992
B59: KAINJI (Mainstream) | C59: 1.9667421e+09 | D59: 2.0372871e+09 | E59: 1.7524805e+09 | F59: 1.3622284e+09 | G59: 8.5896874e+08 | H59: 7.0998358e+08 | I59: 3.5244391e+08 | J59: 7.5686153e+08 | K59: 2.0064753e+09 | L59: 2.6555645e+09 | M59: 2.495205e+09 | N59: 3.0313632e+09 | O59: 3.0702682e+09 | P59: 2.6558367e+09 | Q59: 2.4465261e+09 | R59: 1.8267854e+09 | S59: 1.0209068e+09 | T59: 1.2564222e+08 | U59: 1.0482498e+09 | V59: 1.1063592e+09 | W59: 2.6683807e+09 | X59: 3.1616482e+09 | Y59: 3.4979945e+09 | Z59: 4.1219e+09 | AA59: 3.698391e+09 | AB59: 3.8066113e+09 | AC59: 2.7597871e+09 | AD59: 2.3951031e+09 | AE59: 2.4003322e+09 | AF59: 2.8077306e+09 | AG59: 1.6961821e+09 | AH59: 4.9062318e+09 | AI59: 6.6370961e+09 | AJ59: 9.1692093e+09 | AK59: 9.3901116e+09 | AL59: 1.0609855e+10 | AM59: 1.7715853e+10 | AN59: 1.2926453e+10 | AO59: 9.5034172e+09 | AP59: 7.4661702e+09 | AQ59: 5.0234056e+09 | AR59: 4.2622163e+09 | AS59: 6.8065481e+09 | AT59: 8.5005761e+09 | AU59: 1.1173895e+10 | AV59: 1.3614891e+10 | AW59: 1.3102208e+10 | AX59: 1.4808067e+10 | AY59: 1.2870688e+10 | AZ59: 1.2491587e+10 | BA59: 1.2913511e+10 | BB59: 1.344029e+10 | BC59: 1.2997721e+10 | BD59: 1.0498101e+10 | BE59: 6.6750695e+09 | BF59: 7.589725e+09 | BG59: 1.0751603e+10 | BH59: 1.4373277e+10 | BI59: 1.4324223e+10 | BJ59: 1.4158541e+10
B60: JEBBA (Mainstream) | C60: 3.2018107e+09 | D60: 3.5163944e+09 | E60: 3.1066433e+09 | F60: 3.9541839e+09 | G60: 3.290584e+09 | H60: 2.4918435e+09 | I60: 2.2146093e+09 | J60: 3.3582826e+09 | K60: 4.2559289e+09 | L60: 4.7859952e+09 | M60: 4.5775581e+09 | N60: 4.8210535e+09 | O60: 4.4800968e+09 | P60: 3.244475e+09 | Q60: 3.5045468e+09 | R60: 3.0549516e+09 | S60: 2.8191973e+09 | T60: 1.7932688e+08 | U60: 1.196345e+09 | V60: 3.6386971e+09 | W60: 4.1289199e+09 | X60: 3.8155423e+09 | Y60: 4.329024e+09 | Z60: 4.7084215e+09 | AA60: 4.4179047e+09 | AB60: 4.4185604e+09 | AC60: 3.5675196e+09 | AD60: 3.2453564e+09 | AE60: 4.6107662e+09 | AF60: 5.3881448e+09 | AG60: 6.4485704e+09 | AH60: 7.0374846e+09 | AI60: 7.2258954e+09 | AJ60: 9.9127035e+09 | AK60: 8.8998517e+09 | AL60: 8.1264255e+09 | AM60: 1.2654743e+10 | AN60: 9.2703515e+09 | AO60: 1.1415535e+10 | AP60: 1.0244409e+10 | AQ60: 9.6360245e+09 | AR60: 8.4582934e+09 | AS60: 1.2007326e+10 | AT60: 1.5725816e+10 | AU60: 1.7157721e+10 | AV60: 1.6761274e+10 | AW60: 1.482296e+10 | AX60: 1.5167205e+10 | AY60: 1.225658e+10 | AZ60: 1.1649135e+10 | BA60: 1.4637794e+10 | BB60: 1.2621542e+10 | BC60: 1.0950185e+10 | BD60: 1.2312144e+10 | BE60: 1.1546015e+10 | BF60: 1.1825654e+10 | BG60: 1.2809026e+10 | BH60: 1.1905986e+10 | BI60: 1.3645686e+10 | BJ60: 1.5046033e+10
B61: SHIRORO (North South Power) | C61: 4.0351285e+09 | D61: 2.7801609e+09 | E61: 2.3021732e+09 | F61: 2.2308224e+09 | G61: 1.4049586e+09 | H61: 1.1657022e+09 | I61: 2.5175208e+09 | J61: 3.359683e+09 | K61: 4.1332952e+09 | L61: 4398026399 | M61: 3.7577901e+09 | N61: 3.6033427e+09 | O61: 3.3584899e+09 | P61: 3.1686206e+09 | Q61: 3.284742e+09 | R61: 2.7273486e+09 | S61: 1.5780062e+09 | T61: 1.3703687e+09 | U61: 4.3109672e+09 | V61: 6.225728e+09 | W61: 6.4047833e+09 | X61: 7.1167788e+09 | Y61: 5.7795352e+09 | Z61: 3.6878036e+09 | AA61: 3.7223201e+09 | AB61: 3.1670222e+09 | AC61: 3.1747374e+09 | AD61: 3.1789312e+09 | AE61: 3.9900459e+09 | AF61: 3.4354844e+09 | AG61: 6.4856541e+09 | AH61: 7.9421223e+09 | AI61: 6.852868e+09 | AJ61: 9.8534e+09 | AK61: 8.6022915e+09 | AL61: 8.1539903e+09 | AM61: 1.4381609e+10 | AN61: 1.2214271e+10 | AO61: 1.0535621e+10 | AP61: 9.1844492e+09 | AQ61: 6.3647595e+09 | AR61: 8.0941453e+09 | AS61: 1.2573523e+10 | AT61: 1.3937162e+10 | AU61: 1.3855951e+10 | AV61: 1.2284634e+10 | AW61: 1.0576556e+10 | AX61: 1.2762107e+10 | AY61: 1.2095852e+10 | AZ61: 1.2844718e+10 | BA61: 1.3521107e+10 | BB61: 1.1462874e+10 | BC61: 1.1067954e+10 | BD61: 1.0717085e+10 | BE61: 9.9389761e+09 | BF61: 1.0880736e+10 | BG61: 1.124887e+10 | BH61: 1.2291222e+10 | BI61: 1.0966356e+10 | BJ61: 1.0593074e+10
B62: EGBIN | C62: 1.5085806e+10 | D62: 1.4531943e+10 | E62: 1.5045056e+10 | F62: 1.5845138e+10 | G62: 1.5000142e+10 | H62: 1.4617707e+10 | I62: 1.3104142e+10 | J62: 1.0865234e+10 | K62: 9.7902526e+09 | L62: 8.3173792e+09 | M62: 9.9926989e+09 | N62: 1.1623721e+10 | O62: 1.0580075e+10 | P62: 1.0275876e+10 | Q62: 6.5776272e+09 | R62: 5.9810584e+09 | S62: 9.1779758e+09 | T62: 5.9792678e+09 | U62: 9.8903332e+09 | V62: 8.6381336e+09 | W62: 9.6814657e+09 | X62: 6.4662151e+09 | Y62: 9.2539174e+09 | Z62: 1.391183e+10 | AA62: 1.4485059e+10 | AB62: 1.4805426e+10 | AC62: 1.7260642e+10 | AD62: 1.319413e+10 | AE62: 2.0781428e+10 | AF62: 2.3813654e+10 | AG62: 2.4754095e+10 | AH62: 2.2328871e+10 | AI62: 1.5653295e+10 | AJ62: 1.8508114e+10 | AK62: 2.4791893e+10 | AL62: 1.9746122e+10 | AM62: 3.3041273e+10 | AN62: 2.2742837e+10 | AO62: 3.073965e+10 | AP62: 3.6635981e+10 | AQ62: 5.0080346e+10 | AR62: 5.2757882e+10 | AS62: 3.8108676e+10 | AT62: 3.6336137e+10 | AU62: 4.0368077e+10 | AV62: 3.8077214e+10 | AW62: 3.9229812e+10 | AX62: 4.7571165e+10 | AY62: 4.3409632e+10 | AZ62: 4.1228537e+10 | BA62: 5.1516652e+10 | BB62: 4.9528066e+10 | BC62: 5.866164e+10 | BD62: 4.7592985e+10 | BE62: 5.2271433e+10 | BF62: 5.1936111e+10 | BG62: 4.1856258e+10 | BH62: 4.6153477e+10 | BI62: 4.6536813e+10 | BJ62: 4.1552834e+10
B63: UGHELLI TRANSCORP (DELTA) | C63: 5.3865483e+09 | D63: 3.9324886e+09 | E63: 4.9215626e+09 | F63: 5.1569975e+09 | G63: 5.6346557e+09 | H63: 6.5495395e+09 | I63: 7.1364726e+09 | J63: 6.1567279e+09 | K63: 5.5668681e+09 | L63: 5.0701497e+09 | M63: 5.4166e+09 | N63: 3.9832906e+09 | O63: 6.94567e+09 | P63: 6.395043e+09 | Q63: 6.0742165e+09 | R63: 5.1671018e+09 | S63: 5.7646279e+09 | T63: 6.9101385e+09 | U63: 8.5389115e+09 | V63: 6.2614457e+09 | W63: 5.0929944e+09 | X63: 5.9430766e+09 | Y63: 7.2776455e+09 | Z63: 5.6068482e+09 | AA63: 4.5070932e+09 | AB63: 4.4475655e+09 | AC63: 7.4127185e+09 | AD63: 8.8961088e+09 | AE63: 1.1947924e+10 | AF63: 8.6646742e+09 | AG63: 1.0555337e+10 | AH63: 1.0014422e+10 | AI63: 9.6523904e+09 | AJ63: 1.1131506e+10 | AK63: 1.3938654e+10 | AL63: 1.3307406e+10 | AM63: 1.8403222e+10 | AN63: 1.3516746e+10 | AO63: 1.9909932e+10 | AP63: 1.9256828e+10 | AQ63: 2.0372473e+10 | AR63: 1.5697286e+10 | AS63: 2.6656445e+10 | AT63: 2.687432e+10 | AU63: 2.4605763e+10 | AV63: 2.3386301e+10 | AW63: 1.3999429e+10 | AX63: 1.8110907e+10 | AY63: 2.6318227e+10 | AZ63: 2.5447301e+10 | BA63: 3.227706e+10 | BB63: 2.2964963e+10 | BC63: 2.1676286e+10 | BD63: 2.0937131e+10 | BE63: 2.6195082e+10 | BF63: 2.5485676e+10 | BG63: 2.3116538e+10 | BH63: 2.4201536e+10 | BI63: 2.6926968e+10 | BJ63: 3.8407938e+09
B64: SAPELE (POWER) STEAM | C64: 7.4360008e+08 | D64: 5.9429891e+08 | E64: 8.1520905e+08 | F64: 7.9542493e+08 | G64: 7.766116e+08 | H64: 9.0249368e+08 | I64: 9.1365103e+08 | J64: 5.47537e+08 | K64: 7.4192861e+08 | L64: 8.4778738e+08 | M64: 5.9167001e+08 | N64: 7.048472e+08 | O64: 9.4540048e+08 | P64: 5.1695391e+08 | Q64: 7.6744555e+08 | R64: 7.454256e+08 | S64: 2.3902454e+08 | T64: 7.6425852e+08 | U64: 8.2003743e+08 | V64: 8.1099136e+08 | W64: 3.4766954e+08 | X64: 0 | Y64: 2.9975509e+08 | Z64: 1.7878989e+09 | AA64: 2.2770325e+09 | AB64: 1.9383717e+09 | AC64: 2.5770726e+09 | AD64: 2.0697841e+09 | AE64: 1.9736239e+09 | AF64: 2.7684127e+09 | AG64: 3.151795e+09 | AH64: 4.0175061e+09 | AI64: 3.6334528e+09 | AJ64: 3.5018881e+09 | AK64: 2.9558457e+09 | AL64: 3.1628768e+09 | AM64: 4.5619391e+09 | AN64: 4.6055377e+09 | AO64: 7.4112922e+09 | AP64: 5.8404832e+09 | AQ64: 7.5236979e+09 | AR64: 6.4612097e+09 | AS64: 7.0882555e+09 | AT64: 2.716717e+09 | AU64: 3.1296485e+09 | AV64: 1.6894423e+09 | AW64: 3.8070532e+09 | AX64: 1.7782609e+09 | AY64: 2.3699628e+09 | AZ64: 1.5928594e+09 | BA64: 1.6455242e+09 | BB64: 1.2793279e+09 | BC64: 1.4027204e+09 | BD64: 2.3908073e+09 | BE64: 1.9031354e+09 | BF64: 1.183694e+09 | BG64: 1.6379816e+09 | BH64: 1.1526375e+09 | BI64: 1.853307e+09 | BJ64: 1.6902719e+09
B65: GEREGU | C65: 5.4755858e+09 | D65: 6.3105214e+09 | E65: 7.0787733e+09 | F65: 7.6218287e+09 | G65: 7.4940944e+09 | H65: 6.9637566e+09 | I65: 6.6836097e+09 | J65: 3.9843314e+09 | K65: 2.6906033e+09 | L65: 3.6159299e+09 | M65: 5.4096763e+09 | N65: 7.6281531e+09 | O65: 8.0612696e+09 | P65: 4.7697005e+09 | Q65: 5.6752697e+09 | R65: 7.1539223e+09 | S65: 3.9872451e+09 | T65: 4.091647e+09 | U65: 1.3218468e+09 | V65: 2.3780588e+09 | W65: 6.3869264e+08 | X65: 1.5055321e+09 | Y65: 3.4758693e+09 | Z65: 3.622107e+09 | AA65: 4.9847687e+09 | AB65: 5.4728826e+09 | AC65: 3.7740761e+09 | AD65: 5.1675216e+09 | AE65: 6.7640738e+09 | AF65: 7.8510491e+09 | AG65: 7.6720983e+09 | AH65: 6.1311198e+09 | AI65: 8.3453228e+09 | AJ65: 8.7161956e+09 | AK65: 8.6314818e+09 | AL65: 9.3982173e+09 | AM65: 1.7487172e+10 | AN65: 1.4361891e+10 | AO65: 1.7311456e+10 | AP65: 1.646766e+10 | AQ65: 8.2294512e+09 | AR65: 7.1406754e+09 | AS65: 7.2219065e+09 | AT65: 1.2475826e+10 | AU65: 1.2023271e+10 | AV65: 9.3827902e+09 | AW65: 6.4616702e+09 | AX65: 8.5627618e+09 | AY65: 6.8749661e+09 | AZ65: 6.2825526e+09 | BA65: 1.9086751e+10 | BB65: 2.2736644e+10 | BC65: 1.9120325e+10 | BD65: 1.34525e+10 | BE65: 1.2902855e+10 | BF65: 1.4487444e+10 | BG65: 1.6304515e+10 | BH65: 1.6407423e+10 | BI65: 1.8496323e+10 | BJ65: 1.8411468e+10
B66: AFAM IV-V | C66: 9.8512342e+08 | D66: 9.068067e+08 | E66: 1.5296389e+09 | F66: 1.0658789e+09 | G66: 2.3169973e+09 | H66: 1.9355242e+09 | I66: 2.1036397e+09 | J66: 1.8496808e+09 | K66: 1.0575264e+09 | L66: 9.9185776e+08 | M66: 1.0590618e+09 | N66: 1.2366284e+09 | O66: 1.2055393e+09 | P66: 6.4259469e+08 | Q66: 1.0884068e+09 | R66: 1.6787438e+09 | S66: 5.8523821e+08 | T66: 3.476429e+08 | U66: 1.0737846e+09 | V66: 1.0439685e+09 | W66: 9.7244022e+08 | X66: 1.7240605e+09 | Y66: 1.046652e+09 | Z66: 1.2204726e+09 | AA66: 6.4211733e+08 | AB66: 1.5520837e+09 | AC66: 8.6956742e+08 | AD66: 3.6137247e+08 | AE66: 1.6561054e+09 | AF66: 1.1284978e+09 | AG66: 6822180.8 | AH66: 1.0872646e+09 | AI66: 1.6665546e+09 | AJ66: 1.3808528e+09 | AK66: 6.0765965e+08 | AL66: 2.1761912e+09 | AM66: 1.68677e+09 | AN66: 1.2334886e+09 | AO66: 2.9264501e+09 | AP66: 0 | AQ66: 1.9027533e+08 | AR66: 2.4662485e+08 | AS66: 2.0365767e+09 | AT66: 3.4925629e+09 | AU66: 3.2364924e+09 | AV66: 2.487148e+09 | AW66: 4.5233498e+09 | AX66: 4.1147318e+09 | AY66: 3.9064187e+09 | AZ66: 4372418084 | BA66: 5.9878449e+09 | BB66: 4.9187042e+09 | BC66: 2.1748812e+09 | BD66: 2.4900664e+09 | BE66: 0 | BF66: 9.3080259e+08 | BG66: 4.6801409e+09 | BH66: 6.1881166e+09 | BI66: 5.9740357e+09 | BJ66: 6.7356623e+09
B67: OLORUNSOGO | C67: 3.2056746e+09 | D67: 2.7747987e+09 | E67: 3.2071371e+09 | F67: 2.693824e+09 | G67: 3.0031898e+09 | H67: 2.6896367e+09 | I67: 3.0792977e+09 | J67: 3.3543924e+09 | K67: 3.2505932e+09 | L67: 3.5833735e+09 | M67: 3.6196447e+09 | N67: 2.8786877e+09 | O67: 2.7381432e+09 | P67: 2.4855403e+09 | Q67: 2.7954812e+09 | R67: 3437318201 | S67: 3.777974e+09 | T67: 3.3140361e+09 | U67: 3.1934206e+09 | V67: 3.3253688e+09 | W67: 2.8060827e+09 | X67: 2.9182188e+09 | Y67: 3.1312049e+09 | Z67: 3.0921409e+09 | AA67: 2.9135773e+09 | AB67: 2.9072544e+09 | AC67: 3.8575458e+09 | AD67: 3.035247e+09 | AE67: 4.6419792e+09 | AF67: 5.7585793e+09 | AG67: 5.2345352e+09 | AH67: 4.9214864e+09 | AI67: 5.2541228e+09 | AJ67: 5.2525721e+09 | AK67: 5.8454825e+09 | AL67: 6.706912e+09 | AM67: 9.4262731e+09 | AN67: 8.0132523e+09 | AO67: 9.3960906e+09 | AP67: 8.5744891e+09 | AQ67: 1.0285748e+10 | AR67: 8.8535658e+09 | AS67: 1.2865662e+10 | AT67: 1.3470689e+10 | AU67: 1.5413992e+10 | AV67: 1.544053e+10 | AW67: 1.4729897e+10 | AX67: 1.4336816e+10 | AY67: 1.4233647e+10 | AZ67: 1.2746047e+10 | BA67: 1.3978396e+10 | BB67: 1.2758023e+10 | BC67: 1.4733544e+10 | BD67: 1.0259601e+10 | BE67: 1.2378477e+10 | BF67: 1.308105e+10 | BG67: 8.7327292e+09 | BH67: 1.0478553e+10 | BI67: 1.0243905e+10 | BJ67: 9.3448917e+09
B68: OMOTOSHO ELECTRIC | C68: 3.039255e+09 | D68: 2.6604905e+09 | E68: 3.2287538e+09 | F68: 2.7865322e+09 | G68: 2.6708211e+09 | H68: 2.5805935e+09 | I68: 2.957655e+09 | J68: 3.2140083e+09 | K68: 3.2231299e+09 | L68: 3.714446e+09 | M68: 3.3608067e+09 | N68: 2.7722972e+09 | O68: 2.8043983e+09 | P68: 2.5166932e+09 | Q68: 2.6847362e+09 | R68: 3.1144517e+09 | S68: 3.5984045e+09 | T68: 3.2166885e+09 | U68: 3.2516896e+09 | V68: 3.2449228e+09 | W68: 2.7614743e+09 | X68: 2.7606405e+09 | Y68: 3.1685486e+09 | Z68: 3.2883286e+09 | AA68: 3.5186485e+09 | AB68: 3.0645558e+09 | AC68: 3.9105499e+09 | AD68: 3.1690723e+09 | AE68: 5.1005392e+09 | AF68: 6.2994618e+09 | AG68: 6.0229163e+09 | AH68: 5.262126e+09 | AI68: 5.5232456e+09 | AJ68: 6.0791119e+09 | AK68: 6.3280372e+09 | AL68: 6.799377e+09 | AM68: 9.7129596e+09 | AN68: 8.0657105e+09 | AO68: 9.4718188e+09 | AP68: 7.9883262e+09 | AQ68: 1.0551671e+10 | AR68: 9.3419932e+09 | AS68: 1.1639996e+10 | AT68: 1.2452901e+10 | AU68: 1.5747399e+10 | AV68: 1.5107582e+10 | AW68: 1.4469019e+10 | AX68: 1.4408813e+10 | AY68: 1.4477956e+10 | AZ68: 1.2718582e+10 | BA68: 1.3116723e+10 | BB68: 1.2512754e+10 | BC68: 1.4830189e+10 | BD68: 1.1028903e+10 | BE68: 1.3964719e+10 | BF68: 1.2918201e+10 | BG68: 8.5852807e+09 | BH68: 9.8450897e+09 | BI68: 9.9751966e+09 | BJ68: 9.2620953e+09
B69: ALAOJI NIPP | C69: 0 | D69: 0 | E69: 0 | F69: 1.2061292e+09 | G69: 1.7890012e+09 | H69: 9.0475386e+08 | I69: 1.2171646e+09 | J69: 1399207390 | K69: 7.4153232e+08 | L69: 2.3596518e+08 | M69: 1.0998825e+09 | N69: 1.635914e+09 | O69: 9.524086e+08 | P69: 1.2056926e+09 | Q69: 6.0412847e+08 | R69: 4.093153e+08 | S69: 1.4047125e+09 | T69: 1.1880078e+09 | U69: 0 | V69: 4.172441e+08 | W69: 7.3239177e+08 | X69: 6.6573922e+08 | Y69: 0 | Z69: 3880741.9 | AA69: 0 | AB69: 0 | AC69: 0 | AD69: 0 | AE69: 0 | AF69: 0 | AG69: 0 | AH69: 0 | AI69: 0 | AJ69: 0 | AK69: 0 | AL69: 0 | AM69: 0 | AN69: 0 | AO69: 0 | AP69: 0 | AQ69: 0 | AR69: 0 | AS69: 0 | AT69: 0 | AU69: 0 | AV69: 0 | AW69: 0 | AX69: 0 | AY69: 0 | AZ69: 0 | BA69: 0 | BB69: 0 | BC69: 0 | BD69: 0 | BE69: 0 | BF69: 0 | BG69: 0 | BH69: 0 | BI69: 0 | BJ69: 0
B70: GEREGU (POWER) NIPP | C70: 1.7294189e+09 | D70: 1.5731153e+09 | E70: 0 | F70: 6.7570252e+08 | G70: 2.7619222e+08 | H70: 6.7296999e+08 | I70: 1.0455581e+09 | J70: 1.0849921e+09 | K70: 6.5124005e+08 | L70: 1.5835037e+09 | M70: 1.7326825e+09 | N70: 1.3321702e+09 | O70: 1.1477391e+09 | P70: 1.0529072e+09 | Q70: 0 | R70: 1.0469154e+09 | S70: 1.7001011e+09 | T70: 1.8373543e+09 | U70: 1.53342e+09 | V70: 1.4989822e+09 | W70: 1.4635162e+09 | X70: 1.2079107e+09 | Y70: 1.7985435e+09 | Z70: 2.4014145e+08 | AA70: 0 | AB70: 0 | AC70: 9.7601322e+08 | AD70: 0 | AE70: 0 | AF70: 1.0650237e+08 | AG70: 0 | AH70: 4.0066956e+08 | AI70: 2.5054448e+09 | AJ70: 2.4999269e+09 | AK70: 2.0094653e+09 | AL70: 4.7930893e+09 | AM70: 4.8524461e+09 | AN70: 5.8360638e+09 | AO70: 5.2892786e+09 | AP70: 4.6764463e+09 | AQ70: 1.1813968e+10 | AR70: 7.869096e+09 | AS70: 4.5340019e+09 | AT70: 7.7399203e+09 | AU70: 3.0956083e+09 | AV70: 1.6496023e+09 | AW70: 7.219263e+09 | AX70: 1.1272249e+10 | AY70: 1.2622137e+10 | AZ70: 1.0552856e+10 | BA70: 1.1848404e+10 | BB70: 8.9341544e+09 | BC70: 5.5195487e+09 | BD70: 5.1533508e+09 | BE70: 2.6526168e+09 | BF70: 3.8927095e+09 | BG70: 4.5145444e+09 | BH70: 4.7917312e+09 | BI70: 5.1627862e+09 | BJ70: 6.1562048e+09
... B85: MEPP | C85: 0 | D85: 0 | E85: 0 | F85: 0 | G85: 0 | H85: 0 | I85: 0 | J85: 0 | K85: 0 | L85: 0 | M85: 0 | N85: 0 | O85: 0 | P85: 0 | Q85: 0 | R85: 0 | S85: 0 | T85: 0 | U85: 0 | V85: 0 | W85: 0 | X85: 0 | Y85: 0 | Z85: 0 | AA85: 0 | AB85: 0 | AC85: 0 | AD85: 0 | AE85: 0 | AF85: 0 | AG85: 0 | AH85: 0 | AI85: 0 | AJ85: 0 | AK85: 0 | AL85: 93860716 | AM85: 7.93946e+08 | AN85: 1.0028498e+09 | AO85: 4.2257133e+08 | AP85: 6.1552984e+08 | AQ85: 9.5416983e+08 | AR85: 9.3917958e+08 | AS85: 5.9746032e+08 | AT85: 9.2053579e+08 | AU85: 9.0586954e+08 | AV85: 7.7927743e+08 | AW85: 7.6152498e+08 | AX85: 7.2416275e+08 | AY85: 7.2467944e+08 | AZ85: 7.2182071e+08 | BA85: 1.041985e+09 | BB85: 8.0623538e+08 | BC85: 1.1668524e+09 | BD85: 1.1431432e+09 | BE85: 1.0771103e+09 | BF85: 1.1353686e+09 | BG85: 1.1078905e+09 | BH85: 1.1305435e+09 | BI85: 8.4851947e+08 | BJ85: 9.032989e+08
B86: TOTAL | C86: =SUM(C59:C85) -> 7.1373335e+10 | D86: =SUM(D59:D85) -> 6.6147575e+10 | E86: =SUM(E59:E85) -> 6.8894376e+10 | F86: =SUM(F59:F85) -> 6.9656997e+10 | G86: =SUM(G59:G85) -> 7.3298014e+10 | H86: =SUM(H59:H85) -> 6.6197913e+10 | I86: =SUM(I59:I85) -> 6.9342299e+10 | J86: =SUM(J59:J85) -> 6.7164103e+10 | ... BJ86: =SUM(BJ59:BJ85) -> 2.3107448e+11
C88: =C58 -> 44197 | D88: =D58 -> 44228 | E88: =E58 -> 44256 | F88: =F58 -> 44287 | G88: =G58 -> 44317 | H88: =H58 -> 44348 | I88: =I58 -> 44378 | J88: =J58 -> 44409 | ... BJ88: =BJ58 -> 45992
A89: FX RATES | B89: AFAM VI FX (NAIRA/USD) | C89: 379.5 | D89: 379.5 | E89: 379.5 | F89: 387.75 | G89: 409.69 | H89: 409.63 | I89: 409.63 | J89: 410.13 | K89: 410.46 | L89: 410.64 | M89: 410.91 | N89: 414.67 | O89: 415.89 | P89: 415.82 | Q89: 415.48 | R89: 415.08 | S89: 415.15 | T89: 415.25 | U89: 421.21 | V89: 430.99 | W89: 438.87 | X89: 443.43 | Y89: 446.63 | Z89: 459.97 | AA89: 460.44 | AB89: 460.4 | AC89: 460.47 | AD89: 460.81 | AE89: 742.77 | AF89: 788.424 | AG89: 754.712 | AH89: 756.955 | AI89: 832.078 | AJ89: 837.9892 | AK89: 905.894 | AL89: 914.0603 | AM89: 1662.35 | AN89: 1364.879 | AO89: 1327.35 | AP89: 1327.54 | AQ89: 1513.235 | AR89: 1609.567 | AS89: 1591.65 | AT89: 1659.833 | AU89: 1651.161 | AV89: 1663.396 | AW89: 1536.428 | AX89: 1532.763 | AY89: 1498.61 | AZ89: 1530.689 | BA89: 1599.049 | BB89: 1590.247 | BC89: 1538.736 | BD89: 1532.682 | BE89: 1534.975 | BF89: 1486.865 | BG89: 1459.994 | BH89: 1445.816 | BI89: 1456.064 | BJ89: 1396.491
B90: OKPAI FX (NAIRA/USD) | C90: 379 | D90: 379 | E90: 379 | F90: 410.5 | G90: 409.165 | H90: 409.127 | I90: 409.114 | J90: 409.5053 | K90: 409.868 | L90: 410.2947 | M90: 409.7692 | N90: 413.4291 | O90: 415.7133 | P90: 415.372 | Q90: 414.734 | R90: 414.377 | S90: 414.535 | T90: 414.04 | U90: 419.2819 | V90: 428.0185 | W90: 435.761 | X90: 441.0558 | Y90: 444.8993 | Z90: 453.0307 | AA90: 459.552 | AB90: 459.9511 | AC90: 459.929 | AD90: 460.1294 | AE90: 597.6823 | AF90: 769.317 | AG90: 762.2846 | AH90: 760.6086 | AI90: 787.1469 | AJ90: 832.1758 | AK90: 900.1264 | AL90: 900.7909 | AM90: 1489.923 | AN90: 1510.343 | AO90: 1221.668 | AP90: 1443.09 | AQ90: 1481.266 | AR90: 1553.405 | AS90: 1585.419 | AT90: 1619.919 | AU90: 1637.522 | AV90: 1669.776 | AW90: 1555.733 | AX90: 1534.945 | AY90: 1499.972 | AZ90: 1524.106 | BA90: 1594.051 | BB90: 1594.205 | BC90: 1548.794 | BD90: 1529.194 | BE90: 1533.75 | BF90: 1499.099 | BG90: 1458.541 | BH90: 1442.85 | BI90: 1449.854 | BJ90: 1415.522
B91: OTHER GENCOS' FX (NAIRA/USD) | C91: 380 | D91: 380 | E91: 380 | F91: 411 | G91: 410.19 | H91: 410.13 | I91: 410.13 | J91: 410.63 | K91: 410.96 | L91: 411.64 | M91: 411.91 | N91: 415.17 | O91: 416.39 | P91: 416.32 | Q91: 415.98 | R91: 415.58 | S91: 415.65 | T91: 415.75 | U91: 421.71 | V91: 431.49 | W91: 439.37 | X91: 443.93 | Y91: 447.13 | Z91: 460.47 | AA91: 460.94 | AB91: 460.9 | AC91: 460.97 | AD91: 461.31 | AE91: 743.27 | AF91: 788.924 | AG91: 755.212 | AH91: 757.455 | AI91: 832.578 | AJ91: 838.4892 | AK91: 906.394 | AL91: 914.5603 | AM91: 1662.85 | AN91: 1365.379 | AO91: 1327.85 | AP91: 1328.04 | AQ91: 1513.735 | AR91: 1610.067 | AS91: 1592.15 | AT91: 1660.333 | AU91: 1651.661 | AV91: 1663.896 | AW91: 1536.9275 | AX91: 1533.263 | AY91: 1499.1102 | AZ91: 1531.1887 | BA91: 1599.5491 | BB91: 1590.7471 | BC91: 1539.2359 | BD91: 1533.1823 | BE91: 1535.4746 | BF91: 1487.3651 | BG91: 1460.4939 | BH91: 1446.3156 | BI91: 1456.5637 | BJ91: 1396.9909
C92: 0 | D92: 0 | E92: 0 | F92: 0 | G92: 0 | H92: 0 | I92: 0 | J92: 0 | K92: 0 | L92: 0 | M92: 0 | N92: 0 | O92: 0 | P92: 0 | Q92: 0 | R92: 0 | S92: 0 | T92: 0 | U92: 0 | V92: 0 | W92: 0 | X92: 0 | Y92: 0 | Z92: 0 | AA92: 0 | AB92: 0 | AC92: 0 | AD92: 0 | AE92: =MAX(AE89:AE91) -> 743.27 | AF92: 0 | AG92: 0 | AH92: 0 | AI92: 0 | AJ92: 0 | AK92: 0 | AL92: 0 | AM92: 0 | AN92: 0 | AO92: 0 | AP92: 0 | AQ92: 0 | AR92: 0 | AS92: 0 | AT92: 0 | AU92: 0 | AV92: 0 | AW92: 0 | AX92: 0 | AY92: 0 | AZ92: 0 | BA92: 0 | BB92: 0 | BC92: 0 | BD92: 0 | BE92: 0 | BF92: 0 | BG92: 0 | BH92: 0 | BI92: 0 | BJ92: 0
B96: Pre FX Reforms Monthly Average Jan 2021 - April 2023 | C96: =AVERAGE(C55:AD55) -> 1.9481358e+10
B97: Average April 2023 - Dec 2023 | C97: =AVERAGE(AE55:AL55) -> 6.1012017e+10
B98: Average Jan 24 - Dec 24 | C98: =AVERAGE(AM55:AX55) -> 1.6176885e+11
B99: Average Jan 25 - Dec 25 | C99: =AVERAGE(AY55:BJ55) -> 1.6077473e+11
B101: 2023 Differential | C101: =(C97-C96)*12 -> 4.983679e+11
B102: 2024 Differential | C102: =(C98-C96)*12 -> 1.7074499e+12
B103: 2025 Differential | C103: =(C99-C96)*12 -> 1.6955205e+12

Sheet Infrastructure
B2: NOTE 3E - STRATEGIC INFRASTRUCTURE
B3: Contractor | C3: Project | D3: Gross Amounts Paid
D4: N' Billion
B5: Bank of Agriculture | C5: Renewed Hope Smallholder Support & Value-Chain | D5: 250
B6: BHL Bungalow City | C6: 1,550 Housing Units for the Nigerian Army | D6: =(115.5+9.168) -> 124.668
B7: CBC Global Civil & Building Construction | C7: Reconstruction of Shagamu-Ore-Benin Highway | D7: 56.11
B8: CBLT Multinational Joint Task Force USD | C8: Operation lake Sanity - HQ Multinational JTF | D8: 109.87
B9: Federal Ministry of Works | C9: Road emergency intervention projects | D9: =278.9+87.148 -> 366.048
B10: Galaxy Backbone | C10: Acquisition of Tier 4 Data Centre | D10: 38.5
B11: Hitech Construction Company Limited | C11: Lagos - Calabar Coastal Highway Project | D11: 2234.38
B12: Hitech Construction Company Limited | C12: Sokoto-Badagry Superhighway | D12: 1113.55
B13: Hitech Construction Company Limited | C13: Ilesha-Akure-Benin Section (Phase I & II) | D13: 228.36
B14: KOPEK Construction Limited | C14: Ibadan--Ife-Ilesha dual carriage | D14: 106.07
B15: MCZOLL Resources Ltd | C15: Rigid Pavement - Domestic Wing of MM Airport | D15: 14.56
B16: AIL Infrastructure Nigeria Limited | C16: Neenme-Brass Road of Bayesa State | D16: 37.8
B17: Buildwell Plants and Equpment Industires ltd and 12 others | C17: Third mainland, Carter, Iddo, Jebba and seven (7) other Bridges | D17: 56
B18: CBC Global Civil Building Constr Nig Ltd | C18: Enugu Onitsha Dual carriageway | D18: 43.91
B19: China Habour Engineering Company Ltd | C19: Lekki Deep Sea Port Access Road | D19: 291.31
B20: Infiquest International Limited | C20: Trans-Sahara Superhighway | D20: 489.3
B21: Infiquest International Limited | C21: Abuja - Kaduna - Kano Road (Section II) | D21: 304.16
... B28: National Agric. Seeks (NASC) | C28: Program Support | D28: 5
B29: Others -Capital Development Fund | D29: 400
B30: TOTAL | D30: =SUM(D5:D29) -> 6465.376
A32: OFFICE OF THE ACCOUNTANT-GENERAL OF THE FEDERATION
A33: FEDERAL MINISTRY OF FINANCE
A34: FUNDS DEPARTMENT
A35: LEDGERL/ SCHEDULE OF STRATEGIC ROAD INFRASTRUCTURE PROJECTS FUNDED UNDER THE RENEWED HOPE INFRASTRUCTURE DEVELOPMENT FUND (RHIDF)
A36: S/NO | B36: CONTRACTOR | C36: PROJECT DETAILS | D36: CONTRACT COST | E36: GROSS AMOUNT PAID | F36: 7.5% VAT | G36: TAXABLE INCOME | H36: WHT | I36: 1% STAMP DUTY | J36: NET PAYABLE
A37: 53 | B37: Bank of Agriculture | C37: Payment for the establishment of the Renewed Hope Smallholder Support and Value-Chain | E37: 250000000000 | J37: =+E37-F37-H37-I37 -> 250000000000
A38: 16 | B38: BHL Bungalow City | C38: Procurement of 1,550 Housing Units at Brains and Hammers Estate and dualisation of 6.2km road for the Nigeria Army | E38: 115509772112 | J38: =+E38-F38-H38-I38 -> 115509772112
A39: 61 | B39: BHL Bungalow City | C39: Procurement of 1,550 Housing Units at Brains and Hammers Estate and dualisation of 6.2km road for the Nigeria Army | E39: 9.1687279e+09 | J39: =+E39-F39-H39-I39 -> 9.1687279e+09
A40: 20 | B40: CBC Global Civil & Building Construction Nig Ltd | C40: Reconstruction of 48X2 (96KM) of Shagamu-Ore-Benin Highway on rigid pavement | E40: 5.6110815e+10 | F40: =+E40*7.5/107.5 -> 3.914708e+09 | G40: =+E40-F40 -> 5.2196107e+10 | H40: =+G40*0.05 -> 2.6098054e+09 | I40: =+E40*1/100 -> 5.6110815e+08 | J40: =+E40-F40-H40-I40 -> 4.9025194e+10
A41: 58 | B41: CBLT Multinational Joint Task Force USD | C41: Being release of fund for the Headquarters Multinational Joint Task Force in respect of Operation Lake Sanity 3 which remain critical to sustaining the gains recorded in the fight against insurgency and other security challenges within the Lake Chad Bain region | E41: 1.0986583e+11 | J41: =+E41-F41-H41-I41 -> 1.0986583e+11
A42: 2 | B42: Federal Ministry of Works | C42: Lagos - Calabar Coastal Highway Project section | E42: 4.8281676e+11 | J42: =+E42-F42-H42-I42 -> 4.8281676e+11
A43: 9 | B43: Federal Ministry of Works | C43: payment of 30% mobilisation for Renewed Hioope Infrastructure Development Projects | E43: 2.7889744e+11 | G43: =+E43-F43 -> 2.7889744e+11 | H43: =+G43*0.05 -> 1.3944872e+10 | I43: =+E43*1/100 -> 2.7889744e+09 | J43: =+E43-F43-H43-I43 -> 2.6216359e+11
A44: 17 | B44: Federal Ministry of Works | C44: Various Road emergency intervention Projects | E44: 8.7148664e+10 | J44: =+E44-F44-H44-I44 -> 8.7148664e+10
A45: 62 | B45: Galaxy Backbone | C45: Being release of fund approved by Mr. President for the acquisition of a Tier 4 Data Centre in Lagos State, in furtherance of Nigeria’s digital economy strategy under Renewed Hope Infrastructure Fund | E45: 38500000000 | J45: =+E45-F45-H45-I45 -> 38500000000
A46: 1 | B46: Hitech Construction Company Limited | C46: 50% advance for the construction of the Lagos - Calabar Road (Phase I) | E46: 5.3394369e+11 | F46: =+E46*7.5/100 -> 4.0045777e+10 | G46: =+E46-F46 -> 4.9389791e+11 | H46: =+G46*0.05 -> 2.4694896e+10 | I46: =+E46*1/100 -> 5.3394369e+09 | J46: =+E46-F46-H46-I46 -> 4.6386358e+11
A47: 3 | B47: Hitech Construction Company Limited | C47: Construction of the 1000km Sokoto-Badagry Superhighway | D47: 4.2834154e+11 | E47: 1.2850246e+11 | F47: =+E47*7.5/107.5 -> 8.965288e+09 | G47: =+E47-F47 -> 1.1953717e+11 | H47: =+G47*0.05 -> 5.9768587e+09 | I47: =+E47*1/100 -> 1.2850246e+09 | J47: =+E47-F47-H47-I47 -> 1.1227529e+11
A48: 5 | B48: Hitech Construction Company Limited | C48: Construction of the 258km - 3-Lane carriageway, a componet of the 1000km Sokoto-Badagry Superhighway (Section 2, Phase 2A) | D48: 9.479374e+11 | E48: 2.8438122e+11 | F48: =+E48*7.5/107.5 -> 1.984055e+10 | G48: =+E48-F48 -> 2.6454067e+11 | H48: =+G48*0.05 -> 1.3227034e+10 | I48: =+E48*1/100 -> 2.8438122e+09 | J48: =+E48-F48-H48-I48 -> 2.4846982e+11
A49: 6 | B49: Hitech Construction Company Limited | C49: Construction of the 1000km Sokoto-Badagry Superhighway Certificate No. 2 (Contract 8649) | E49: 8.5668308e+10 | F49: =+E49*7.5/107.5 -> 5.9768587e+09 | G49: =+E49-F49 -> 7.9691449e+10 | H49: =+G49*0.05 -> 3.9845725e+09 | I49: =+E49*1/100 -> 8.5668308e+08 | J49: =+E49-F49-H49-I49 -> 7.4850194e+10
A50: 7 | B50: Hitech Construction Company Limited | C50: Construction of the Lagos - Port Harcourt -Calabar Coastal Road Corridor (Certificate No. 2 Contract No. 8550) | E50: 3.2187784e+11 | F50: =+E50*7.5/107.5 -> 2.2456593e+10 | G50: =+E50-F50 -> 2.9942124e+11 | H50: =+G50*0.05 -> 1.4971062e+10 | I50: =+E50*1/100 -> 3.2187784e+09 | J50: =+E50-F50-H50-I50 -> 2.812314e+11
A51: 8 | B51: Hitech Construction Company Limited | C51: Construction of the 258km - 3-Lane carriageway, a componet of the 1000km Sokoto-Badagry Superhighway (Certificate No. 2 Contract No.8663) | E51: 1.8958748e+11 | F51: =+E51*7.5/107.5 -> 1.3227034e+10 | G51: =+E51-F51 -> 1.7636045e+11 | H51: =+G51*0.05 -> 8.8180223e+09 | I51: =+E51*1/100 -> 1.8958748e+09 | J51: =+E51-F51-H51-I51 -> 1.6564655e+11
A52: 10 | B52: Hitech Construction Company Limited | C52: Construction of Lagos - Calabar Coast highway Project (Section 3A & 3B) | E52: 150000000000 | F52: =+E52*7.5/107.5 -> 1.0465116e+10 | G52: =+E52-F52 -> 1.3953488e+11 | H52: =+G52*0.05 -> 6.9767442e+09 | I52: =+E52*1/100 -> 1500000000 | J52: =+E52-F52-H52-I52 -> 1.3105814e+11
A53: 11 | B53: Hitech Construction Company Limited | C53: Construction of Lagos - Calabar Coast highway Project (Section 3A & 3B) | E53: 1.5034147e+11 | F53: =+E53*7.5/107.5 -> 1.048894e+10 | G53: =+E53-F53 -> 1.3985253e+11 | H53: =+G53*0.05 -> 6.9926265e+09 | I53: =+E53*1/100 -> 1.5034147e+09 | J53: =+E53-F53-H53-I53 -> 1.3135649e+11
A54: 12 | B54: Hitech Construction Company Limited | C54: Construction of Lagos - Calabar Coast highway Project (Section 3A & 3B) | E54: 50000000000 | F54: =+E54*7.5/107.5 -> 3.4883721e+09 | G54: =+E54-F54 -> 4.6511628e+10 | H54: =+G54*0.05 -> 2.3255814e+09 | I54: =+E54*1/100 -> 500000000 | J54: =+E54-F54-H54-I54 -> 4.3686047e+10
A55: 13 | B55: Hitech Construction Company Limited | C55: Construction of Lagos - Calabar Coast highway Project (Section 3A & 3B) | E55: 50000000000 | F55: =+E55*7.5/107.5 -> 3.4883721e+09 | G55: =+E55-F55 -> 4.6511628e+10 | H55: =+G55*0.05 -> 2.3255814e+09 | I55: =+E55*1/100 -> 500000000 | J55: =+E55-F55-H55-I55 -> 4.3686047e+10
A56: 18 | B56: Hitech Construction Company Limited | C56: Dualisation of Ilesha-Akure-Benin Section (Phase I & II) | D56: 7.6908788e+11 | E56: 1.1417795e+11 | F56: =+E56*7.5/107.5 -> 7.9659035e+09 | G56: =+E56-F56 -> 1.0621205e+11 | H56: =+G56*0.05 -> 5.3106024e+09 | I56: =+E56*1/100 -> 1.1417795e+09 | J56: =+E56-F56-H56-I56 -> 9.9759665e+10
A57: 19 | B57: Hitech Construction Company Limited | C57: Dualisation of Ilesha-Akure-Benin Section (Phase I & II) | E57: 1.1417795e+11 | F57: =+E57*7.5/107.5 -> 7.9659035e+09 | G57: =+E57-F57 -> 1.0621205e+11 | H57: =+G57*0.05 -> 5.3106024e+09 | I57: =+E57*1/100 -> 1.1417795e+09 | J57: =+E57-F57-H57-I57 -> 9.9759665e+10
A58: 22 | B58: KOPEK Construction Limited | C58: Construction of Ibadan--Ife-Ilesha dual carriage in Oyo/Osun State Contract No.6631 | E58: 1.0606885e+11 | F58: =+E58*7.5/107.5 -> 7.4001522e+09 | G58: =+E58-F58 -> 9.8668696e+10 | H58: =+G58*0.05 -> 4.9334348e+09 | I58: =+E58*1/100 -> 1.0606885e+09 | J58: =+E58-F58-H58-I58 -> 9.2674572e+10
A59: 59 | B59: MCZOLL Resources Ltd | C59: to enable the company carry out reconstruction and conversion of phase 1, phase 2, and Phase 3 to Rigid Pavement at the Domestic Wing of Murtala Muhammed Airport, Ikeja, Lagos | E59: 1.4564673e+10 | F59: =+E59*7.5/107.5 -> 1.01614e+09 | G59: =+E59-F59 -> 1.3548533e+10 | H59: =+G59*0.025 -> 3.3871332e+08 | J59: =+E59-F59-H59-I59 -> 1.320982e+10
A60: 24 | B60: Mess AIL Infrastructure Nigeria Limited | C60: Construction of 21.46km of Neenme-Brass Road Section II using reinforced concrete pavement of Bayesa State | E60: 37800000000 | F60: =+E60*7.5/107.5 -> 2.6372093e+09 | G60: =+E60-F60 -> 3.5162791e+10 | H60: =+G60*0.05 -> 1.7581395e+09 | I60: =+E60*1/100 -> 378000000 | J60: =+E60-F60-H60-I60 -> 3.3026651e+10
A61: 27 | B61: Messrs Buildwell Plants and Equpment Industires ltd and 12 others | C61: Emergency work at the Third main and ridge, carer Brige, Iddo Bridge, Jebba Bridge and seevfn (7) other Bridges along Lagos - Ibadan | E61: 56000000000 | F61: =+E61*7.5/107.5 -> 3.9069767e+09 | G61: =+E61-F61 -> 5.2093023e+10 | H61: =+G61*0.05 -> 2.6046512e+09 | I61: =+E61*1/100 -> 560000000 | J61: =+E61-F61-H61-I61 -> 4.8928372e+10
A62: 56 | B62: Messrs CBC Global Civil Building Constr Nig Ltd | C62: Being payment of generated certificate on rescoped sections of completion of the construction of Enugu Onitsha Dual carriageway | E62: 4.3905778e+10 | F62: =+E62*7.5/107.5 -> 3.0631938e+09 | G62: =+E62-F62 -> 4.0842584e+10 | H62: =+G62*0.025 -> 1.0210646e+09 | J62: =+E62-F62-H62-I62 -> 3.9821519e+10
A63: 51 | B63: Messrs China Habour Engineering Company Ltd | C63: Construction of 7th Axial Road (Lekki Deep Sea Port Access Road LOT 1 Contract No. 8863.17458/I) | E63: 1.113787e+11 | F63: =+E63*7.5/107.5 -> 7.7706073e+09 | G63: =+E63-F63 -> 1.036081e+11 | H63: =+G63*0.025 -> 2.5902024e+09 | I63: =+E63*1/100 -> 1.113787e+09 | J63: =+E63-F63-H63-I63 -> 9.9904108e+10
A64: 52 | B64: Messrs China Habour Engineering Company Ltd | C64: Construction of 7th Axial Road (Lekki Deep Sea Port Access Road LOT 1 Contract No. 8863.17458/I) | E64: 1.7993135e+11 | F64: =+E64*7.5/107.5 -> 1.255335e+10 | G64: =+E64-F64 -> 1.67378e+11 | H64: =+G64*0.025 -> 4.1844499e+09 | I64: =+E64*1/100 -> 1.7993135e+09 | J64: =+E64-F64-H64-I64 -> 1.6139423e+11
A65: 32 | B65: Messrs Hitech Construction Company Limited | C65: Lagos - Calabar Coastal Highway project section 4A & 4B | E65: 1.238512e+11 | F65: =+E65*7.5/107.5 -> 8.6407814e+09 | G65: =+E65-F65 -> 1.1521042e+11 | H65: =+G65*0.025 -> 2.8802605e+09 | I65: =+E65*1/100 -> 1.238512e+09 | J65: =+E65-F65-H65-I65 -> 1.1109165e+11
A66: 33 | B66: Messrs Hitech Construction Company Limited | C66: Lagos - Calabar Coastal Highway project section 4A & 4B | E66: 9.908096e+10 | F66: =+E66*7.5/107.5 -> 6.9126251e+09 | G66: =+E66-F66 -> 9.2168335e+10 | H66: =+G66*0.025 -> 2.3042084e+09 | I66: =+E66*1/100 -> 9.908096e+08 | J66: =+E66-F66-H66-I66 -> 8.8873317e+10
A67: 34 | B67: Messrs Hitech Construction Company Limited | C67: Lagos - Calabar Coastal Highway project section 4A & 4B | E67: 4.954048e+10 | F67: =+E67*7.5/107.5 -> 3.4563125e+09 | G67: =+E67-F67 -> 4.6084167e+10 | H67: =+G67*0.025 -> 1.1521042e+09 | I67: =+E67*1/100 -> 4.954048e+08 | J67: =+E67-F67-H67-I67 -> 4.4436658e+10
A68: 35 | B68: Messrs Hitech Construction Company Limited | C68: Lagos - Calabar Coastal Highway project section 4A & 4B | E68: 7.431072e+10 | F68: =+E68*7.5/107.5 -> 5.1844688e+09 | G68: =+E68-F68 -> 6.9126251e+10 | H68: =+G68*0.025 -> 1.7281563e+09 | I68: =+E68*1/100 -> 7.431072e+08 | J68: =+E68-F68-H68-I68 -> 6.6654987e+10
A69: 36 | B69: Messrs Hitech Construction Company Limited | C69: Lagos - Calabar Coastal Highway project section 4A & 4B | E69: 1.4862144e+11 | F69: =+E69*7.5/107.5 -> 1.0368938e+10 | G69: =+E69-F69 -> 1.382525e+11 | H69: =+G69*0.025 -> 3.4563125e+09 | I69: =+E69*1/100 -> 1.4862144e+09 | J69: =+E69-F69-H69-I69 -> 1.3330997e+11
A70: 37 | B70: Messrs Hitech Construction Company Limited | C70: Sokoto Badagry Superhighway-Section2, Phase 2B Contract No. 8926 WR.17520/1 | E70: 8.6512397e+10 | F70: =+E70*7.5/107.5 -> 6.0357486e+09 | G70: =+E70-F70 -> 8.0476648e+10 | H70: =+G70*0.025 -> 2.0119162e+09 | I70: =+E70*1/100 -> 8.6512397e+08 | J70: =+E70-F70-H70-I70 -> 7.7599608e+10
A71: 38 | B71: Messrs Hitech Construction Company Limited | C71: Sokoto Badagry Superhighway-Section2, Phase 2B Contract No. 8926 WR.17520/1 | E71: 5.7674931e+10 | F71: =+E71*7.5/107.5 -> 4.0238324e+09 | G71: =+E71-F71 -> 5.3651099e+10 | H71: =+G71*0.025 -> 1.3412775e+09 | I71: =+E71*1/100 -> 5.7674931e+08 | J71: =+E71-F71-H71-I71 -> 5.1733072e+10
A72: 39 | B72: Messrs Hitech Construction Company Limited | C72: Sokoto Badagry Superhighway-Section2, Phase 2B Contract No. 8926 WR.17520/1 | E72: 2.8837466e+10 | F72: =+E72*7.5/107.5 -> 2.0119162e+09 | G72: =+E72-F72 -> 2.6825549e+10 | H72: =+G72*0.025 -> 6.7063874e+08 | I72: =+E72*1/100 -> 2.8837466e+08 | J72: =+E72-F72-H72-I72 -> 2.5866536e+10
A73: 40 | B73: Messrs Hitech Construction Company Limited | C73: Sokoto Badagry Superhighway-Section2, Phase 2B Contract No. 8926 WR.17520/1 | E73: 4.3256199e+10 | F73: =+E73*7.5/107.5 -> 3.0178743e+09 | G73: =+E73-F73 -> 4.0238324e+10 | H73: =+G73*0.025 -> 1.0059581e+09 | I73: =+E73*1/100 -> 4.3256199e+08 | J73: =+E73-F73-H73-I73 -> 3.8799804e+10
A74: 41 | B74: Messrs Hitech Construction Company Limited | C74: Sokoto Badagry Superhighway-Section2, Phase 2B Contract No. 8926 WR.17520/1 | E74: 7.2093664e+10 | F74: =+E74*7.5/107.5 -> 5.0297905e+09 | G74: =+E74-F74 -> 6.7063874e+10 | H74: =+G74*0.025 -> 1.6765968e+09 | I74: =+E74*1/100 -> 7.2093664e+08 | J74: =+E74-F74-H74-I74 -> 6.466634e+10
... A79: 46 | B79: Messrs Hitech Construction Company Limited | C79: Sokoto Badagry Superhighway-Section2, Phase 2B Contract No. 8926 WR.17519/1 | E79: 3.4260057e+10 | F79: =+E79*7.5/107.5 -> 2.3902365e+09 | G79: =+E79-F79 -> 3.186982e+10 | H79: =+G79*0.025 -> 7.9674551e+08 | I79: =+E79*1/100 -> 3.4260057e+08 | J79: =+E79-F79-H79-I79 -> 3.0730474e+10
A80: 14 | B80: Messrs Infioquest Interanational Limited | C80: Construction of point on the Enugu/Abakaliki/Ogoja Highway (Africa Tran-sahara Route) to Benue-Kpogi-Nasarawa State-Apo in FCT with extension | E80: 5.4280156e+10 | F80: =+E80*7.5/107.5 -> 3.7869877e+09 | G80: =+E80-F80 -> 5.0493169e+10 | H80: =+G80*0.05 -> 2.5246584e+09 | I80: =+E80*1/100 -> 5.4280156e+08 | J80: =+E80-F80-H80-I80 -> 4.7425709e+10
A81: 15 | B81: Messrs Infioquest Interanational Limited | C81: Construction of point on the Enugu/Abakaliki/Ogoja Highway (Africa Tran-sahara Route) to Benue-Kpogi-Nasarawa State-Apo in FCT with extension | E81: 5.4280156e+10 | F81: =+E81*7.5/107.5 -> 3.7869877e+09 | G81: =+E81-F81 -> 5.0493169e+10 | H81: =+G81*0.05 -> 2.5246584e+09 | I81: =+E81*1/100 -> 5.4280156e+08 | J81: =+E81-F81-H81-I81 -> 4.7425709e+10
A82: 47 | B82: Messrs Infiquest International Limited | C82: Construction of Trans-Sahara superhighway | E82: 2.5195108e+10 | F82: =+E82*7.5/107.5 -> 1.7577982e+09 | G82: =+E82-F82 -> 2.343731e+10 | H82: =+G82*0.025 -> 5.8593275e+08 | I82: =+E82*1/100-(6298777.07) -> 2.4565231e+08 | J82: =+E82-F82-H82-I82 -> 2.2605725e+10
A83: 48 | B83: Messrs Infiquest International Limited | C83: Construction of Trans-Sahara superhighway | E83: 8.9170281e+10 | F83: =+E83*7.5/107.5 -> 6.2211824e+09 | G83: =+E83-F83 -> 8.2949098e+10 | H83: =+G83*0.025 -> 2.0737275e+09 | I83: =+E83*1/100 -> 8.9170281e+08 | J83: =+E83-F83-H83-I83 -> 7.9983668e+10
A84: 49 | B84: Messrs Infiquest International Limited | C84: Construction of Trans-Sahara superhighway | E84: 5.0577506e+10 | F84: =+E84*7.5/107.5 -> 3.5286632e+09 | G84: =+E84-F84 -> 4.7048843e+10 | H84: =+G84*0.025 -> 1.1762211e+09 | I84: =+E84*1/100 -> 5.0577506e+08 | J84: =+E84-F84-H84-I84 -> 4.5366847e+10
A85: 50 | B85: Messrs Infiquest International Limited | C85: Construction of Trans-Sahara superhighway | E85: 1.0143488e+11 | F85: =+E85*7.5/107.5 -> 7.0768521e+09 | G85: =+E85-F85 -> 9.4358027e+10 | H85: =+G85*0.025 -> 2.3589507e+09 | I85: =+E85*1/100 -> 1.0143488e+09 | J85: =+E85-F85-H85-I85 -> 9.0984728e+10
A86: 23 | B86: Messrs Infiquest International Nigeria Limited | C86: Mobilisation fee of the Reconstruction of Abuja-Kaduna -Zaria -Kano dualised carriageway section II | E86: 1.5215232e+11 | F86: =+E86*7.5/107.5 -> 1.0615278e+10 | G86: =+E86-F86 -> 1.4153704e+11 | H86: =+G86*0.05 -> 7.0768521e+09 | I86: =+E86*1/100 -> 1.5215232e+09 | J86: =+E86-F86-H86-I86 -> 1.3293867e+11
A87: 28 | B87: Messrs Infiquest International Nigeria Limited | C87: Construction of Trans-Sahara superhighway | E87: 2.5195108e+10 | F87: =+E87*7.5/107.5 -> 1.7577982e+09 | G87: =+E87-F87 -> 2.343731e+10 | H87: =+G87*0.025 -> 5.8593275e+08 | I87: =+E87*1/100 -> 2.5195108e+08 | J87: 2.2605725e+10
A88: 29 | B88: Messrs Infiquest International Nigeria Limited | C88: Construction of Trans-Sahara superhighway | E88: 8.9170281e+10 | F88: =+E88*7.5/107.5 -> 6.2211824e+09 | G88: =+E88-F88 -> 8.2949098e+10 | H88: =+G88*0.025 -> 2.0737275e+09 | I88: =+E88*1/100 -> 8.9170281e+08 | J88: =+E88-F88-H88-I88 -> 7.9983668e+10
A89: 30 | B89: Messrs Infiquest International Nigeria Limited | C89: Construction of Abuja - Kaduna - Kano Road (Section I & III) | E89: 5.0577506e+10 | F89: =+E89*7.5/107.5 -> 3.5286632e+09 | G89: =+E89-F89 -> 4.7048843e+10 | H89: =+G89*0.025 -> 1.1762211e+09 | I89: =+E89*1/100 -> 5.0577506e+08 | J89: =+E89-F89-H89-I89 -> 4.5366847e+10
A90: 31 | B90: Messrs Infiquest International Nigeria Limited | C90: Construction of Abuja - Kaduna - Kano Road (Section II) | E90: 1.0143488e+11 | F90: =+E90*7.5/107.5 -> 7.0768521e+09 | G90: =+E90-F90 -> 9.4358027e+10 | H90: =+G90*0.025 -> 2.3589507e+09 | I90: =+E90*1/100 -> 1.0143488e+09 | J90: =+E90-F90-H90-I90 -> 9.0984728e+10
A91: 25 | B91: Messrs JRB Construction Company | C91: Reconstruction of Oyo-Ogbomosho Road using reinforced concrete pavement in Oyo State | E91: 44000000000 | F91: =+E91*7.5/107.5 -> 3.0697674e+09 | G91: =+E91-F91 -> 4.0930233e+10 | H91: =+G91*0.05 -> 2.0465116e+09 | I91: =+E91*1/100 -> 440000000 | J91: =+E91-F91-H91-I91 -> 3.8443721e+10
A92: 26 | B92: Messrs JRB Construction Company | C92: Reconstruction of Abuja - Lokoja Road (Section I & II) Zuba - Abaji Road | E92: 6600000000 | F92: =+E92*7.5/107.5 -> 4.6046512e+08 | G92: =+E92-F92 -> 6.1395349e+09 | H92: =+G92*0.05 -> 3.0697674e+08 | I92: =+E92*1/100 -> 66000000 | J92: =+E92-F92-H92-I92 -> 5.7665581e+09
A93: 55 | B93: Messrs Skaldon International Limited | C93: Being 60% mobilization for the rehabilitation of runway 036/20 and taxiway with upgrde of the airfield ground lighting system to CAT | E93: 2.5291958e+10 | F93: =+E93*7.5/107.5 -> 1.7645552e+09 | G93: =+E93-F93 -> 2.3527403e+10 | H93: =+G93*0.025 -> 5.8818507e+08 | I93: =+E93*1/100 -> 2.5291958e+08 | J93: =+E93-F93-H93-I93 -> 2.2686298e+10
A94: 54 | B94: Messrs UTM Offshore Limited | C94: Being 60% mobilization for the construction of a 14.6km ClearVu security fence, operational road, installation of CCTV cameras, intruder detection systems, illumination with solar flood light at MMIA, Lagos. | E94: 2.9939809e+10 | F94: =+E94*7.5/107.5 -> 2.0888239e+09 | G94: =+E94-F94 -> 2.7850985e+10 | H94: =+G94*0.025 -> 6.9627463e+08 | I94: =+E94*1/100 -> 2.9939809e+08 | J94: =+E94-F94-H94-I94 -> 2.6855313e+10
A95: 60 | B95: National Agricultural Seeks (NASC) | C95: Being funds to support programme operational expenditure quality assurance | E95: 5000000000 | J95: =+E95-F95-H95-I95 -> 5000000000
A96: 63 | B96: Nigeria-China Strategic Partbership | C96: Being third tranche of the N37.6 Billion approved by Mr President as the Operational Budget released for Nigeria-China Strategic Partnership including startup cost | E96: 7000000000 | J96: =+E96-F96-H96-I96 -> 7000000000
A97: 21 | B97: SKECC Nig Limited | C97: Construction of section of Enugu-Onisha Road (72km) using reinformced concerete pavement) | E97: 45000000000 | F97: =+E97*7.5/107.5 -> 3.1395349e+09 | G97: =+E97-F97 -> 4.1860465e+10 | H97: =+G97*0.05 -> 2.0930233e+09 | I97: =+E97*1/100 -> 450000000 | J97: =+E97-F97-H97-I97 -> 3.9317442e+10
A98: 57 | B98: SKECC Nig Limited | C98: Construction of section of Enugu-Onisha Road (72km) using reinformced concerete pavement) | E98: 3.7947865e+10 | F98: =+E98*7.5/107.5 -> 2.6475254e+09 | G98: =+E98-F98 -> 3.5300339e+10 | H98: =+G98*0.025 -> 8.8250848e+08 | J98: =+E98-F98-H98-I98 -> 3.4417831e+10
A99: 4 | C99: Reversal of the fund transfer Capital Development Fund | E99: 400000000000 | J99: =+E99-F99-H99-I99 -> 400000000000
C100: Total | D100: =SUM(D37:D67) -> 2.1453668e+12 | E100: =SUM(E37:E99) -> 6.4653932e+12 | F100: =SUM(F37:F99) -> 3.294092e+11 | G100: =SUM(G37:G99) -> 4.6309743e+12 | H100: =SUM(H37:H99) -> 1.8744324e+11 | I100: =SUM(I37:I99) -> 4.8633353e+10 | J100: =SUM(J37:J99) -> 5.8999137e+12

Sheet Counterfactual
C2: NOTE 4 - COUNTERFACTUAL (THE HARMS THE REFORM PREVENTED)
C3: Key Indicators: Pre-reform 29 May 2023 vs 30 June 2026 | D3: Baseline (May 2023) | E3: Reform (June 2026) | F3: No Reform (June 2026) | G3: Theme 1: Fiscal Sustainability & Sovereign Health (The State's Balance Sheet) | H3: Fiscal Sustainability
B4: 1 | G4: Theme 2: Monetary Stability & External Buffers (The Value of the Naira) | H4: External Position
B5: =B4+1 -> 2 | G5: Theme 3: Investment Climate & Market Dynamics (The Engine of Growth) | H5: Investment Climate
B6: =B5+1 -> 3 | G6: Theme 4: Domestic Costs & Citizen Welfare (The Social Baseline) | H6: Social Impact
B7: =B6+1 -> 4 | H7: Growth
B8: =B7+1 -> 5
B9: =B8+1 -> 6
B10: =B9+1 -> 7
B11: =B10+1 -> 8
B12: =B11+1 -> 9 | G12: Rating | H12: Junk
B13: =B12+1 -> 10 | G13: FATF | H13: Black
B14: =B13+1 -> 11 | G14: GDP growth rate
B15: =B14+1 -> 12 | G15: Diaspora remittances
B16: =B15+1 -> 13 | G16: Domestic refining
B17: =B16+1 -> 14
B18: =B17+1 -> 15
B19: =B18+1 -> 16
B20: =B19+1 -> 17
B21: =B20+1 -> 18
B22: =B21+1 -> 19
B23: =B22+1 -> 20
C24: Market feedback
C25: a coordinated intervention to prevent a total lock-up of our banking, trade, and national safety sectors—specifically averting a total fuel and currency crisis
C26: continuing the subsidies and FX peg would have dragged Nigeria's net liquidity into deep negative territory within months
C28: ---------------
C29: Theme 1: Fiscal Sustainability & Sovereign Health (The State's Balance Sheet)
C30: This demonstrates how structural reforms saved the Federal Government from insolvency and institutional shutdown.
C31: Economic Indicator | D31: May 2023 Baseline (Inherited Data) | E31: Present Reality (Mid-2026 Actual) | F31: The Counterfactual Trajectory (The "No-Reform" Collapse) | G31: Economic Rationale
G32: & Human Implication
C33: Debt Service-to-Revenue | D33: 1.495 | E33: 0.77 | F33: Over 100% (Fiscal Insolvency) | G33: Rationale: In May 2023, Nigeria spent 1.5x of its entire revenue purely on interest payments. Through aggressive fiscal reforms, we halved this crushing burden down to 77%, bringing the nation back from the brink. Without these interventions, compounding interest would have triggered an immediate sovereign debt default, cutting off all market access.
G34: Human Implication: Total inability to pay federal civil service salaries or maintain security operations, leading to widespread public sector strikes.
C35: Ways & Means Funding | D35: ₦30 Trillion | E35: Strictly Capped / Eliminated | F35: Uncapped Exponential Expansion | G35: Rationale: The unbacked printing of trillions to fund subsidies.
G36: Human Implication: This behaves like an invisible tax, aggressively wiping out the purchasing power of every naira held by ordinary citizens.
C37: Tax-to-GDP Ratio | D37: 0.0541 | E37: 0.0715 | F37: Stagnant / Shrinking Base | G37: Rationale: Contraction of the formal economy without tax reforms.
G38: Human Implication: A shrinking tax base starves states and local governments of the revenue needed for basic community healthcare.
C39: Sovereign Credit Rating | D39: B- (Negative) | E39: Fitch upgraded to ‘B’ (stable outlook). | F39: Default / 'Junk' Status | G39: Rationale: Institutional insolvency leading to an automatic rating downgrade.
E40: Moody’s raised our rating to B3 (stable outlook). | G40: Human Implication: Total isolation from global financial markets, completely halting national infrastructure development.
E41: S & P upgrade: from stable to positive
C44: Theme 2: Monetary Stability & External Buffers (The Value of the Naira)
C45: This explains how clearing central bank hidden liabilities, FX unification, and active inflation targeting protected the currency.
C46: Economic Indicator | D46: May 2023 Baseline (Inherited Data) | E46: Present Reality (Mid-2026 Actual) | F46: The Counterfactual Trajectory (The "No-Reform" Collapse) | G46: Economic Rationale
G47: & Human Implication
C48: Foreign Reserves | D48: Gross: $35.1 Billion | E48: Gross: ~$52.0 Billion | F48: Gross: Below $15B | G48: Rationale: Paying multi-billion dollar monthly fuel subsidies would have entirely hollowed out the remaining $3B net buffer.
C49: (Gross vs Net) | D49: Net: $3.0B - $3.99B (Encumbered by hidden liabilities) | E49: Net: ~$40.0 Billion (Regaining healthy liquidity) | F49: Net: Complete Depletion (Negative Net) | G49: Human Implication: Complete structural inability to import essential, life-saving medicines or food items.
C50: Currency Crisis | D50: Severe Parallel Market Premium | E50: Unified / Stabilizing Market | F50: Unmanaged Freefall Collapse | G50: Rationale: An artificial peg without real dollars to back it creates a thriving black market.
G51: Human Implication: An unmanaged currency crash would mean that local businesses could not plan or survive, leading to immediate job losses.
C52: Exchange Rate (Official) | D52: ₦465 / $1 | E52: Market-Reflective (~₦1,500) | F52: Complete Disinvestment Freefall | G52: Rationale: Extreme dollar scarcity drives the currency exchange to wide premium of above 60%.
G53: Human Implication: The cost of importing basic everyday essentials would scale to impossible heights, making simple tools unaffordable.
C54: Monetary Policy Rate | D54: 0.185 | E54: 0.265 | F54: Emergency Liquidity Shutdown | G54: Rationale: Unchecked liquidity growth forces interest rates to emergency highs.
E55: Active Inflation Targeting | G55: Human Implication: Bank loan interest rates for SMEs would soar past affordable limits, entirely freezing local business expansion.
C56: Inflation Rate | D56: 0.2241 | E56: Disinflationary Trend (~16%) | F56: Hyperinflationary Spiral (40%+) | G56: Rationale: Driven by massive unbacked money printing and import scarcity.
G57: Human Implication: Families would face hyperinflation on everyday basic goods, meaning money loses its value day by day.
C58: Diaspora Remittances | D58: $19billion (2023) | E58: $22billion (2025) | F58: Complete Parallel Diversion | G58: Rationale: Capital permanently avoids a rigged exchange rate ecosystem.
D59: Highly Diverted | E59: Surging via Official Channels | G59: Human Implication: Hard currency sent home by Nigerians abroad would remain entirely in the informal black market.
C63: Theme 3: Investment Climate & Market Dynamics (The Engine of Growth)
C64: This proves that the structural reforms protected domestic markets and restored international investor sanity.
C65: Economic Indicator | D65: May 2023 Baseline (Inherited Data) | E65: Present Reality (Mid-2026 Actual) | F65: The Counterfactual Trajectory (The "No-Reform" Collapse) | G65: Economic Rationale & Human Implication
C66: GDP Growth Rate | D66: Averages 2.0% prior to this administration | E66: 3.5% - 4.2% (Real Growth) | F66: Negative Growth (Stagflation) | G66: Rationale: A nation unable to fund imports or pay structural debt enters recession.
G67: Human Implication: A shrinking economy means fewer opportunities, leaving millions of university graduates with zero formal employment options.
C68: Foreign Investment (FDI/FPI) | D68: Stagnant | E68: Gradual Structural Return | F68: Total Institutional Flight | G68: Rationale: Capital avoids jurisdictions where profits cannot be legally repatriated.
E69: FDI: $4.01billion (2025) | G69: Human Implication: Global brands and factories would pack up and leave Nigeria completely, destroying skilled local employment.
D70: FDI: $1.87billion (2023) | E70: FPI $15billion (2024) & $8.04billion (2025)
D71: FPI:$6.47billion (2023)
C72: Stock Market (market cap) | D72: N30 trillion | E72: All-Time Highs of N150 trillion | F72: Market Crash & Wealth Erasure | G72: Rationale: A sovereign default triggers an immediate, panicky sell-off of domestic equities.
G73: Human Implication: Increased Wealth Creation, Easier Access to Capital for Businesses, Improved Investor Confidence & Support for Economic Growth
C76: Theme 4: Domestic Costs & Citizen Welfare (The Social Baseline)
C77: This directly maps out the human survival cost, contrasting transitional pain against absolute societal paralysis.
C78: Economic Indicator | D78: May 2023 Baseline (Inherited Data) | E78: Present Reality (Mid-2026 Actual) | F78: The Counterfactual Trajectory (The "No-Reform" Collapse) | G78: Economic Rationale & Human Implication
C79: Fuel Crisis | D79: Systemic Subsidy Deficits | E79: Market-Driven Product Flow | F79: Total Structural Depletion | G79: Rationale: The state's letters of credit for petrol imports would no longer be honored due to a lack of net dollars.
G80: Human Implication: The counterfactual was zero fuel. Filling stations nationwide would be dry for months at a time, completely paralyzing logistics.
C81: PMS Price per Litre | D81: ₦185 - ₦195 | E81: Market-Reflective Pricing | F81: Extreme Black Market Rates Only | G81: Rationale: Scarcity completely replaces official retail distribution systems.
G82: Human Implication: Citizens would have been forced to buy fuel exclusively from black-market vendors at unregulated prices.
C83: Minimum Wage | D83: 30000 | E83: ₦70,000 (Implemented) | F83: Frozen Value / Non-Payment | G83: Rationale: An insolvent state lacks the basic revenue capacity to raise wages.
G84: Human Implication: Workers would have remained locked at the old wage of ₦30,000 while inflation destroyed its value.
C85: Cost of a Bag of Rice (50kg) | D85: 43000 | E85: 58000 | F85: Panic-Driven Hyper-Pricing | G85: Rationale: Hyperinflation and severe import restrictions break agricultural supply chains.
E86: High Transition Cost | G86: Human Implication: Staple foods would become luxury items, plunging millions of households into severe food insecurity.
C87: Unemployment & Poverty | D87: 33.3% / 40% | E87: 4.1%/63% | F87: Mass Systemic Destitution | G87: Rationale: Business closures from fuel shortages and dollar scarcity trigger layoffs.
E88: High but Structurally Stabilizing | G88: Human Implication: Widespread layoffs in manufacturing, banking, and retail sectors would push millions of middle-class families below the poverty line.

Sheet Notes
C4: NOTES
B5: 1 | C5: FG share of FAAC includes FCT, ecological etc amounting to effective ratio of xx% of total FAAC revenue
B6: 2 | C6: Savings from subsidy removal reflected in higher revenue inflows to FAAC and halt to the fiscal bleeding and mortgaging of future resources
B7: 3 | C7: Monthly FAAC, IGR and Independent revenue of FG from 2020 to 2025
B8: 4 | C8: Social safety includes cash transfers, concessional loans (SMEs, NELFUND, MREIF, CreditCorp, Family Homes etc.)
B9: 5 | C9: IMF Debt repayment and paydown of Ways & Means
B10: 6 | C10: Get FCT capex and development commission funding
B11: 7 | C11: Market feedback - Top contributor to global GDP, Eurobond Yield, NGX gains, etc
B12: 7 | C12: Different from the budget performance report which covers all spending baseline and incremental
B13: 8 | C13: FAAC Visual - 3 buckets (VAT, Derivation, Balance vs FG less Statutory amounts

Sheet 2025
A1: OFFICE OF THE ACCOUNTANT GENERAL OF THE FEDERATION
A2: FEDERATION ACCOUNT DEPARTMENT
A3: ANALYSIS OF MONTHLY FEDERATION ACCOUNT REVENUE PERFORMANCE AND DISTRIBUTION TO THREE TIERS OF GOVERNMENT FROM JANUARY TO DECEMBER, 2025
A5: S/N | B5: DESCRIPTION | C5: BUDGET | E5: JANUARY | F5: FEBRUARY | G5: MARCH | H5: APRIL | I5: MAY | J5: JUNE | K5: JULY | L5: AUGUST | M5: SEPT. | N5: OCT. | O5: NOV. | P5: DEC. | Q5: CUMMULATIVE
C6: ANNUAL | D6: MONTHLY | E6: GROSS INFLOW | F6: GROSS INFLOW | G6: GROSS INFLOW | H6: GROSS INFLOW | I6: GROSS INFLOW | J6: GROSS INFLOW | K6: GROSS INFLOW | L6: GROSS INFLOW | M6: GROSS INFLOW | N6: GROSS INFLOW | O6: GROSS INFLOW | P6: GROSS INFLOW | Q6: TOTAL BUDGET FOR 12 MONTHS | R6: TOTAL GROSS INFLOW (JANUARY TO DECEMBER) | S6: DIFF. B/W BUDGET AND NET INFLOW | T6: REVENUE PERFORMANCE
C7: =N= Billion | D7: =N= Billion | E7: =N= Billion | F7: =N= Billion | G7: =N= Billion | H7: =N= Billion | I7: =N= Billion | J7: =N= Billion | K7: =N= Billion | L7: =N= Billion | M7: =N= Billion | N7: =N= Billion | O7: =N= Billion | P7: =N= Billion | Q7: =N= Billion | R7: =N= Billion | S7: =N= Billion | T7: %
B8: SUMMARY BY ORGANISATION | C8: a | D8: b | E8: c | F8: d | G8: e | H8: f | I8: g | J8: h | K8: i | L8: j | M8: k | N8: l | O8: m | P8: n | Q8: o=(b*12) | R8: p=(c+d+e+f+g+h+i+j+k+l+m+n) | S8: q=r-q | T8: r=(p/o)*100%
A9: 1 | B9: OIL REVENUE
A10: 2 | B10: FIRS | C10: 29428.473 | D10: =C10/12 -> 2452.3727 | E10: 322.198 | F10: =182.715 -> 182.715 | G10: =377.189 -> 377.189 | H10: 407.502 | I10: 542.251 | J10: 362.963 | K10: 399.451 | L10: 235.232 | M10: 644.502 | N10: 302.513 | O10: 315.646 | P10: 407.577 | Q10: =D10*12 -> 29428.473 | R10: =E10+F10+G10+H10+I10+J10+K10+L10+M10+N10+O10+P10 -> 4499.739 | S10: =R10-Q10 -> -24928.734 | T10: =R10/Q10*100% -> 0.15290426
A11: 3 | B11: NNPCL | C11: 4457.282 | D11: =C11/12 -> 371.44017 | E11: 63.87 | F11: =64.376 -> 64.376 | G11: 58.076 | H11: =23.612+58.373 -> 81.985 | I11: 48.772 | J11: 51.732 | K11: 0 | L11: =27.517+21.61 -> 49.127 | M11: =105.25+6.275 -> 111.525 | N11: 110.151 | O11: 14.728 | P11: 44.928 | Q11: =D11*12 -> 4457.282 | R11: =E11+F11+G11+H11+I11+J11+K11+L11+M11+N11+O11+P11 -> 699.27 | S11: =R11-Q11 -> -3758.012 | T11: =R11/Q11*100% -> 0.1568826
A12: 4 | B12: NUPRC | C12: 14941.27 | D12: =C12/12 -> 1245.1058 | E12: 574.103 | F12: =566.13 -> 566.13 | G12: =649.046 -> 649.046 | H12: 618.276 | I12: 653.791 | J12: 615.128 | K12: 630.965 | L12: 723.168 | M12: 745.204 | N12: 741.987 | O12: 873.105 | P12: 660.041 | Q12: =D12*12 -> 14941.27 | R12: =E12+F12+G12+H12+I12+J12+K12+L12+M12+N12+O12+P12 -> 8050.944 | S12: =R12-Q12 -> -6890.326 | T12: =R12/Q12*100% -> 0.53883934
A13: 5 | B13: NLNG DIVIDEND | C13: 1507.356 | D13: =C13/12 -> 125.613 | E13: 0 | F13: 0 | G13: 0 | H13: 0 | I13: 0 | J13: 0 | K13: 0 | L13: 0 | M13: 0 | N13: 0 | O13: 0 | P13: 0 | Q13: =D13*12 -> 1507.356 | R13: =E13+F13+G13+H13+I13+J13+K13+L13+M13+N13+O13+P13 -> 0 | S13: =R13-Q13 -> -1507.356 | T13: =R13/Q13*100% -> 0
A14: 6 | B14: SUB TOTAL OIL | C14: =SUM(C10:C13) -> 50334.381 | D14: =SUM(D10:D13) -> 4194.5318 | E14: =SUM(E10:E13) -> 960.171 | F14: =SUM(F10:F13) -> 813.221 | G14: =SUM(G10:G13) -> 1084.311 | H14: =SUM(H10:H13) -> 1107.763 | I14: =SUM(I10:I13) -> 1244.814 | J14: =SUM(J10:J13) -> 1029.823 | ... S14: =SUM(S10:S13) -> -37084.428 | T14: =R14/Q14*100% -> 0.26323862
A15: 7
A16: 8 | B16: NON OIL
A17: 9 | B17: FIRS Non Oil | C17: 9206.01 | D17: =C17/12 -> 767.1675 | E17: 409.003 | F17: 634.652 | G17: 241.437 | H17: 356.495 | I17: 563.079 | J17: 781.963 | K17: 2178.379 | L17: 1749.106 | M17: 1056.265 | N17: 624.321 | O17: 591.152 | P17: 337.223 | Q17: =D17*12 -> 9206.01 | R17: =E17+F17+G17+H17+I17+J17+K17+L17+M17+N17+O17+P17 -> 9523.075 | S17: =R17-Q17 -> 317.065 | T17: =R17/Q17*100% -> 1.0344411
A18: 10 | B18: VAT | C18: 7501.601 | D18: =C18/12 -> 625.13342 | E18: 649.561 | F18: 771.886 | G18: 654.456 | H18: 637.618 | I18: 642.265 | J18: 742.82 | K18: 678.165 | L18: 687.94 | M18: 722.619 | N18: 872.63 | O18: 719.827 | P18: 563.042 | Q18: =D18*12 -> 7501.601 | R18: =E18+F18+G18+H18+I18+J18+K18+L18+M18+N18+O18+P18 -> 8342.829 | S18: =R18-Q18 -> 841.228 | T18: =R18/Q18*100% -> 1.1121398
A19: 11 | B19: EMTL | C19: 230 | D19: =C19/12 -> 19.166667 | E19: 32.511 | F19: 21.404 | G19: 36.636 | H19: 26.011 | I19: 40.481 | J19: 28.819 | K19: 30.379 | L19: 39.168 | M19: 33.685 | N19: 53.838 | O19: 49.865 | P19: 43.4 | Q19: =D19*12 -> 230 | R19: =E19+F19+G19+H19+I19+J19+K19+L19+M19+N19+O19+P19 -> 436.197 | S19: =R19-Q19 -> 206.197 | T19: =R19/Q19*100% -> 1.8965087
A20: 12 | B20: NCS | C20: 7155.767 | D20: =C20/12 -> 596.31392 | E20: 259.631 | F20: 400.341 | G20: 299.583 | H20: 283.425 | I20: 358.081 | J20: 359.42 | K20: 315.29 | L20: 353.24 | M20: 322.002 | N20: 349.107 | O20: 370.281 | P20: 287.175 | Q20: =D20*12 -> 7155.767 | R20: =E20+F20+G20+H20+I20+J20+K20+L20+M20+N20+O20+P20 -> 3957.576 | S20: =R20-Q20 -> -3198.191 | T20: =R20/Q20*100% -> 0.55306105
A21: 13 | B21: SUB TOTAL NON OIL | C21: =SUM(C17:C20) -> 24093.378 | D21: =SUM(D17:D20) -> 2007.7815 | E21: =SUM(E17:E20) -> 1350.706 | F21: =SUM(F17:F20) -> 1828.283 | G21: =SUM(G17:G20) -> 1232.112 | H21: =SUM(H17:H20) -> 1303.549 | I21: =SUM(I17:I20) -> 1603.906 | J21: =SUM(J17:J20) -> 1913.022 | ... S21: =SUM(S17:S20) -> -1833.701 | T21: =R21/Q21*100% -> 0.92389191
A22: 14
A23: 15 | B23: TOTAL | C23: =C14+C21 -> 74427.759 | D23: =D14+D21 -> 6202.3133 | E23: =E14+E21 -> 2310.877 | F23: =F14+F21 -> 2641.504 | G23: =G14+G21 -> 2316.423 | H23: =H14+H21 -> 2411.312 | I23: =I14+I21 -> 2848.72 | J23: =J14+J21 -> 2942.845 | ... S23: =S14+S21 -> -38918.129 | T23: =R23/Q23*100% -> 0.47710196
A24: 16 | B24: Add: Augmentation/Solid Minerals | E24: 0 | F24: 0 | G24: 28.218 | H24: 0 | I24: 0 | J24: 0 | K24: 100 | L24: 0 | M24: 0 | N24: 0 | O24: 0 | P24: 0 | Q24: =D24*12 -> 0 | R24: =E24+F24+G24+H24+I24+J24+K24+L24+M24+N24+O24+P24 -> 128.218 | S24: =R24-Q24 -> 128.218
A25: 17 | B25: AMOUNT AVAILABLE | E25: =E23+E24 -> 2310.877 | F25: =F23+F24 -> 2641.504 | G25: =G23+G24 -> 2344.641 | H25: =H23+H24 -> 2411.312 | I25: =I23+I24 -> 2848.72 | J25: =J23+J24 -> 2942.845 | K25: =K23+K24 -> 4332.629 | L25: =L23+L24 -> 3836.981 | ... P25: =P23+P24 -> 2343.386 | Q25: =D25*12 -> 0 | R25: =E25+F25+G25+H25+I25+J25+K25+L25+M25+N25+O25+P25 -> 35637.848 | S25: =R25-Q25 -> 35637.848
A26: 18 | B26: Less
A27: 19 | B27: Cost of collection | C27: =D27*12 -> 1466.796 | D27: =30.687+49.804+41.742 -> 122.233 | E27: 84.78 | F27: 107.786 | G27: 89.092 | H27: 85.376 | I27: 101.051 | J27: 111.908 | K27: 162.786 | L27: 152.681 | M27: 124.839 | N27: 116.149 | O27: 115.278 | P27: 84.251 | Q27: =D27*12 -> 1466.796 | R27: =E27+F27+G27+H27+I27+J27+K27+L27+M27+N27+O27+P27 -> 1335.977 | S27: =R27-Q27 -> -130.819
A28: 20 | B28: Transfers, Intervention, Refunds and Savings | E28: 801.175 | F28: 830.663 | G28: 577.097 | H28: 747.18 | I28: 1066.442 | J28: 1171.046 | K28: 2351.43 | L28: 1683.471 | M28: 1285.845 | N28: 835.005 | O28: 724.603 | P28: 330.625 | Q28: =D28*12 -> 0 | R28: =E28+F28+G28+H28+I28+J28+K28+L28+M28+N28+O28+P28 -> 12404.582 | S28: =R28-Q28 -> 12404.582
A29: 21 | B29: Net Revenue for Distribution | E29: =E25-E27-E28 -> 1424.922 | F29: =F25-F27-F28 -> 1703.055 | G29: =G25-G27-G28 -> 1678.452 | H29: =H25-H27-H28 -> 1578.756 | I29: =I25-I27-I28 -> 1681.227 | J29: =J25-J27-J28 -> 1659.891 | K29: =K25-K27-K28 -> 1818.413 | L29: =L25-L27-L28 -> 2000.829 | ... P29: =P25-P27-P28 -> 1928.51 | Q29: =D29*12 -> 0 | R29: =E29+F29+G29+H29+I29+J29+K29+L29+M29+N29+O29+P29 -> 21897.289 | S29: =R29-Q29 -> 21897.289
A30: 22 | B30: Distributed as follows | Q30: =D30*12 -> 0 | R30: =E30+F30+G30+H30+I30+J30+K30+L30+M30+N30+O30+P30 -> 0 | S30: =R30-Q30 -> 0
A31: 23 | B31: FGN (48.50%, 14%) | E31: ='[2]Sum & FG'!$J29 -> 416.60157 | F31: ='[3]Sum & FG'!$J30 -> 510.1506 | G31: ='[4]Sum & FG'!$K$29 -> 525.68195 | H31: ='[5]Sum & FG'!$J29 -> 487.92156 | I31: ='[6]Sum & FG'!$J29 -> 521.66375 | J31: ='[7]Sum & FG'!$J$30 -> 496.68309 | K31: ='[8]Sum & FG'!$K$31 -> 595.43054 | L31: ='[9]Sum & FG'!$J31 -> 678.04458 | M31: ='[10]Sum & FG'!$J32 -> 747.11295 | N31: ='[11]Sum & FG'!$I$27 -> 656.5169 | O31: ='[12]Sum & FG'!$I$28 -> 699.59464 | P31: ='[13]Sum & FG'!$I$27 -> 688.87295 | Q31: =D31*12 -> 0 | R31: =E31+F31+G31+H31+I31+J31+K31+L31+M31+N31+O31+P31 -> 7024.2751 | S31: =R31-Q31 -> 7024.2751
A32: 24 | B32: States (26.72%, 50%) | E32: ='[2]Sum & FG'!$H8 -> 498.4973 | F32: ='[3]Sum & FG'!$H$8 -> 593.69591 | G32: ='[4]Sum & FG'!$I$8 -> 562.19496 | H32: ='[5]Sum & FG'!$H8 -> 530.44778 | I32: ='[6]Sum & FG'!$H8 -> 556.74132 | J32: ='[7]Sum & FG'!$H8 -> 577.84138 | K32: ='[8]Sum & FG'!$I$8 -> 607.41762 | L32: ='[9]Sum & FG'!$H8 -> 660.34888 | M32: ='[10]Sum & FG'!$H8 -> 709.83028 | N32: ='[11]Sum & FG'!$G8 -> 727.17037 | O32: ='[12]Sum & FG'!$G8 -> 689.12036 | P32: ='[13]Sum & FG'!$G8 -> 601.73097 | Q32: =D32*12 -> 0 | R32: =E32+F32+G32+H32+I32+J32+K32+L32+M32+N32+O32+P32 -> 7315.0371 | S32: =R32-Q32 -> 7315.0371
A33: 25 | B33: LGCs (20.60%, 35%) | E33: ='[2]Sum & FG'!$H9 -> 361.75295 | F33: ='[3]Sum & FG'!$H9 -> 431.48401 | G33: ='[4]Sum & FG'!$I9 -> 410.55895 | H33: ='[5]Sum & FG'!$H9 -> 387.00141 | I33: ='[6]Sum & FG'!$H9 -> 406.62625 | J33: ='[7]Sum & FG'!$H9 -> 419.96852 | K33: ='[8]Sum & FG'!$I$9 -> 444.85352 | L33: ='[9]Sum & FG'!$H9 -> 485.03902 | M33: ='[10]Sum & FG'!$H9 -> 522.22815 | N33: ='[11]Sum & FG'!$G9 -> 529.95415 | O33: ='[12]Sum & FG'!$G9 -> 505.8028 | P33: ='[13]Sum & FG'!$G9 -> 445.26567 | Q33: =D33*12 -> 0 | R33: =E33+F33+G33+H33+I33+J33+K33+L33+M33+N33+O33+P33 -> 5350.5354 | S33: =R33-Q33 -> 5350.5354
A34: 26 | B34: 13% Derivation Fund | E34: ='[2]Sum & FG'!$H10 -> 113.47722 | F34: ='[3]Sum & FG'!$H10 -> 125.28413 | G34: ='[4]Sum & FG'!$I10 -> 136.04279 | H34: ='[5]Sum & FG'!$H10 -> 132.61127 | I34: ='[6]Sum & FG'!$H10 -> 152.55343 | J34: ='[7]Sum & FG'!$H10 -> 124.07642 | K34: ='[8]Sum & FG'!$I$10 -> 120.75811 | L34: ='[9]Sum & FG'!$H10 -> 120.35938 | M34: ='[10]Sum & FG'!$H10 -> 183.01254 | N34: ='[11]Sum & FG'!$G10 -> 134.95687 | O34: ='[12]Sum & FG'!$G10 -> 141.39489 | P34: ='[13]Sum & FG'!$G10 -> 134.3555 | Q34: =D34*12 -> 0 | R34: =E34+F34+G34+H34+I34+J34+K34+L34+M34+N34+O34+P34 -> 1618.8825 | S34: =R34-Q34 -> 1618.8825
A35: 27 | B35: Ecology Fund (1%) | E35: ='[2]Sum & FG'!$J30 -> 6.7536111 | F35: ='[3]Sum & FG'!$J31 -> 8.3844263 | G35: ='[4]Sum & FG'!$K30 -> 8.9781016 | H35: ='[5]Sum & FG'!$J30 -> 8.2742424 | I35: ='[6]Sum & FG'!$J30 -> 8.9173684 | J35: ='[7]Sum & FG'!$J31 -> 8.1643238 | K35: ='[8]Sum & FG'!$K32 -> 10.369824 | L35: ='[9]Sum & FG'!$J32 -> 12.022578 | M35: ='[10]Sum & FG'!$J33 -> 13.368646 | N35: ='[11]Sum & FG'!$I28 -> 11.04161 | O35: ='[12]Sum & FG'!$I29 -> 12.351553 | P35: ='[13]Sum & FG'!$I28 -> 12.686703 | Q35: =D35*12 -> 0 | R35: =E35+F35+G35+H35+I35+J35+K35+L35+M35+N35+O35+P35 -> 121.31299 | S35: =R35-Q35 -> 121.31299
A36: 28 | B36: Stabilization Fund (0.5%) | E36: ='[2]Sum & FG'!$J31 -> 3.3768056 | F36: ='[3]Sum & FG'!$J32 -> 4.1922131 | G36: ='[4]Sum & FG'!$K31 -> 4.6118027 | H36: ='[5]Sum & FG'!$J31 -> 4.1371212 | I36: ='[6]Sum & FG'!$J31 -> 4.4586842 | J36: ='[7]Sum & FG'!$J32 -> 4.0821619 | K36: ='[8]Sum & FG'!$K33 -> 5.1849122 | L36: ='[9]Sum & FG'!$J33 -> 6.0112888 | M36: ='[10]Sum & FG'!$J34 -> 6.6843231 | N36: ='[11]Sum & FG'!$I29 -> 5.5208052 | O36: ='[12]Sum & FG'!$I30 -> 6.1757765 | P36: ='[13]Sum & FG'!$I29 -> 6.3433517 | Q36: =D36*12 -> 0 | R36: =E36+F36+G36+H36+I36+J36+K36+L36+M36+N36+O36+P36 -> 60.779246 | S36: =R36-Q36 -> 60.779246
A37: 29 | B37: Development of Natural Resources (1.68%) | E37: ='[2]Sum & FG'!$J32 -> 11.346067 | F37: ='[3]Sum & FG'!$J33 -> 14.085836 | G37: ='[4]Sum & FG'!$K32 -> 14.793516 | H37: ='[5]Sum & FG'!$J32 -> 13.900727 | I37: ='[6]Sum & FG'!$J32 -> 14.981179 | J37: ='[7]Sum & FG'!$J33 -> 13.716064 | K37: ='[8]Sum & FG'!$K34 -> 17.421305 | L37: ='[9]Sum & FG'!$J34 -> 20.19793 | M37: ='[10]Sum & FG'!$J35 -> 22.459326 | N37: ='[11]Sum & FG'!$I30 -> 18.549905 | O37: ='[12]Sum & FG'!$I31 -> 20.750609 | P37: ='[13]Sum & FG'!$I30 -> 21.313662 | Q37: =D37*12 -> 0 | R37: =E37+F37+G37+H37+I37+J37+K37+L37+M37+N37+O37+P37 -> 203.51613 | S37: =R37-Q37 -> 203.51613
A38: 30 | B38: FCT (1%) | E38: ='[2]Sum & FG'!$J33 -> 13.114427 | F38: ='[3]Sum & FG'!$J34 -> 15.777707 | G38: ='[4]Sum & FG'!$K33 -> 15.591046 | H38: ='[5]Sum & FG'!$J33 -> 14.461443 | I38: ='[6]Sum & FG'!$J33 -> 15.286753 | J38: ='[7]Sum & FG'!$J34 -> 15.358137 | K38: ='[8]Sum & FG'!$K35 -> 16.976543 | L38: ='[9]Sum & FG'!$J35 -> 18.80469 | M38: ='[10]Sum & FG'!$J36 -> 20.421047 | N38: ='[11]Sum & FG'!$I31 -> 19.684381 | O38: ='[12]Sum & FG'!$I32 -> 19.53329 | P38: ='[13]Sum & FG'!$I31 -> 17.941548 | Q38: =D38*12 -> 0 | R38: =E38+F38+G38+H38+I38+J38+K38+L38+M38+N38+O38+P38 -> 202.95101 | S38: =R38-Q38 -> 202.95101
A39: 31 | B39: Net Distribution | E39: =SUM(E31:E38) -> 1424.9199 | F39: =SUM(F31:F38) -> 1703.0548 | G39: =SUM(G31:G38) -> 1678.4531 | H39: =SUM(H31:H38) -> 1578.7556 | I39: =SUM(I31:I38) -> 1681.2287 | J39: =SUM(J31:J38) -> 1659.8901 | K39: =SUM(K31:K38) -> 1818.4124 | L39: =SUM(L31:L38) -> 2000.8283 | ... P39: =SUM(P31:P38) -> 1928.5103 | Q39: =D39*12 -> 0 | R39: =E39+F39+G39+H39+I39+J39+K39+L39+M39+N39+O39+P39 -> 21897.29 | S39: =R39-Q39 -> 21897.29
A40: 32 | B40: CHECK !!! | E40: =E29-E39 -> 0.0020525257 | F40: =F29-F39 -> 0.00016551463 | G40: =G29-G39 -> -0.0011121351 | H40: =H29-H39 -> 0.00044187985 | I40: =I29-I39 -> -0.0017417038 | J40: =J29-J39 -> 0.0009053942 | K40: =K29-K39 -> 0.00062718945 | L40: =L29-L39 -> 0.00065025429 | ... P40: =P29-P39 -> -0.0003492948
E41: =SUM(E35:E38) -> 34.590911 | F41: =SUM(F35:F38) -> 42.440183 | G41: =SUM(G35:G38) -> 43.974466 | H41: =SUM(H35:H38) -> 40.773534 | I41: =SUM(I35:I38) -> 43.643985 | J41: =SUM(J35:J38) -> 41.320687 | K41: =SUM(K35:K38) -> 49.952585 | L41: =SUM(L35:L38) -> 57.036486 | ... P41: =SUM(P35:P38) -> 58.285265
C45: Jan-Dec 2025 | D45: =SUM(E39:P39) -> 21897.29

Sheet 2024
A1: OFFICE OF THE ACCOUNTANT GENERAL OF THE FEDERATION
A2: FEDERATION ACCOUNT DEPARTMENT
A3: ANALYSIS OF MONTHLY FEDERATION ACCOUNT REVENUE PERFORMANCE AND DISTRIBUTION TO THREE TIERS OF GOVERNMENT FROM JANUARY TO DECEMBER, 2024
A5: S/N | B5: DESCRIPTION | C5: BUDGET | E5: JANUARY | F5: FEBRUARY | G5: MARCH | H5: APRIL | I5: MAY | J5: JUNE | K5: JULY | L5: AUGUST | M5: SEPT. | N5: OCT. | O5: NOV. | P5: DEC. | Q5: CUMMULATIVE
C6: ANNUAL | D6: MONTHLY | E6: GROSS INFLOW | F6: GROSS INFLOW | G6: GROSS INFLOW | H6: GROSS INFLOW | I6: GROSS INFLOW | J6: GROSS INFLOW | K6: GROSS INFLOW | L6: GROSS INFLOW | M6: GROSS INFLOW | N6: GROSS INFLOW | O6: GROSS INFLOW | P6: GROSS INFLOW | Q6: TOTAL BUDGET FOR 12 MONTHS | R6: TOTAL GROSS INFLOW (JANUARY TO DECEMBER) | S6: DIFF. B/W BUDGET AND NET INFLOW | T6: REVENUE PERFORMANCE
C7: =N= Billion | D7: =N= Billion | E7: =N= Billion | F7: =N= Billion | G7: =N= Billion | H7: =N= Billion | I7: =N= Billion | J7: =N= Billion | K7: =N= Billion | L7: =N= Billion | M7: =N= Billion | N7: =N= Billion | O7: =N= Billion | P7: =N= Billion | Q7: =N= Billion | R7: =N= Billion | S7: =N= Billion | T7: %
B8: SUMMARY BY ORGANISATION | C8: a | D8: b | E8: c | F8: d | G8: e | H8: f | I8: g | J8: h | K8: i | L8: j | M8: k | N8: l | O8: m | P8: n | Q8: o=(b*12) | R8: p=(c+d+e+f+g+h+i+j+k+l+m+n) | S8: q=r-q | T8: r=(p/o)*100%
A9: 1 | B9: OIL REVENUE
A10: 2 | B10: FIRS | C10: 11978.491 | D10: =C10/12 -> 998.20758 | E10: 118.988 | F10: 147.575 | G10: 763.118 | H10: 241.949 | I10: 304.341 | J10: 599.098 | K10: 370.805 | L10: 334.586 | M10: 338.554 | N10: 249.17 | O10: 440.853 | P10: 798.522 | Q10: =D10*12 -> 11978.491 | R10: =E10+F10+G10+H10+I10+J10+K10+L10+M10+N10+O10+P10 -> 4707.559 | S10: =R10-Q10 -> -7270.932 | T10: =R10/Q10*100% -> 0.393001
A11: 3 | B11: NNPCL | C11: 1464.377 | D11: =C11/12 -> 122.03142 | E11: 153.172 | F11: 115.646 | G11: 92.481 | H11: 111.26 | I11: 89.391 | J11: 5.522 | K11: 8.281 | L11: 8.48 | M11: 95.438 | N11: 46.897 | O11: 40.738 | P11: 0 | Q11: =D11*12 -> 1464.377 | R11: =E11+F11+G11+H11+I11+J11+K11+L11+M11+N11+O11+P11 -> 767.306 | S11: =R11-Q11 -> -697.071 | T11: =R11/Q11*100% -> 0.52398119
A12: 4 | B12: NUPRC | C12: 6553.464 | D12: =C12/12 -> 546.122 | E12: 233.805 | F12: 469.84 | G12: 487.412 | H12: 396.813 | I12: 628.851 | J12: 486.529 | K12: 402.572 | L12: 539.39 | M12: 379.075 | N12: 434.535 | O12: 604.472 | P12: 867.222 | Q12: =D12*12 -> 6553.464 | R12: =E12+F12+G12+H12+I12+J12+K12+L12+M12+N12+O12+P12 -> 5930.516 | S12: =R12-Q12 -> -622.948 | T12: =R12/Q12*100% -> 0.90494371
A13: 5 | B13: NLNG DIVIDEND | C13: 766.752 | D13: =C13/12 -> 63.896 | E13: 0 | F13: 0 | G13: 0 | H13: 0 | I13: 0 | J13: 0 | K13: 0 | L13: 0 | M13: 0 | N13: 0 | O13: 0 | P13: 0 | Q13: =D13*12 -> 766.752 | R13: =E13+F13+G13+H13+I13+J13+K13+L13+M13+N13+O13+P13 -> 0 | S13: =R13-Q13 -> -766.752 | T13: =R13/Q13*100% -> 0
A14: 6 | B14: SUB TOTAL OIL | C14: =SUM(C10:C13) -> 20763.084 | D14: =SUM(D10:D13) -> 1730.257 | E14: =SUM(E10:E13) -> 505.965 | F14: =SUM(F10:F13) -> 733.061 | G14: =SUM(G10:G13) -> 1343.011 | H14: =SUM(H10:H13) -> 750.022 | I14: =SUM(I10:I13) -> 1022.583 | J14: =SUM(J10:J13) -> 1091.149 | ... S14: =SUM(S10:S13) -> -9357.703 | T14: =R14/Q14*100% -> 0.54931055
A15: 7
A16: 8 | B16: NON OIL
A17: 9 | B17: FIRS Non Oil | C17: 3181.77 | D17: =C17/12 -> 265.1475 | E17: 451.464 | F17: 690.588 | G17: 252.399 | H17: 254.297 | I17: 363.68 | J17: 458.874 | K17: 859.195 | L17: 756.98 | M17: 602.539 | N17: 492.521 | O17: 562.469 | P17: 515.298 | Q17: =D17*12 -> 3181.77 | R17: =E17+F17+G17+H17+I17+J17+K17+L17+M17+N17+O17+P17 -> 6260.304 | S17: =R17-Q17 -> 3078.534 | T17: =R17/Q17*100% -> 1.9675539
A18: 10 | B18: VAT | C18: 3954.119 | D18: =C18/12 -> 329.50992 | E18: 492.506 | F18: 420.733 | G18: 460.488 | H18: 549.698 | I18: 500.92 | J18: 497.665 | K18: 562.686 | L18: 625.329 | M18: 573.341 | N18: 583.675 | O18: 668.291 | P18: 628.973 | Q18: =D18*12 -> 3954.119 | R18: =E18+F18+G18+H18+I18+J18+K18+L18+M18+N18+O18+P18 -> 6564.305 | S18: =R18-Q18 -> 2610.186 | T18: =R18/Q18*100% -> 1.6601182
A19: 11 | B19: EMTL | C19: 175.111 | D19: =C19/12 -> 14.592583 | E19: 18.599 | F19: 16.585 | G19: 15.788 | H19: 15.369 | I19: 18.775 | J19: 15.777 | K19: 16.346 | L19: 19.602 | M19: 15.643 | N19: 19.213 | O19: 17.824 | P19: 15.673 | Q19: =D19*12 -> 175.111 | R19: =E19+F19+G19+H19+I19+J19+K19+L19+M19+N19+O19+P19 -> 205.194 | S19: =R19-Q19 -> 30.083 | T19: =R19/Q19*100% -> 1.1717939
A20: 12 | B20: NCS | C20: 3422.046 | D20: =C20/12 -> 285.1705 | E20: 205.696 | F20: 207.188 | G20: 254.463 | H20: 298.421 | I20: 286.119 | J20: 261.327 | K20: 264.005 | L20: 315.777 | M20: 273.795 | N20: 282.798 | O20: 334.206 | P20: 317.428 | Q20: =D20*12 -> 3422.046 | R20: =E20+F20+G20+H20+I20+J20+K20+L20+M20+N20+O20+P20 -> 3301.223 | S20: =R20-Q20 -> -120.823 | T20: =R20/Q20*100% -> 0.96469276
A21: 13 | B21: SUB TOTAL NON OIL | C21: =SUM(C17:C20) -> 10733.046 | D21: =SUM(D17:D20) -> 894.4205 | E21: =SUM(E17:E20) -> 1168.265 | F21: =SUM(F17:F20) -> 1335.094 | G21: =SUM(G17:G20) -> 983.138 | H21: =SUM(H17:H20) -> 1117.785 | I21: =SUM(I17:I20) -> 1169.494 | J21: =SUM(J17:J20) -> 1233.643 | ... S21: =SUM(S17:S20) -> 5597.98 | T21: =R21/Q21*100% -> 1.5215649
A22: 14
A23: 15 | B23: TOTAL REVENUE | C23: =C14+C21 -> 31496.13 | D23: =D14+D21 -> 2624.6775 | E23: =E14+E21 -> 1674.23 | F23: =F14+F21 -> 2068.155 | G23: =G14+G21 -> 2326.149 | H23: =H14+H21 -> 1867.807 | I23: =I14+I21 -> 2192.077 | J23: =J14+J21 -> 2324.792 | ... S23: =S14+S21 -> -3759.723 | T23: =R23/Q23*100% -> 0.88062905
A24: 16 | B24: Add: Augmentation/Solid Minerals | E24: 0 | L24: 13.647 | N24: 150 | O24: 0 | Q24: =D24*12 -> 0 | R24: =E24+F24+G24+H24+I24+J24+K24+L24+M24+N24+O24+P24 -> 163.647 | S24: =R24-Q24 -> 163.647
A25: 17 | B25: AMOUNT AVAILABLE | E25: =E23+E24 -> 1674.23 | F25: =F23+F24 -> 2068.155 | G25: =G23+G24 -> 2326.149 | H25: =H23+H24 -> 1867.807 | I25: =I23+I24 -> 2192.077 | J25: =J23+J24 -> 2324.792 | K25: =K23+K24 -> 2483.89 | L25: =L23+L24 -> 2613.791 | ... P25: =P23+P24 -> 3143.116 | Q25: =D25*12 -> 0 | R25: =E25+F25+G25+H25+I25+J25+K25+L25+M25+N25+O25+P25 -> 27900.054 | S25: =R25-Q25 -> 27900.054
A26: 18 | B26: Less
A27: 19 | B27: Cost of collection | C27: =D27*12 -> 628.956 | D27: =10.606+19.962+21.845 -> 52.413 | E27: 62.254 | F27: 78.412 | G27: 66.456 | H27: 69.537 | I27: 80.517 | J27: 76.647 | K27: 92.112 | L27: 99.756 | M27: 81.975 | N27: 80.993 | O27: 97.517 | P27: 103.307 | Q27: =D27*12 -> 628.956 | R27: =E27+F27+G27+H27+I27+J27+K27+L27+M27+N27+O27+P27 -> 989.483 | S27: =R27-Q27 -> 360.527 | T27: =R27/Q27*100% -> 1.573215
A28: 20 | B28: Transfers, Intervention, Refunds and Savings | E28: 484.568 | F28: =639.926+200 -> 839.926 | G28: =856.937+250 -> 1106.937 | H28: 674.88 | I28: 903.479 | J28: 1104.935 | K28: 1037.407 | L28: 1155.96 | M28: 992.617 | N28: 878.946 | O28: 1159.595 | P28: 1312.317 | Q28: =D28*12 -> 0 | R28: =E28+F28+G28+H28+I28+J28+K28+L28+M28+N28+O28+P28 -> 11651.567 | S28: =R28-Q28 -> 11651.567
A29: 21 | B29: Net Revenue for Distribution | E29: =E25-E27-E28 -> 1127.408 | F29: =F25-F27-F28 -> 1149.817 | G29: =G25-G27-G28 -> 1152.756 | H29: =H25-H27-H28 -> 1123.39 | I29: =I25-I27-I28 -> 1208.081 | J29: =J25-J27-J28 -> 1143.21 | K29: =K25-K27-K28 -> 1354.371 | L29: =L25-L27-L28 -> 1358.075 | ... P29: =P25-P27-P28 -> 1727.492 | Q29: =D29*12 -> 0 | R29: =E29+F29+G29+H29+I29+J29+K29+L29+M29+N29+O29+P29 -> 15259.004 | S29: =R29-Q29 -> 15259.004
A30: 22 | B30: Distributed as follows
A31: 23 | B31: FGN (48.50%, 14%) | E31: ='[14]Sum & FG'!$J$29 -> 354.31951 | F31: ='[15]Sum & FG'!$J$28 -> 375.7278 | G31: ='[16]Sum & FG'!$J$31 -> 325.29108 | H31: ='[17]Sum & FG'!$J$28 -> 319.44595 | I31: ='[18]Sum & FG'!$J$30 -> 360.3552 | J31: ='[19]Sum & FG'!$J$32 -> 337.69625 | K31: ='[20]Sum & FG'!$K$29 -> 424.32014 | L31: ='[21]Sum & FG'!$K$30 -> 398.01763 | M31: ='[22]Sum & FG'!$J$29 -> 346.22021 | N31: ='[23]Sum & FG'!$K$30 -> 392.22332 | O31: ='[24]Sum & FG'!$K$29 -> 399.87818 | P31: ='[25]Sum & FG'!$J$29 -> 536.83049 | Q31: =D31*12 -> 0 | R31: =E31+F31+G31+H31+I31+J31+K31+L31+M31+N31+O31+P31 -> 4570.3258 | S31: =R31-Q31 -> 4570.3258
A32: 24 | B32: States (26.72%, 50%) | E32: ='[14]Sum & FG'!$H8 -> 396.69215 | F32: ='[15]Sum & FG'!$H8 -> 379.40674 | G32: ='[16]Sum & FG'!$H8 -> 366.95055 | H32: ='[17]Sum & FG'!$H8 -> 398.6893 | I32: ='[18]Sum & FG'!$H8 -> 403.40223 | J32: ='[19]Sum & FG'!$H8 -> 388.41983 | K32: ='[20]Sum & FG'!$I8 -> 461.97804 | L32: ='[21]Sum & FG'!$I8 -> 473.47657 | M32: ='[22]Sum & FG'!$H8 -> 422.86097 | N32: ='[23]Sum & FG'!$I8 -> 453.72398 | O32: ='[24]Sum & FG'!$I8 -> 490.69703 | P32: ='[25]Sum & FG'!$H8 -> 549.79217 | Q32: =D32*12 -> 0 | R32: =E32+F32+G32+H32+I32+J32+K32+L32+M32+N32+O32+P32 -> 5186.0896 | S32: =R32-Q32 -> 5186.0896
A33: 25 | B33: LGCs (20.60%, 35%) | E33: ='[14]Sum & FG'!$H9 -> 288.92809 | F33: ='[15]Sum & FG'!$H9 -> 278.04158 | G33: ='[16]Sum & FG'!$H9 -> 267.15211 | H33: ='[17]Sum & FG'!$H9 -> 288.68828 | I33: ='[18]Sum & FG'!$H9 -> 293.81729 | J33: ='[19]Sum & FG'!$H9 -> 282.47615 | K33: ='[20]Sum & FG'!$I9 -> 337.0189 | L33: ='[21]Sum & FG'!$I9 -> 343.70327 | M33: ='[22]Sum & FG'!$H9 -> 306.5332 | N33: ='[23]Sum & FG'!$I9 -> 329.86427 | O33: ='[24]Sum & FG'!$I9 -> 355.62072 | P33: ='[25]Sum & FG'!$H9 -> 402.55285 | Q33: =D33*12 -> 0 | R33: =E33+F33+G33+H33+I33+J33+K33+L33+M33+N33+O33+P33 -> 3774.3967 | S33: =R33-Q33 -> 3774.3967
A34: 26 | B34: 13% Derivation Fund | E34: ='[14]Sum & FG'!$H10 -> 57.915346 | F34: ='[15]Sum & FG'!$H10 -> 85.100883 | G34: ='[16]Sum & FG'!$H10 -> 166.24408 | H34: ='[17]Sum & FG'!$H10 -> 90.124129 | I34: ='[18]Sum & FG'!$H10 -> 120.45021 | J34: ='[19]Sum & FG'!$H10 -> 106.50234 | K34: ='[20]Sum & FG'!$I10 -> 95.597861 | L34: ='[21]Sum & FG'!$I10 -> 109.81637 | M34: ='[22]Sum & FG'!$H10 -> 99.473785 | N34: ='[23]Sum & FG'!$I10 -> 90.415224 | O34: ='[24]Sum & FG'!$I10 -> 132.40346 | P34: ='[25]Sum & FG'!$H10 -> 193.29084 | Q34: =D34*12 -> 0 | R34: =E34+F34+G34+H34+I34+J34+K34+L34+M34+N34+O34+P34 -> 1347.3345 | S34: =R34-Q34 -> 1347.3345
A35: 27 | B35: Ecology Fund (1%) | E35: ='[14]Sum & FG'!$J30 -> 5.9301608 | F35: ='[15]Sum & FG'!$J29 -> 6.5700737 | G35: ='[16]Sum & FG'!$J32 -> 5.4254902 | H35: ='[17]Sum & FG'!$J29 -> 5.0663346 | I35: ='[18]Sum & FG'!$J31 -> 6.0315025 | J35: ='[19]Sum & FG'!$J33 -> 5.5813658 | K35: ='[20]Sum & FG'!$K30 -> 7.1910725 | L35: ='[21]Sum & FG'!$K31 -> 6.4713444 | M35: ='[22]Sum & FG'!$J30 -> 5.5540719 | N35: ='[23]Sum & FG'!$K31 -> 6.4649183 | O35: ='[24]Sum & FG'!$K30 -> 6.3991528 | P35: ='[25]Sum & FG'!$J30 -> 9.3345591 | Q35: =D35*12 -> 0 | R35: =E35+F35+G35+H35+I35+J35+K35+L35+M35+N35+O35+P35 -> 76.020047 | S35: =R35-Q35 -> 76.020047
A36: 28 | B36: Stabilization Fund (0.5%) | E36: ='[14]Sum & FG'!$J31 -> 2.9650804 | F36: ='[15]Sum & FG'!$J30 -> 3.2850368 | G36: ='[16]Sum & FG'!$J33 -> 2.7127451 | H36: ='[17]Sum & FG'!$J30 -> 2.5331673 | I36: ='[18]Sum & FG'!$J32 -> 3.0157512 | J36: ='[19]Sum & FG'!$J34 -> 2.7906829 | K36: ='[20]Sum & FG'!$K31 -> 3.5955363 | L36: ='[21]Sum & FG'!$K32 -> 3.2356722 | M36: ='[22]Sum & FG'!$J31 -> 2.7770359 | N36: ='[23]Sum & FG'!$K32 -> 3.2324592 | O36: ='[24]Sum & FG'!$K31 -> 3.1995764 | P36: ='[25]Sum & FG'!$J31 -> 4.6672796 | Q36: =D36*12 -> 0 | R36: =E36+F36+G36+H36+I36+J36+K36+L36+M36+N36+O36+P36 -> 38.010023 | S36: =R36-Q36 -> 38.010023
A37: 29 | B37: Development of Natural Resources (1.68%) | E37: ='[14]Sum & FG'!$J32 -> 9.9626701 | F37: ='[15]Sum & FG'!$J31 -> 11.037724 | G37: ='[16]Sum & FG'!$J34 -> 9.1148236 | H37: ='[17]Sum & FG'!$J31 -> 8.5114422 | I37: ='[18]Sum & FG'!$J33 -> 10.132924 | J37: ='[19]Sum & FG'!$J35 -> 9.3766945 | K37: ='[20]Sum & FG'!$K32 -> 12.081002 | L37: ='[21]Sum & FG'!$K33 -> 10.871859 | M37: ='[22]Sum & FG'!$J32 -> 9.3308407 | N37: ='[23]Sum & FG'!$K33 -> 10.861063 | O37: ='[24]Sum & FG'!$K32 -> 10.750577 | P37: ='[25]Sum & FG'!$J32 -> 15.682059 | Q37: =D37*12 -> 0 | R37: =E37+F37+G37+H37+I37+J37+K37+L37+M37+N37+O37+P37 -> 127.71368 | S37: =R37-Q37 -> 127.71368
A38: 30 | B38: FCT (1%) | E38: ='[14]Sum & FG'!$J33 -> 10.694926 | F38: ='[15]Sum & FG'!$J32 -> 10.647161 | G38: ='[16]Sum & FG'!$J35 -> 9.8651192 | H38: ='[17]Sum & FG'!$J32 -> 10.332671 | I38: ='[18]Sum & FG'!$J34 -> 10.876312 | J38: ='[19]Sum & FG'!$J36 -> 10.36708 | K38: ='[20]Sum & FG'!$K33 -> 12.587724 | L38: ='[21]Sum & FG'!$K34 -> 12.482589 | M38: ='[22]Sum & FG'!$J33 -> 11.043195 | N38: ='[23]Sum & FG'!$K34 -> 12.084546 | O38: ='[24]Sum & FG'!$K33 -> 12.793386 | P38: ='[25]Sum & FG'!$J33 -> 15.342014 | Q38: =D38*12 -> 0 | R38: =E38+F38+G38+H38+I38+J38+K38+L38+M38+N38+O38+P38 -> 139.11672 | S38: =R38-Q38 -> 139.11672
A39: 31 | B39: Net Distribution Revenue | E39: =SUM(E31:E38) -> 1127.4079 | F39: =SUM(F31:F38) -> 1149.817 | G39: =SUM(G31:G38) -> 1152.756 | H39: =SUM(H31:H38) -> 1123.3913 | I39: =SUM(I31:I38) -> 1208.0814 | J39: =SUM(J31:J38) -> 1143.2104 | K39: =SUM(K31:K38) -> 1354.3703 | L39: =SUM(L31:L38) -> 1358.0753 | ... P39: =SUM(P31:P38) -> 1727.4923 | Q39: =D39*12 -> 0 | R39: =E39+F39+G39+H39+I39+J39+K39+L39+M39+N39+O39+P39 -> 15259.007 | S39: =R39-Q39 -> 15259.007
